Workbook

Sheet СОД
A1: столбцы не трогать!
D3: Содержание модели
D6: Код | E6: Наименование | F6: Описание | G6: Ссылка
D7: 1 | E7: 2 | F7: 3 | G7: 4
D8: ГЛОССАРИЙ | E8: Список сокращений | F8: Список используемых сокращений | G8: ГЛОССАРИЙ!
D9: 10101 | E9: Регистр "Доходы в виде процентов по долговым обязательствам (кроме доходов в виде процентов: по договорам займа ценных бумаг, по ценным бумагам и на депо премий по рискам, принятым в перестрахование)" | F9: Надстроечный регистр с указанием конкретных граф, их типов, взаимосвязи | G9: регистр 10101
D10: 10102 | E10: Регистр "Расходы в виде процентов по долговым обязательствам (кроме расходов в виде процентов: по договорам займа ценных бумаг, по ценным бумагам и на депо премий по рискам, принятым в перестрахование)" | F10: Надстроечный регистр с указанием конкретных граф, их типов, взаимосвязи | G10: регистр 10102
D11: 10103 | E11: Регистр "Размер контролируемой задолженности" | F11: Надстроечный регистр с указанием конкретных граф, их типов, взаимосвязи | G11: регистр 10103
D12: 10104 | E12: Регистр "Расходы в виде процентов по контролируемой задолженности" | F12: Надстроечный регистр с указанием конкретных граф, их типов, взаимосвязи | G12: регистр 10104
D13: 10109 | E13: Регистр "Тест по наличию оснований для контроля корректности определения предельного размера процентов, подлежащих включению в состав расходов по контролируемой задолженности" | F13: Надстроечный регистр с указанием конкретных граф, их типов, взаимосвязи | G13: регистр 10109
D14: 10110 | E14: Регистр "Расчет интервалов предельных значений процентных ставок по контролируемым сделкам" | F14: Надстроечный регистр с указанием конкретных граф, их типов, взаимосвязи | G14: регистр 10110
D15: 10111 | E15: Регистр "Исчисление и удержание налоговым агентом суммы налога с процентных доходов иностранной организации, в том числе приравненных к дивидендам по контролируемой задолженности" | F15: Надстроечный регистр с указанием конкретных граф, их типов, взаимосвязи | G15: регистр 10111
D16: СТР_НО | E16: Общая структура регистров | F16: Общая структура регистров, формируемых как налогоплательщиками, так и формируемых на стороне налоговых органов и взаимосвязь между регистрами | G16: СТР_НО!

Sheet ГЛОССАРИЙ
A1: столбцы не трогать!
D3: Список сокращений
D6: №п/п | E6: Сокращенное наименование | F6: Полное наименование
D7: 1 | E7: 2 | F7: 3
D8: 1 | E8: ВЗЛ | F8: Взаимозависимое лицо
D9: 2 | E9: ДО | F9: Долговые обязательства
D10: 3 | E10: КЗ | F10: Контролируемая задолженность
D11: 4 | E11: КНД | F11: Код налогового документа
D12: 5 | E12: КС | F12: Контролируемая сделка
D13: 6 | E13: НК РФ | F13: Налоговый кодекс Российской Федерации
D14: 7 | E14: ОКВ | F14: Общероссийский классификатор валют
D15: 8 | E15: ОКСМ | F15: Общероссийский классификатор стран мира
D16: 9 | E16: ЦБ РФ | F16: Центральный Банк Российской Федерации
D17: 10 | E17: СОИДН | F17: Соглашение об избежании двойного налогообложения

Sheet 10109
A1: содержание модели
A2: столбцы/строки с серой заливкой не трогать!
A3: Заголовочная часть регистра
A4: KODRR | B4: NUMCC | C4: KODCR | D4: NAIMCR | F4: TYPECR | G4: NAIMSPR | H4: KODSPR | I4: PNK, STNK | J4: ALG01
A5: Раздел регистра (1 - заголовочная часть, 2 - табличная часть) | B5: Номер графы регистра | C5: Код графы регистра | D5: Наименование графы регистра | F5: Тип графы | G5: Наименование справочника | H5: Код справочника | I5: текстовый формат (для пояснений) | J5: Формула условий переноса данных из других регистров
A6: 1 | B6: 01 | C6: 10109101 | D6: ИНН / Регистрационный номер в стране регистрации организации | F6: типовой элемент <ИННЮЛТип>
A7: 1 | B7: 02 | C7: 10109102 | D7: Наименование организации | F7: строка
A8: 1 | B8: 03 | C8: 10109103 | D8: Статус организации (1 - Банк или организация, занимающаяся лизинговой деятельностью; 2 - МХК, удовлетворяющая условиям применения пониженной ставки; 3 - прочая организация, в т.ч. прочая МХК) | F8: число (0) | I8: п. 3 ст. 269 НК РФ п. 4 ст 269 НК РФ пп. 5 п. 4 ст. 284 НК РФ
A9: 1 | B9: 04 | C9: 10109104 | D9: Код налога | E9: 12504 | F9: справочник | G9: Ведомственный Справочник ФНС России – перечень налогов, сборов, страховых взносов (Справочник СПНС), порядок ведения которого утвержден Приказом ФНС России от 18.04.2023 № ЕД-7-23/254@ | H9: 0000008
A10: 1 | B10: 05 | C10: 10109105 | D10: Наименование налога, сбора, страховых взносов | E10: Налог на прибыль | F10: справочник | G10: Ведомственный Справочник ФНС России – перечень налогов, сборов, страховых взносов (Справочник СПНС), порядок ведения которого утвержден Приказом ФНС России от 18.04.2023 № ЕД-7-23/254@ | H10: 0000008
A11: 1 | B11: 06 | C11: 10109106 | D11: Код отчетного (налогового) периода | F11: справочник | G11: Коды, определяющие отчетный (налоговый) период, установленные в Приложении N 1 к Порядку заполнения налоговой декларации по налогу на прибыль организаций, утвержденному приказом ФНС России от 02.10.2024 N ЕД-7-3/830@ | H11: 0000003
A12: 1 | B12: 07 | C12: 10109107 | D12: Отчетный год | F12: дата (ГГГГ)
A13: 1 | B13: 08 | C13: 10109108 | D13: Код регистра | E13: 10109 | F13: справочник
A14: 1 | B14: 09 | C14: 10109109 | D14: Наименование регистра | E14: Тест по наличию оснований для контроля корректности определения предельного размера процентов, подлежащих включению в состав расходов по контролируемой задолженности | F14: справочник
A15: 1 | B15: 10 | C15: 10109110 | D15: Номер корректировки | F15: число (0)
A16: 1 | B16: 11 | C16: 10109111 | D16: Регистрационный номер декларации | F16: число (0)
A18: Табличная часть регистра
A19: Элементы сервиса
A20: SREG05 | B20: VARNAME | C20: Сервис | D20: TaxReg10102Info | E20: TaxReg10102Info | F20: TaxReg10102Info | G20: TaxReg10102Info | H20: TaxReg10102Info | I20: TaxReg10102Info | J20: TaxReg10102Info | K20: TaxReg10102Info | L20: TaxReg10102Info
A21: SREG05 | B21: VARNAME | C21: Элемент | D21: TaxReg10102InfoBody | E21: TaxReg10102InfoBody | F21: TaxReg10102InfoBody | G21: TaxReg10102InfoBody | H21: TaxReg10102InfoBody | I21: TaxReg10102InfoBody | J21: TaxReg10102InfoBody | K21: TaxReg10102InfoBody | L21: TaxReg10102InfoBody
A22: SREG05 | B22: VARNAME | C22: Элемент | D22: RegisterRecord10109 | E22: RegisterRecord10109 | F22: RegisterRecord10109 | G22: RegisterRecord10109 | H22: RegisterRecord10109 | I22: RegisterRecord10109 | J22: RegisterRecord10109 | K22: RegisterRecord10109 | L22: RegisterRecord10109
A23: SREG05 | B23: SERVDESCR | C23: Описание | D23: Информация о записях регистра 10109. | E23: Информация о записях регистра 10109. | F23: Информация о записях регистра 10109. | G23: Информация о записях регистра 10109. | H23: Информация о записях регистра 10109. | I23: Информация о записях регистра 10109. | J23: Информация о записях регистра 10109. | K23: Информация о записях регистра 10109. | L23: Информация о записях регистра 10109.
A24: - | B24: - | C24: Признак обязательности элемента | D24: ОМ | E24: ОМ | F24: ОМ | G24: ОМ | H24: ОМ | I24: ОМ | J24: ОМ | K24: ОМ | L24: ОМ
A25: - | B25: - | C25: Размерность элемента
A26: SREG05 | B26: VARNAME | C26: Элемент | D26: RecordId | E26: RecordDate | F26: SumAllDebtObligationsRUB | G26: EquityInfo | H26: EquityInfo | I26: EquityInfo | J26: EquityInfo | K26: SumRatioInfo | L26: SumRatioInfo
A27: SREG05 | B27: SERVDESCR | C27: Описание | D27: Идентификатор записи в системе налогоплательщика. Идентификатор должен быть уникальным по каждой записи. | E27: Дата записи в системе налогоплательщика. | F27: Сумма всех долговых обязательств на последнее число отчетного (налогового) периода, в рублях | G27: Сведения о собственном капитале. | H27: Сведения о собственном капитале. | I27: Сведения о собственном капитале. | J27: Сведения о собственном капитале. | K27: Сведения об отношении сумм. | L27: Сведения об отношении сумм.
A28: - | B28: - | C28: Признак обязательности элемента | D28: О | E28: О | F28: О | G28: О | H28: О | I28: О | J28: О | K28: О | L28: О
A29: - | B29: - | C29: Размерность элемента | D29: (=36) | F29: (17.2)
A30: SREG05 | B30: VARNAME | C30: Элемент | D30: 0 | E30: 0 | F30: 0 | G30: SumAssetRUB | H30: SumObligationRUB | I30: SumTaxDebtRUB | J30: ShareholdersEquityRUB | K30: SumDebtEquityRatioRUB | L30: ReasonRequestData
A31: SREG05 | B31: SERVDESCR | C31: Описание | D31: #N/A | E31: #N/A | F31: #N/A | G31: Сумма активов на последнее число отчетного (налогового) периода, в рублях | H31: Сумма обязательств на последнее число отчетного (налогового) периода, в рублях | I31: Сумма задолженности по налогам и сборам на последнее число отчетного (налогового) периода, в рублях | J31: Собственный капитал на последнее число отчетного (налогового) периода, в рублях | K31: Отношение суммы всех долговых обязательств к собственному капиталу на последнее число отчетного (налогового) периода, в рублях Элемент обязателен для <ShareholdersEquityRUB> > 0 | L31: Имеются основания для запроса данных для контроля корректности определения предельного размера процентов, подлежащих включению в состав расходов по контролируемой задолженности. Принимает значение: 1 – да | 2 – нет
A32: - | B32: - | C32: Признак обязательности элемента | D32: #N/A | E32: #N/A | F32: #N/A | G32: О | H32: О | I32: О | J32: О | K32: НУ | L32: ОК
A33: - | B33: - | C33: Размерность элемента | D33: #N/A | E33: #N/A | F33: #N/A | G33: (17.2) | H33: (17.2) | I33: (17.2) | J33: (17.2) | K33: (17.2) | L33: (=1), значения:1|2
A34: SREG05 | B34: VARNAME | C34: Элемент | D34: 0 | E34: 0 | F34: 0 | G34: 0 | H34: 0 | I34: 0 | J34: 0 | K34: 0 | L34: 0
A35: SREG05 | B35: SERVDESCR | C35: Описание | D35: #N/A | E35: #N/A | F35: #N/A | G35: #N/A | H35: #N/A | I35: #N/A | J35: #N/A | K35: #N/A | L35: #N/A
A36: - | B36: - | C36: Признак обязательности элемента | D36: #N/A | E36: #N/A | F36: #N/A | G36: #N/A | H36: #N/A | I36: #N/A | J36: #N/A | K36: #N/A | L36: #N/A
A37: - | B37: - | C37: Размерность элемента | D37: #N/A | E37: #N/A | F37: #N/A | G37: #N/A | H37: #N/A | I37: #N/A | J37: #N/A | K37: #N/A | L37: #N/A
A38: SREG05 | B38: VariableType | C38: Тип элемента
A39: Элементы справочника регистров
A40: SREG05 | B40: KODRR | C40: Раздел регистра (1 - заголовочная часть, 2 - табличная часть) | D40: 2 | E40: 2 | F40: 2 | G40: 2 | H40: 2 | I40: 2 | J40: 2 | K40: 2 | L40: 2
A41: SREG05 | B41: NAIMCR | C41: Наименование графы регистра | D41: Идентификатор записи | E41: Дата записи | F41: Сумма всех долговых обязательств на последнее число отчетного (налогового) периода, в рублях | G41: Сумма активов на последнее число отчетного (налогового) периода, в рублях | H41: Сумма обязательств на последнее число отчетного (налогового) периода, в рублях | I41: Сумма задолженности по налогам и сборам на последнее число отчетного (налогового) периода, в рублях | J41: Собственный капитал на последнее число отчетного (налогового) периода, в рублях | K41: Отношение суммы всех долговых обязательств к собственному капиталу на последнее число отчетного (налогового) периода, в рублях | L41: Имеются основания для запроса данных для контроля корректности определения предельного размера процентов, подлежащих включению в состав расходов по контролируемой задолженности (1 - да, 2 - нет)
A42: SREG05 | B42: NUMCC | C42: Номер графы регистра | D42: 01 | E42: 02 | F42: 03 | G42: 04 | H42: 05 | I42: 06 | J42: 07 | K42: 08 | L42: 09
A43: SREG05 | B43: KODCR | C43: Код графы регистра | D43: 10109201 | E43: 10109202 | F43: 10109203 | G43: 10109204 | H43: 10109205 | I43: 10109206 | J43: 10109207 | K43: 10109208 | L43: 10109209
A44: SREG05 | B44: TYPECR | C44: Тип графы | D44: строка | E44: дата (ДД.ММ.ГГГГ) | F44: число (0,00) | G44: число (0,00) | H44: число (0,00) | I44: число (0,00) | J44: число (0,00) | K44: число (0,00) | L44: число (0)
A45: SREG06 | B45: NAIMSPR | C45: Наименование справочника
A46: SREG06 | B46: KODSPR | C46: Код справочника
A47: Графы регистров и статьи НК РФ
A48: SREG09 | B48: PNK, STNK | C48: текстовый формат (для пояснений) | G48: п. 3 ст. 269 НК РФ | H48: п. 3 ст. 269 НК РФ | I48: абз. 3 п. 4 ст. 269 НК РФ | J48: п. 3 ст. 269 НК РФ
A49: Алгоритмы граф регистров
A50: SREG10 | B50: ALG01 | C50: Формула условий переноса данных из других регистров
A51: SREG10 | B51: ALG02 | C51: Формула условий заполнения графы | K51: ="Заполняется, если гр"&J43&" > 0" -> Заполняется, если гр10109207 > 0
A52: SREG10 | B52: ALG03 | C52: Формула контрольного соотношения | J52: ="гр"&J43&" = гр"&G43&" - (гр"&H43&" - гр"&I43&")" -> гр10109207 = гр10109204 - (гр10109205 - гр10109206) | K52: ="Если (гр"&J43&" > 0), то гр"&K43&" = гр"&F43&" / гр"&J43&"" -> Если (гр10109207 > 0), то гр10109208 = гр10109203 / гр10109207 | L52: ="Если гр"&C8&" = 1 и (гр"&K43&" = ПУСТО или гр"&K43&" > 12,5), то гр"&L43&" = 1, Если гр"&C8&" = 1 и (гр"&K43&" ≤ 12,5), то гр"&L43&" = 2, Если гр"&C8&" = 2 или 3 и (гр"&K43&" = ПУСТО или гр"&K43&" > 3), то гр"&L43&" = 1, Если гр"&C8&" = 2 или 3 и (гр"&K43&" ≤ 3), то гр"&L43&" = 2" -> Если гр10109103 = 1 и (гр10109208 = ПУСТО или гр10109208 > 12,5), то гр10109209 = 1, Если гр10109103 = 1 и (гр10109208 ≤ 12,5), то гр10109209 = 2, Если гр10109103 = 2 или 3 и (гр10109208 = ПУСТО или гр10109208 > 3), то гр10109209 = 1, Если гр10109103 = 2 или 3 и (гр10109208 ≤ 3), то гр10109209 = 2
A53: SREG10 | B53: ALG03T | C53: Описание контрольного соотношения | J53: Собственный капитал на последнее число отчетного (налогового) периода в рублях равен разнице Суммы активов на последнее число отчетного (налогового) периода в рублях и Суммы обязательств на последнее число отчетного (налогового) периода, в рублях за минусом Суммы задолженности по налогам и сборам на последнее число отчетного (налогового) периода в рублях. | K53: Если собственный капитал на последнее число отчетного (налогового) периода в рублях больше 0, то отношение суммы всех долговых обязательств к собственному капиталу на последнее число отчетного (налогового) периода в рублях равно сумме всех долговых обязательств на последнее число отчетного (налогового) периода в рублях, деленной на собственный капитала на последнее число отчетного (налогового) периода в рублях. | L53: Если организация является банком или организацией, занимающейся лизинговой деятельностью и отношение суммы всех долговых обязательств к собственному капиталу на последнее число отчетного (налогового) периода в рублях не заполнено или отношение суммы всех долговых обязательств к собственному капиталу на последнее число отчетного (налогового) периода в рублях больше 12,5, то имеются основания для запроса данных для контроля корректности определения предельного размера процентов, подлежащих включению в состав расходов по контролируемой задолженности, Если организация является банком или организацией, занимающейся лизинговой деятельностью и отношение суммы всех долговых обязательств к собственному капиталу на последнее число отчетного (налогового) периода в рублях меньше 12,5, то отсутствуют основания для запроса данных для контроля корректности определения предельного размера процентов, подлежащих включению в состав расходов по контролируемой задолженности, Если организация не является банком или организацией, занимающейся лизинговой деятельностью и отношение суммы всех долговых обязательств к собственному капиталу на последнее число отчетного (налогового) периода в рублях не заполнено или отношение суммы всех долговых обязательств к собственному капиталу на последнее число отчетного (налогового) периода в рублях больше 3, то имеются основания для запроса данных для контроля корректности определения предельного размера процентов, подлежащих включению в состав расходов по контролируемой задолженности, Если организация не является банком или организацией, занимающейся лизинговой деятельностью и отношение суммы всех долговых обязательств к собственному капиталу на последнее число отчетного (налогового) периода в рублях меньше 3, то отсутствуют основания для запроса данных для контроля корректности определения предельного размера процентов, подлежащих включению в состав расходов по контролируемой задолженности.
A54: SREG10 | B54: KND | C54: Формула соответствия регистра и налоговой декларации

Sheet 10101
A1: содержание модели
A2: столбцы/строки с серой заливкой не трогать!
A3: Заголовочная часть регистра
A4: KODRR | B4: NUMCC | C4: KODCR | D4: NAIMCR | F4: TYPECR | G4: NAIMSPR | H4: KODSPR | I4: PNK, STNK | J4: ALG01
A5: Раздел регистра (1 - заголовочная часть, 2 - табличная часть) | B5: Номер графы регистра | C5: Код графы регистра | D5: Наименование графы регистра | F5: Тип графы | G5: Наименование справочника | H5: Код справочника | I5: текстовый формат (для пояснений) | J5: Формула условий переноса данных из других регистров
A6: 1 | B6: 01 | C6: 10101101 | D6: ИНН / Регистрационный номер в стране регистрации организации | F6: типовой элемент <ИННЮЛТип>
A7: 1 | B7: 02 | C7: 10101102 | D7: Наименование организации | F7: строка
A8: 1 | B8: 03 | C8: 10101103 | D8: Статус организации (1 - Банк или организация, занимающаяся лизинговой деятельностью; 2 - МХК, удовлетворяющая условиям применения пониженной ставки; 3 - прочая организация, в т.ч. прочая МХК) | F8: число (0) | I8: п. 3 ст. 269 НК РФ п. 4 ст 269 НК РФ пп. 5 п. 4 ст. 284 НК РФ
A9: 1 | B9: 04 | C9: 10101104 | D9: Код налога | E9: 012501 | F9: справочник | G9: Ведомственный Справочник ФНС России – перечень налогов, сборов, страховых взносов (Справочник СПНС), порядок ведения которого утвержден Приказом ФНС России от 18.04.2023 № ЕД-7-23/254@ | H9: 0000008
A10: 1 | B10: 05 | C10: 10101105 | D10: Наименование налога, сбора, страховых взносов | E10: Налог на прибыль | F10: справочник | G10: Ведомственный Справочник ФНС России – перечень налогов, сборов, страховых взносов (Справочник СПНС), порядок ведения которого утвержден Приказом ФНС России от 18.04.2023 № ЕД-7-23/254@ | H10: 0000008
A11: 1 | B11: 06 | C11: 10101106 | D11: Код отчетного (налогового) периода | F11: справочник | G11: Коды, определяющие отчетный (налоговый) период, установленные в Приложении N 1 к Порядку заполнения налоговой декларации по налогу на прибыль организаций, утвержденному приказом ФНС России от 02.10.2024 N ЕД-7-3/830@ | H11: 0000003
A12: 1 | B12: 07 | C12: 10101107 | D12: Отчетный год | F12: дата (ГГГГ)
A13: 1 | B13: 08 | C13: 10101108 | D13: Код регистра | E13: 10101 | F13: справочник
A14: 1 | B14: 09 | C14: 10101109 | D14: Наименование регистра | E14: Доходы в виде процентов по долговым обязательствам (кроме доходов в виде процентов: по договорам займа ценных бумаг, по ценным бумагам и на депо премий по рискам, принятым в перестрахование) | F14: справочник
A15: 1 | B15: 10 | C15: 10101110 | D15: Номер корректировки | F15: число (0)
A16: 1 | B16: 11 | C16: 10101111 | D16: Регистрационный номер декларации | F16: число (0)
A18: Табличная часть регистра
A19: Элементы сервиса
A20: SREG05 | B20: VARNAME | C20: Сервис | D20: TaxReg10101Info | E20: TaxReg10101Info | F20: TaxReg10101Info | G20: TaxReg10101Info | H20: TaxReg10101Info | I20: TaxReg10101Info | J20: TaxReg10101Info | K20: TaxReg10101Info | L20: TaxReg10101Info | M20: TaxReg10101Info | N20: TaxReg10101Info | O20: TaxReg10101Info | P20: TaxReg10101Info | Q20: TaxReg10101Info | R20: TaxReg10101Info | S20: TaxReg10101Info | T20: TaxReg10101Info | U20: TaxReg10101Info | V20: TaxReg10101Info | W20: TaxReg10101Info | X20: TaxReg10101Info | Y20: TaxReg10101Info | Z20: TaxReg10101Info | AA20: TaxReg10101Info | AB20: TaxReg10101Info | AC20: TaxReg10101Info | AD20: TaxReg10101Info | AE20: TaxReg10101Info | AF20: TaxReg10101Info
A21: SREG05 | B21: VARNAME | C21: Элемент | D21: TaxReg10101InfoBody | E21: TaxReg10101InfoBody | F21: TaxReg10101InfoBody | G21: TaxReg10101InfoBody | H21: TaxReg10101InfoBody | I21: TaxReg10101InfoBody | J21: TaxReg10101InfoBody | K21: TaxReg10101InfoBody | L21: TaxReg10101InfoBody | M21: TaxReg10101InfoBody | N21: TaxReg10101InfoBody | O21: TaxReg10101InfoBody | P21: TaxReg10101InfoBody | Q21: TaxReg10101InfoBody | R21: TaxReg10101InfoBody | S21: TaxReg10101InfoBody | T21: TaxReg10101InfoBody | U21: TaxReg10101InfoBody | V21: TaxReg10101InfoBody | W21: TaxReg10101InfoBody | X21: TaxReg10101InfoBody | Y21: TaxReg10101InfoBody | Z21: TaxReg10101InfoBody | AA21: TaxReg10101InfoBody | AB21: TaxReg10101InfoBody | AC21: TaxReg10101InfoBody | AD21: TaxReg10101InfoBody | AE21: TaxReg10101InfoBody | AF21: TaxReg10101InfoBody
A22: SREG05 | B22: VARNAME | C22: Элемент | D22: RegisterRecord | E22: RegisterRecord | F22: RegisterRecord | G22: RegisterRecord | H22: RegisterRecord | I22: RegisterRecord | J22: RegisterRecord | K22: RegisterRecord | L22: RegisterRecord | M22: RegisterRecord | N22: RegisterRecord | O22: RegisterRecord | P22: RegisterRecord | Q22: RegisterRecord | R22: RegisterRecord | S22: RegisterRecord | T22: RegisterRecord | U22: RegisterRecord | V22: RegisterRecord | W22: RegisterRecord | X22: RegisterRecord | Y22: RegisterRecord | Z22: RegisterRecord | AA22: RegisterRecord | AB22: RegisterRecord | AC22: RegisterRecord | AD22: RegisterRecord | AE22: RegisterRecord | AF22: RegisterRecord
A23: SREG05 | B23: SERVDESCR | C23: Описание | D23: Информация о записях регистра. | E23: Информация о записях регистра. | F23: Информация о записях регистра. | G23: Информация о записях регистра. | H23: Информация о записях регистра. | I23: Информация о записях регистра. | J23: Информация о записях регистра. | K23: Информация о записях регистра. | L23: Информация о записях регистра. | M23: Информация о записях регистра. | N23: Информация о записях регистра. | O23: Информация о записях регистра. | P23: Информация о записях регистра. | Q23: Информация о записях регистра. | R23: Информация о записях регистра. | S23: Информация о записях регистра. | T23: Информация о записях регистра. | U23: Информация о записях регистра. | V23: Информация о записях регистра. | W23: Информация о записях регистра. | X23: Информация о записях регистра. | Y23: Информация о записях регистра. | Z23: Информация о записях регистра. | AA23: Информация о записях регистра. | AB23: Информация о записях регистра. | AC23: Информация о записях регистра. | AD23: Информация о записях регистра. | AE23: Информация о записях регистра. | AF23: Информация о записях регистра.
A24: - | B24: - | C24: Признак обязательности элемента | D24: ОМ | E24: ОМ | F24: ОМ | G24: ОМ | H24: ОМ | I24: ОМ | J24: ОМ | K24: ОМ | L24: ОМ | M24: ОМ | N24: ОМ | O24: ОМ | P24: ОМ | Q24: ОМ | R24: ОМ | S24: ОМ | T24: ОМ | U24: ОМ | V24: ОМ | W24: ОМ | X24: ОМ | Y24: ОМ | Z24: ОМ | AA24: ОМ | AB24: ОМ | AC24: ОМ | AD24: ОМ | AE24: ОМ | AF24: ОМ
A25: - | B25: - | C25: Размерность элемента
A26: SREG05 | B26: VARNAME | C26: Элемент | D26: RecordId | E26: RecordDate | F26: RecordType | G26: CounterpartyInfo | H26: CounterpartyInfo | I26: CounterpartyInfo | J26: ContractInfo | K26: ContractInfo | L26: ContractInfo | M26: ControlledTransactions | N26: ControlledTransactionsInfo | O26: ControlledTransactionsInfo | P26: ControlledTransactionsInfo | Q26: ControlledTransactionsInfo | R26: ControlledTransactionsInfo | S26: ControlledTransactionsInfo | T26: ControlledTransactionsInfo | U26: ControlledTransactionsInfo | V26: DebtIncomeInfo | W26: DebtIncomeInfo | X26: DebtIncomeInfo | Y26: DebtIncomeInfo | Z26: DebtIncomeInfo | AA26: DebtIncomeInfo | AB26: DebtIncomeInfo | AC26: DocInfo | AD26: DocInfo | AE26: DocInfo | AF26: DocInfo
A27: SREG05 | B27: SERVDESCR | C27: Описание | D27: Идентификатор записи в системе налогоплательщика. Идентификатор должен быть уникальным по каждой записи. | E27: Дата записи в системе налогоплательщика | F27: Показатель. Принимает значение в соответствии со справочником "Показатели классификатора ФНС" | G27: Сведения о контрагенте. | H27: Сведения о контрагенте. | I27: Сведения о контрагенте. | J27: Сведения о договоре. Элемент обязателен для <INNOrgRegNumber> ≠ ПУСТО и <CounterpartyName> ≠ ПУСТО | K27: Сведения о договоре. Элемент обязателен для <INNOrgRegNumber> ≠ ПУСТО и <CounterpartyName> ≠ ПУСТО | L27: Сведения о договоре. Элемент обязателен для <INNOrgRegNumber> ≠ ПУСТО и <CounterpartyName> ≠ ПУСТО | M27: Контролируемая сделка. Принимает значение: 1 – да | 2 – нет | N27: Сведения о контролируемой сделке. Элемент обязателен для <ControlledTransactions> = 1 | O27: Сведения о контролируемой сделке. Элемент обязателен для <ControlledTransactions> = 1 | P27: Сведения о контролируемой сделке. Элемент обязателен для <ControlledTransactions> = 1 | Q27: Сведения о контролируемой сделке. Элемент обязателен для <ControlledTransactions> = 1 | R27: Сведения о контролируемой сделке. Элемент обязателен для <ControlledTransactions> = 1 | S27: Сведения о контролируемой сделке. Элемент обязателен для <ControlledTransactions> = 1 | T27: Сведения о контролируемой сделке. Элемент обязателен для <ControlledTransactions> = 1 | U27: Сведения о контролируемой сделке. Элемент обязателен для <ControlledTransactions> = 1 | V27: Сведения о доходах ДО. | W27: Сведения о доходах ДО. | X27: Сведения о доходах ДО. | Y27: Сведения о доходах ДО. | Z27: Сведения о доходах ДО. | AA27: Сведения о доходах ДО. | AB27: Сведения о доходах ДО. | AC27: Сведения о документах. | AD27: Сведения о документах. | AE27: Сведения о документах. | AF27: Сведения о документах.
A28: - | B28: - | C28: Признак обязательности элемента | D28: О | E28: О | F28: ОК | G28: О | H28: О | I28: О | J28: НУ | K28: НУ | L28: НУ | M28: ОК | N28: НУ | O28: НУ | P28: НУ | Q28: НУ | R28: НУ | S28: НУ | T28: НУ | U28: НУ | V28: О | W28: О | X28: О | Y28: О | Z28: О | AA28: О | AB28: О | AC28: ОМ | AD28: ОМ | AE28: ОМ | AF28: ОМ
A29: - | B29: - | C29: Размерность элемента | D29: (=36) | F29: (1-1000) | M29: (=1),значения:1|2
A30: SREG05 | B30: VARNAME | C30: Элемент | D30: 0 | E30: 0 | F30: 0 | G30: CounterpartyType | H30: INNOrgRegNumber | I30: CounterpartyName | J30: ContractNumber | K30: ContractDate | L30: AccountNumberDeposit | M30: 0 | N30: EffectiveRate | O30: DeterminationMethod | P30: LimitValueDataInfo | Q30: LimitValueDataInfo | R30: LimitValueDataInfo | S30: LimitValueDataInfo | T30: MinMarketPrice | U30: TaxInterestRate | V30: RecognitionIncomeDate | W30: SumInterestIncomeCurrency | X30: CurrencyCode | Y30: RateExchange | Z30: SumInterestIncomeRUB | AA30: DifferenceRevenue | AB30: IncomeTypeCode | AC30: DocumentCode | AD30: DocNumber | AE30: DocDate | AF30: DocumentId
A31: SREG05 | B31: SERVDESCR | C31: Описание | D31: #N/A | E31: #N/A | F31: #N/A | G31: Контрагент. Принимает значение: 1 - физическое лицо| 2 - прочая организация, в т.ч. прочая МХК|3 - МХК, удовлетворяющая условиям применения пониженной ставки | H31: ИНН / Регистрационный номер в стране регистрации (инкорпорации) контрагента. Элемент обязателен для: 1) <OrgType> = 1 и <CounterpartyType> = 1 и <ControlledTransactions> = 1; 2) <OrgType> = 1 и <CounterpartyType> = 2 или 3; 3) <OrgType> = 2 или 3. | I31: Наименование контрагента/ ФИО. Элемент обязателен для: 1) <OrgType> = 1 и <CounterpartyType> = 1 и <ControlledTransactions> = 1; 2) <OrgType> = 1 и <CounterpartyType> = 2 или 3; 3) <OrgType> = 2 или 3. | J31: Номер договора | K31: Дата договора | L31: Номер счета вклада (депозита), банковского счета. Элемент обязателен для <RecordType> = «Доходы в виде процентов по депозитам, банковским вкладам» | «Доходы в виде процентов по договорам банковского счета» | «Доходы в виде процентов по банковским ссудам» | M31: Контролируемая сделка. Принимает значение: 1 - да| 2 - нет | N31: Фактическая ставка по договору, % | O31: Метод определения ставки, признаваемой для целей налогообложения. Принимает значение: 1 – исходя из интервала предельных значений по ст. 269 НК РФ | 2 – исходя из интервала рыночных цен | P31: Сведения о данных предельных значений. Элемент обязателен для <DeterminationMethod> = 1 | Q31: Сведения о данных предельных значений. Элемент обязателен для <DeterminationMethod> = 1 | R31: Сведения о данных предельных значений. Элемент обязателен для <DeterminationMethod> = 1 | S31: Сведения о данных предельных значений. Элемент обязателен для <DeterminationMethod> = 1 | T31: Минимальное значение интервала рыночных цен. Элемент обязателен для <DeterminationMethod> = 2 | U31: Ставка по долговому обязательству, признаваемая для целей налогообложения, % | V31: Дата признания дохода. Элемент обязателен для <INNOrgRegNumber> ≠ ПУСТО и <CounterpartyName> ≠ ПУСТО | W31: Сумма доходов в виде процентов по долговым обязательствам, включенных в состав внереализационных доходов, в валюте Элемент обязателен для <INNOrgRegNumber> ≠ ПУСТО и <CounterpartyName> ≠ ПУСТО | X31: Код валюты. Заполняется применительно к <SumInterestIncomeCurrency>. Принимает значение в соответствии с общероссийским классификатором валют (ОК (МК (ИСО 4217) 003-97) 014-2000), утвержденным Постановлением Госстандарта России от 25.12.2000 N 405-ст Элемент обязателен для <INNOrgRegNumber> ≠ ПУСТО и <CounterpartyName> ≠ ПУСТО | Y31: Курс ЦБ РФ. Элемент обязателен для <INNOrgRegNumber> ≠ ПУСТО и <CounterpartyName> ≠ ПУСТО При <CurrencyCode> = 643 принимает значение 1. При <CurrencyCode> ≠ 643 принимает значение в соответствии с значением графы "Курс", деленному на значение графы "Единиц" справочника Банка России значений курса иностранных валют" применительно к <CurrencyCode> и <RecognitionIncomeDate>. | Z31: Сумма доходов в виде процентов по долговым обязательствам, включенных в состав внереализационных доходов, в рублях | AA31: Разница между фактическими доходами по сделке (группе однородных сделок) и доходами, полученными в результате корректировки цены в сделке (группе однородных сделок), не соответствующей рыночной цене, в рублях. Элемент обязателен для <ControlledTransactions> = 1 при самостоятельной корректировке налоговой базы по истечении календарного года | AB31: Код вида дохода и применимой ставки налога (код). Принимает значение в соответствии со справочником "Виды доходов и применимые к ним налоговые ставки" | AC31: Код вида документа. Принимает значение кода вида документа по справочнику СПВДОК | AD31: Номер документа | AE31: Дата документа. | AF31: Идентификатор документа. Передается уникальный идентификатор, присвоенный документу в системе НП
A32: - | B32: - | C32: Признак обязательности элемента | D32: #N/A | E32: #N/A | F32: #N/A | G32: ОК | H32: НУ | I32: НУ | J32: О | K32: О | L32: НУ | M32: OK | N32: О | O32: ОК | P32: НУ | Q32: НУ | R32: НУ | S32: НУ | T32: НУ | U32: О | V32: НУ | W32: НУ | X32: НКУ | Y32: НКУ | Z32: О | AA32: НУ | AB32: ОК | AC32: ОК | AD32: О | AE32: О | AF32: О
A33: - | B33: - | C33: Размерность элемента | D33: #N/A | E33: #N/A | F33: #N/A | G33: (=1), значения:1|2|3 | H33: (1-255) | I33: (1-255) | J33: (1-128) | L33: (1-25) | M33: (=1), значения:1|2 | N33: (8.6) | O33: (=1), значения:1|2 | T33: (8.6) | U33: (8.6) | W33: (17.2) | X33: (=3) | Y33: (11.8) | Z33: (17.2) | AA33: (17.2) | AB33: (=4) | AC33: (=10) | AD33: (1-255) | AF33: (1-100)
A34: SREG05 | B34: VARNAME | C34: Элемент | D34: 0 | E34: 0 | F34: 0 | G34: 0 | H34: 0 | I34: 0 | J34: 0 | K34: 0 | L34: 0 | M34: 0 | N34: 0 | O34: 0 | P34: DebtTerm | Q34: DebtRateType | R34: RaisingFundsDate | S34: MinLimitValue | T34: 0 | U34: 0 | V34: 0 | W34: 0 | X34: 0 | Y34: 0 | Z34: 0 | AA34: 0 | AB34: 0 | AC34: 0 | AD34: 0 | AE34: 0 | AF34: 0
A35: SREG05 | B35: SERVDESCR | C35: Описание | D35: #N/A | E35: #N/A | F35: #N/A | G35: #N/A | H35: #N/A | I35: #N/A | J35: #N/A | K35: #N/A | L35: #N/A | M35: #N/A | N35: #N/A | O35: #N/A | P35: Срок долгового обязательства в соответствии с договором, в календарных днях. Элемент обязателен для: <CurrencyCode> = 156 | Q35: Вид ставки долгового обязательства. Принимает значение: 1 – нефиксированная | 2 – фиксированная и неизменная | R35: Дата привлечения денежных средств. Элемент обязателен для <DebtRateType> = 2 | S35: Минимальное значение интервала предельных значений | T35: #N/A | U35: #N/A | V35: #N/A | W35: #N/A | X35: #N/A | Y35: #N/A | Z35: #N/A | AA35: #N/A | AB35: #N/A | AC35: #N/A | AD35: #N/A | AE35: #N/A | AF35: #N/A
A36: - | B36: - | C36: Признак обязательности элемента | D36: #N/A | E36: #N/A | F36: #N/A | G36: #N/A | H36: #N/A | I36: #N/A | J36: #N/A | K36: #N/A | L36: #N/A | M36: #N/A | N36: #N/A | O36: #N/A | P36: НУ | Q36: ОК | R36: НУ | S36: О | T36: #N/A | U36: #N/A | V36: #N/A | W36: #N/A | X36: #N/A | Y36: #N/A | Z36: #N/A | AA36: #N/A | AB36: #N/A | AC36: #N/A | AD36: #N/A | AE36: #N/A | AF36: #N/A
A37: - | B37: - | C37: Размерность элемента | D37: #N/A | E37: #N/A | F37: #N/A | G37: #N/A | H37: #N/A | I37: #N/A | J37: #N/A | K37: #N/A | L37: #N/A | M37: #N/A | N37: #N/A | O37: #N/A | P37: (1-10) | Q37: (=1), значения:1|2 | S37: (8.6) | T37: #N/A | U37: #N/A | V37: #N/A | W37: #N/A | X37: #N/A | Y37: #N/A | Z37: #N/A | AA37: #N/A | AB37: #N/A | AC37: #N/A | AD37: #N/A | AE37: #N/A | AF37: #N/A
A38: SREG05 | B38: VariableType | C38: Тип элемента
A39: Элементы справочника регистров
A40: SREG05 | B40: KODRR | C40: Раздел регистра (1 - заголовочная часть, 2 - табличная часть) | D40: 2 | E40: 2 | F40: 2 | G40: 2 | H40: 2 | I40: 2 | J40: 2 | K40: 2 | L40: 2 | M40: 2 | N40: 2 | O40: 2 | P40: 2 | Q40: 2 | R40: 2 | S40: 2 | T40: 2 | U40: 2 | V40: 2 | W40: 2 | X40: 2 | Y40: 2 | Z40: 2 | AA40: 2 | AB40: 2 | AC40: 2 | AD40: 2 | AE40: 2 | AF40: 2
A41: SREG05 | B41: NAIMCR | C41: Наименование графы регистра | D41: Идентификатор записи | E41: Дата записи | F41: Показатель | G41: Контрагент (1 - физическое лицо, 2 - прочая организация, в т.ч. прочая МХК; 3 - МХК, удовлетворяющая условиям применения пониженной ставки) | H41: ИНН / Регистрационный номер в стране регистрации контрагента | I41: Наименование контрагента / ФИО | J41: Номер договора | K41: Дата договора | L41: Номер счета вклада (депозита), банковского счета | M41: Контролируемая сделка (1 - да, 2 - нет) | N41: Фактическая ставка по договору, % | O41: Метод определения ставки, признаваемой для целей налогообложения (1 - исходя из интервала предельных значений по ст. 269 НК РФ, 2 - исходя из интервала рыночных цен) | P41: Срок долгового обязательства в соответствии с договором, в календарных днях | Q41: Вид ставки долгового обязательства (1 - нефиксированная, 2 - фиксированная и неизменная) | R41: Дата привлечения денежных средств | S41: Минимальное значение интервала предельных значений | T41: Минимальное значение интервала рыночных цен | U41: Ставка по долговому обязательству, признаваемая для целей налогообложения, % | V41: Дата признания дохода | W41: Сумма доходов в виде процентов по долговым обязательствам, включенных в состав внереализационных доходов, в валюте | X41: Код валюты | Y41: Курс ЦБ РФ | Z41: Сумма доходов в виде процентов по долговым обязательствам, включенных в состав внереализационных доходов, в рублях | AA41: Разница между фактическими доходами по сделке (группе однородных сделок) и доходами, полученными в результате корректировки цены в сделке (группе однородных сделок), не соответствующей рыночной цене, в рублях | AB41: Код вида дохода и применимой ставки налога | AC41: Код вида документа | AD41: Номер документа | AE41: Дата документа | AF41: Идентификатор документа
A42: SREG05 | B42: NUMCC | C42: Номер графы регистра | D42: 1 | E42: 2 | F42: 3 | G42: 4 | H42: 5 | I42: 6 | J42: 7 | K42: 8 | L42: 9 | M42: 10 | N42: 11 | O42: 12 | P42: 13 | Q42: 14 | R42: 15 | S42: 16 | T42: 17 | U42: 18 | V42: 19 | W42: 20 | X42: 21 | Y42: 22 | Z42: 23 | AA42: 24 | AB42: 25 | AC42: 26 | AD42: 27 | AE42: 28 | AF42: 29
A43: SREG05 | B43: KODCR | C43: Код графы регистра | D43: 10101201 | E43: 10101202 | F43: 10101203 | G43: 10101204 | H43: 10101205 | I43: 10101206 | J43: 10101207 | K43: 10101208 | L43: 10101209 | M43: 10101210 | N43: 10101211 | O43: 10101212 | P43: 10101213 | Q43: 10101214 | R43: 10101215 | S43: 10101216 | T43: 10101217 | U43: 10101218 | V43: 10101219 | W43: 10101220 | X43: 10101221 | Y43: 10101222 | Z43: 10101223 | AA43: 10101224 | AB43: 10101225 | AC43: 10101226 | AD43: 10101227 | AE43: 10101228 | AF43: 10101229
A44: SREG05 | B44: TYPECR | C44: Тип графы | D44: строка | E44: дата (ДД.ММ.ГГГГ) | F44: справочник | G44: число (0) | H44: строка | I44: строка | J44: строка | K44: дата (ДД.ММ.ГГГГ) | L44: строка | M44: число (0) | N44: число (0,000000) | O44: число (0) | P44: число (0) | Q44: число (0) | R44: дата (ДД.ММ.ГГГГ) | S44: число (0,000000) | T44: число (0,000000) | U44: число (0,000000) | V44: дата (ДД.ММ.ГГГГ) | W44: число (0,00) | X44: справочник | Y44: число (0,0000) | Z44: число (0,00) | AA44: число (0,00) | AB44: справочник | AC44: справочник | AD44: строка | AE44: дата (ДД.ММ.ГГГГ) | AF44: строка
A45: SREG06 | B45: NAIMSPR | C45: Наименование справочника | F45: Показатели классификатора ФНС | X45: Общероссийский классификатор валют ОК (МК (ИСО 4217) 003-97) 014-2000 (ОКСМ), утвержденный Постановлением Госстандарта России от 25.12.2000 N 405-ст | AB45: Виды доходов и применимые к ним налоговые ставки | AC45: Ведомственный Справочник ФНС России – видов документов, возможных к истребованию у налогоплательщиков на основании статей 93.1, 105.29 Налогового кодекса Российской Федерации (СПВДОК), порядок ведения которого утвержден Приказом ФНС России от 24.03.2023 N ЕД-7-23/182@
A46: SREG06 | B46: KODSPR | C46: Код справочника | F46: 0000004 | X46: 0000005 | AB46: 0000020 | AC46: 0000007
A47: Графы регистров и статьи НК РФ
A48: SREG09 | B48: PNK, STNK | C48: текстовый формат (для пояснений) | F48: п. 6 ст. 250 НК РФ | G48: п. 1 ст. 328 НК РФ | H48: п. 1 ст. 328 НК РФ | I48: п. 1 ст. 328 НК РФ | J48: п. 1 ст. 328 НК РФ | K48: п. 1 ст. 328 НК РФ | L48: п. 1 ст. 328 НК РФ | M48: абз. 3 п. 1 ст. 269 НК РФ | N48: абз. 3 п. 1 ст. 328 НК РФ | O48: п. 1.1 ст. 269 НК РФ | P48: пп. 3. п. 1.3 ст. 269 НК РФ | Q48: пп. 1, 2 п. 1.3 ст. 269 НК РФ | R48: пп. 1 п. 1.3 ст. 269 НК РФ | S48: абз. 2 п. 1.1 ст. 269 НК РФ | T48: абз. 4 п. 1.1 ст. 269 НК РФ | U48: п. 1.1 ст. 269 НК РФ | V48: п. 6 ст. 271 НК РФ пп. 14 п. 4 ст. 271 НК РФ пп. 14.4 п. 4 ст. 271 НК РФ | W48: п. 3 ст. 248 НК РФ, п. 6 ст. 250 НК РФ | X48: п. 8 ст. 271 НК РФ | Y48: п. 8 ст. 271 НК РФ | Z48: п. 6 ст. 250 НК РФ | AA48: п. 6 ст. 105.3 НК РФ | AB48: п. 1 ст. 284 НК РФ, пп. 4 п. 4 ст. 284 НК РФ, пп. 5 п. 4 ст. 284 НК РФ | AC48: п. 1 ст. 328 НК РФ | AD48: п. 1 ст. 328 НК РФ | AE48: п. 1 ст. 328 НК РФ
A49: Алгоритмы граф регистров
A50: SREG10 | B50: ALG01 | C50: Формула условий переноса данных из других регистров
A51: SREG10 | B51: ALG02 | C51: Формула условий заполнения графы | H51: ="Заполняется, если гр"&$C$8&" = 1 и гр"&$G$43&" = 1 и гр"&$M$43&" = 1 или гр"&$C$8&" = 1 и гр"&$G$43&" = (2 или 3) или гр"&$C$8&" = (2 или 3)" -> Заполняется, если гр10101103 = 1 и гр10101204 = 1 и гр10101210 = 1 или гр10101103 = 1 и гр10101204 = (2 или 3) или гр10101103 = (2 или 3) | I51: ="Заполняется, если гр"&C8&" = 1 и гр"&G43&" = 1 и гр"&M43&" = 1 или гр"&C8&" = 1 и гр"&G43&" = (2 или 3) или гр"&C8&" = (2 или 3)" -> Заполняется, если гр10101103 = 1 и гр10101204 = 1 и гр10101210 = 1 или гр10101103 = 1 и гр10101204 = (2 или 3) или гр10101103 = (2 или 3) | J51: ="Заполняется, если гр"&H43&" и гр"&I43&" ≠ ПУСТО" -> Заполняется, если гр10101205 и гр10101206 ≠ ПУСТО | K51: ="Заполняется, если гр"&H43&" и гр"&I43&" ≠ ПУСТО" -> Заполняется, если гр10101205 и гр10101206 ≠ ПУСТО | L51: ="Заполняется, если гр"&H43&" и гр"&I43&" ≠ ПУСТО и гр"&F43&" = ""Доходы в виде процентов по депозитам, банковским вкладам"" или ""Доходы в виде процентов по договорам банковского счета"" или ""Доходы в виде процентов по банковским ссудам"" Графа не обязательна для заполнения." -> Заполняется, если гр10101205 и гр10101206 ≠ ПУСТО и гр10101203 = "Доходы в виде процентов по депозитам, банковским вкладам" или "Доходы в виде процентов по договорам банковского счета" или "Доходы в виде процентов по банковским ссудам" Графа не обязательна для заполнения. | N51: ="Заполняется, если гр"&M43&" = 1" -> Заполняется, если гр10101210 = 1 | O51: ="Заполняется, если гр"&M43&" = 1" -> Заполняется, если гр10101210 = 1 | P51: ="Заполняется, если: гр"&O43&" = 1 и гр"&X43&" = 156" -> Заполняется, если: гр10101212 = 1 и гр10101221 = 156 | Q51: ="Заполняется, если гр"&O43&" = 1" -> Заполняется, если гр10101212 = 1 | R51: ="Заполняется, если гр"&Q43&" = 2" -> Заполняется, если гр10101214 = 2 | S51: ="Заполняется, если гр"&O43&" = 1" -> Заполняется, если гр10101212 = 1 | T51: ="Заполняется, если гр"&O43&" = 2" -> Заполняется, если гр10101212 = 2 | U51: ="Заполняется, если гр"&M43&" = 1" -> Заполняется, если гр10101210 = 1 | V51: ="Заполняется, если гр"&H43&" и гр"&I43&" ≠ ПУСТО" -> Заполняется, если гр10101205 и гр10101206 ≠ ПУСТО | W51: ="Заполняется, если гр"&H43&" и гр"&I43&" ≠ ПУСТО" -> Заполняется, если гр10101205 и гр10101206 ≠ ПУСТО | X51: ="Заполняется, если гр"&H43&" и гр"&I43&" ≠ ПУСТО Заполняется применительно к гр"&W43&"" -> Заполняется, если гр10101205 и гр10101206 ≠ ПУСТО Заполняется применительно к гр10101220 | Y51: ="Заполняется, если гр"&H43&" и гр"&I43&" ≠ ПУСТО" -> Заполняется, если гр10101205 и гр10101206 ≠ ПУСТО | AA51: ="Заполняется, если гр"&M43&" = 1 при самостоятельной корректировке налоговой базы по истечении календарного года" -> Заполняется, если гр10101210 = 1 при самостоятельной корректировке налоговой базы по истечении календарного года
A52: SREG10 | B52: ALG03 | C52: Формула контрольного соотношения | S52: ="Если гр"&X43&" = 643, то гр"&S43&" = гр"&'10110'!T43&" или Если гр"&X43&" = 978, то гр"&S43&" = гр"&'10110'!Y43&" или Если гр"&X43&" = 156, то гр"&S43&" = гр"&'10110'!AD43&" или Если гр"&X43&" = 826, то гр"&S43&" = гр"&'10110'!AI43&" или Если гр"&X43&" = 756, то гр"&S43&" = гр"&'10110'!AN43&" или Если гр"&X43&" = 392, то гр"&S43&" = гр"&'10110'!AS43&" или Если гр"&X43&" ≠ 978, 156, 756, 392, 826, 643, то гр"&S43&" = гр"&'10110'!AX43&"" -> Если гр10101221 = 643, то гр10101216 = гр10110217 или Если гр10101221 = 978, то гр10101216 = гр10110222 или Если гр10101221 = 156, то гр10101216 = гр10110227 или Если гр10101221 = 826, то гр10101216 = гр10110232 или Если гр10101221 = 756, то гр10101216 = гр10110237 или Если гр10101221 = 392, то гр10101216 = гр10110242 или Если гр10101221 ≠ 978, 156, 756, 392, 826, 643, то гр10101216 = гр10110247 | U52: ="Если гр"&O43&" = 1 и гр"&S43&" < гр"&N43&", то гр"&U43&" = гр"&N43&" или Если гр"&O43&" = 1 и гр"&S43&" ≥ гр"&N43&", то гр"&U43&" = гр"&S43&" или Если гр"&O43&" = 2 и гр"&T43&" < гр"&N43&", то гр"&U43&" = гр"&N43&" или Если гр"&O43&" = 2 и гр"&T43&" ≥ гр"&N43&", то гр"&U43&" = гр"&T43 -> Если гр10101212 = 1 и гр10101216 < гр10101211, то гр10101218 = гр10101211 или Если гр10101212 = 1 и гр10101216 ≥ гр10101211, то гр10101218 = гр10101216 или Если гр10101212 = 2 и гр10101217 < гр10101211, то гр10101218 = гр10101211 или Если гр10101212 = 2 и гр10101217 ≥ гр10101211, то гр10101218 = гр10101217 | Y52: ="Если "&$X$43&" = 643, то гр"&$Y$43&" = 1 Если "&$X$43&" ≠ 643, то гр"&$Y$43&" = значению графы ""Курс"", деленному на значение графы ""Единиц"", Справочника Банка России значений курса иностранных валют"" применительно к гр"&$X$43&" и применительно к гр"&$V$43&"" -> Если 10101221 = 643, то гр10101222 = 1 Если 10101221 ≠ 643, то гр10101222 = значению графы "Курс", деленному на значение графы "Единиц", Справочника Банка России значений курса иностранных валют" применительно к гр10101221 и применительно к гр10101219 | Z52: ="Гр"&Z43&" = гр"&W43&"*гр"&Y43&"" -> Гр10101223 = гр10101220*гр10101222 | AB52: ="Если гр "&$C$8&" = 1, 3 и гр "&$G$43&" = 3, то гр "&$AB$43&" = 0045 или Если гр "&$C$8&" = 2 и гр "&$G$43&" = 1, 2, то гр "&$AB$43&" = 0046 или Если гр "&$C$8&" = 2 и гр "&$G$43&" = 3, то гр "&$AB$43&" = 0045 или 0046 Если гр "&$C$8&" ≠ 2 или гр "&$G$43&" ≠ 3, то гр "&$AB$43&" = 0048" -> Если гр 10101103 = 1, 3 и гр 10101204 = 3, то гр 10101225 = 0045 или Если гр 10101103 = 2 и гр 10101204 = 1, 2, то гр 10101225 = 0046 или Если гр 10101103 = 2 и гр 10101204 = 3, то гр 10101225 = 0045 или 0046 Если гр 10101103 ≠ 2 или гр 10101204 ≠ 3, то гр 10101225 = 0048
A53: SREG10 | B53: ALG03T | C53: Описание контрольного соотношения | S53: Если код валюты 643, то минимальное значение интервала предельных значений равно минимальному значению интервала предельных значений по Ключевой ставке ЦБ РФ из регистра 10110 или Если код валюты равен 978, то минимальное значение интервала предельных значений равно минимальному значению интервала предельных значений для ставки STR (EURIBOR), в евро из регистра 10110 или Если код валюты равен 156, то минимальное значение интервала предельных значений равно минимальному значению интервала предельных значений для ставки SHIBOR, в китайских юанях из регистра 10110 или Если код валюты равен 826, то минимальное значение интервала предельных значений равно минимальному значению интервала предельных значений для ставки SONIA (ЛИБОР), в фунтах стерлингов из регистра 10110 или Если код валюты равен 756, то минимальное значение интервала предельных значений равно минимальному значению интервала предельных значений для ставки SARON (ЛИБОР), в швейцарских франках из регистра 10110 или Если код валюты равен 392, то минимальное значение интервала предельных значений равно минимальному значению интервала предельных значений для ставки TONAR (ЛИБОР), в японских йенах из регистра 10110 или Если код валюты не равен 978, 156, 756, 392, 826, 643, то минимальное значение интервала предельных значений равно минимальному значению интервала предельных значений для ставки SOFR (ЛИБОР), в долларах США из регистра 10110 | U53: Если метод определения ставки, признаваемой для целей налогообложения осуществляется исходя из интервалов предельных значений по ст. 269 НК РФ и минимальное значение интервала предельных значений меньше фактической ставки по договору, то ставкой, признаваемой для целей налогообложения является фактическая ставка по договору или Если метод определения ставки, признаваемой для целей налогообложения осуществляется исходя из интервалов предельных значений по ст. 269 НК РФ и минимальное значение интервала предельных значений больше или равно фактической ставке по договору, то ставкой, признаваемой для целей налогообложения является минимальное значение интервала предельных значений или Если метод определения ставки, признаваемой для целей налогообложения осуществляется исходя из интервалов рыночных цен и минимальное значение интервала рыночных цен меньше фактической ставки по договору, то ставкой, признаваемой для целей налогообложения является фактическая ставка по договору или Если метод определения ставки, признаваемой для целей налогообложения осуществляется исходя из интервалов рыночных цен и минимальное значение интервала рыночных цен больше или равно фактической ставке по договору, то ставкой, признаваемой для целей налогообложения является минимальное значение интервала рыночных цен. | Y53: Если код валюты равен 643, то курс ЦБ РФ равен 1. Если код валюты не равен 643, то курс ЦБ РФ, который соответствует значению графы "Курс", деленному на значение графы "Единиц", Справочника Банка России значений курса иностранных валют применительно к коду валюты, в которой выражена сумма долгового обязательства, вклада, депозита (база для начисления процентов) на дату признания дохода. | Z53: Сумма доходов в виде процентов по долговым обязательствам, включенных в состав внереализационных доходов, в рублях равна произведению суммы доходов в виде процентов по долговым обязательствам, включенных в состав внереализационных доходов, в валюте и курса ЦБ РФ. | AB53: Если статус организации - Банк или организация, занимающаяся лизинговой деятельностью или прочая организация, в т.ч. прочая МХК и контрагент - МХК, удовлетворяющая условиям применения пониженной ставки, то код вида дохода и применимой ставки налога равен 0045 или Если статус организации - МХК, удовлетворяющая условиям применения пониженной ставки и контрагент - физическое лицо или прочая организация, в т.ч. прочая МХК, то код вида дохода и применимой ставки налога равен 0046 или Если статус организации - МХК, удовлетворяющая условиям применения пониженной ставки и контрагент - МХК, удовлетворяющая условиям применения пониженной ставки, то код вида дохода и применимой ставки налога равен 0045 или 0046 или Если статус организации не МХК, удовлетворяющая условиям применения пониженной ставки и контрагент не МХК, удовлетворяющая условиям применения пониженной ставки, то код вида дохода и применимой ставки налога равен 0048.
A54: SREG10 | B54: KND | C54: Формула соответствия регистра и налоговой декларации

Sheet 10102
A1: содержание модели
A2: столбцы/строки с серой заливкой не трогать!
A3: Заголовочная часть регистра
A4: KODRR | B4: NUMCC | C4: KODCR | D4: NAIMCR | F4: TYPECR | G4: NAIMSPR | H4: KODSPR | I4: PNK, STNK | J4: ALG01
A5: Раздел регистра (1 - заголовочная часть, 2 - табличная часть) | B5: Номер графы регистра | C5: Код графы регистра | D5: Наименование графы регистра | F5: Тип графы | G5: Наименование справочника | H5: Код справочника | I5: текстовый формат (для пояснений) | J5: Формула условий переноса данных из других регистров
A6: 1 | B6: 01 | C6: 10102101 | D6: ИНН / Регистрационный номер в стране регистрации организации | F6: типовой элемент <ИННЮЛТип>
A7: 1 | B7: 02 | C7: 10102102 | D7: Наименование организации | F7: строка
A8: 1 | B8: 03 | C8: 10102103 | D8: Статус организации (1 - Банк или организация, занимающаяся лизинговой деятельностью; 2 - МХК, удовлетворяющая условиям применения пониженной ставки; 3 - прочая организация, в т.ч. прочая МХК) | F8: число (0) | I8: п. 3 ст. 269 НК РФ п. 4 ст 269 НК РФ пп. 5 п. 4 ст. 284 НК РФ
A9: 1 | B9: 04 | C9: 10102104 | D9: Код налога | E9: 012501 | F9: справочник | G9: Ведомственный Справочник ФНС России – перечень налогов, сборов, страховых взносов (Справочник СПНС), порядок ведения которого утвержден Приказом ФНС России от 18.04.2023 № ЕД-7-23/254@ | H9: 0000008
A10: 1 | B10: 05 | C10: 10102105 | D10: Наименование налога, сбора, страховых взносов | E10: Налог на прибыль | F10: справочник | G10: Ведомственный Справочник ФНС России – перечень налогов, сборов, страховых взносов (Справочник СПНС), порядок ведения которого утвержден Приказом ФНС России от 18.04.2023 № ЕД-7-23/254@ | H10: 0000008
A11: 1 | B11: 06 | C11: 10102106 | D11: Код отчетного (налогового) периода | F11: справочник | G11: Коды, определяющие отчетный (налоговый) период, установленные в Приложении N 1 к Порядку заполнения налоговой декларации по налогу на прибыль организаций, утвержденному приказом ФНС России от 02.10.2024 N ЕД-7-3/830@ | H11: 0000003
A12: 1 | B12: 07 | C12: 10102107 | D12: Отчетный год | F12: дата (ГГГГ)
A13: 1 | B13: 08 | C13: 10102108 | D13: Код регистра | E13: 10102 | F13: справочник
A14: 1 | B14: 09 | C14: 10102109 | D14: Наименование регистра | E14: Расходы в виде процентов по долговым обязательствам (кроме расходов в виде процентов: по договорам займа ценных бумаг, по ценным бумагам и на депо премий по рискам, принятым в перестрахование) | F14: справочник
A15: 1 | B15: 10 | C15: 10102110 | D15: Номер корректировки | F15: число (0)
A16: 1 | B16: 11 | C16: 10102111 | D16: Регистрационный номер декларации | F16: число (0)
A18: Табличная часть регистра
A19: Элементы сервиса
A20: SREG05 | B20: VARNAME | C20: Сервис | D20: TaxReg10102Info | E20: TaxReg10102Info | F20: TaxReg10102Info | G20: TaxReg10102Info | H20: TaxReg10102Info | I20: TaxReg10102Info | J20: TaxReg10102Info | K20: TaxReg10102Info | L20: TaxReg10102Info | M20: TaxReg10102Info | N20: TaxReg10102Info | O20: TaxReg10102Info | P20: TaxReg10102Info | Q20: TaxReg10102Info | R20: TaxReg10102Info | S20: TaxReg10102Info | T20: TaxReg10102Info | U20: TaxReg10102Info | V20: TaxReg10102Info | W20: TaxReg10102Info | X20: TaxReg10102Info | Y20: TaxReg10102Info | Z20: TaxReg10102Info | AA20: TaxReg10102Info | AB20: TaxReg10102Info | AC20: TaxReg10102Info | AD20: TaxReg10102Info | AE20: TaxReg10102Info | AF20: TaxReg10102Info | AG20: TaxReg10102Info | AH20: TaxReg10102Info | AI20: TaxReg10102Info | AJ20: TaxReg10102Info | AK20: TaxReg10102Info | AL20: TaxReg10102Info | AM20: TaxReg10102Info
A21: SREG05 | B21: VARNAME | C21: Элемент | D21: TaxReg10102InfoBody | E21: TaxReg10102InfoBody | F21: TaxReg10102InfoBody | G21: TaxReg10102InfoBody | H21: TaxReg10102InfoBody | I21: TaxReg10102InfoBody | J21: TaxReg10102InfoBody | K21: TaxReg10102InfoBody | L21: TaxReg10102InfoBody | M21: TaxReg10102InfoBody | N21: TaxReg10102InfoBody | O21: TaxReg10102InfoBody | P21: TaxReg10102InfoBody | Q21: TaxReg10102InfoBody | R21: TaxReg10102InfoBody | S21: TaxReg10102InfoBody | T21: TaxReg10102InfoBody | U21: TaxReg10102InfoBody | V21: TaxReg10102InfoBody | W21: TaxReg10102InfoBody | X21: TaxReg10102InfoBody | Y21: TaxReg10102InfoBody | Z21: TaxReg10102InfoBody | AA21: TaxReg10102InfoBody | AB21: TaxReg10102InfoBody | AC21: TaxReg10102InfoBody | AD21: TaxReg10102InfoBody | AE21: TaxReg10102InfoBody | AF21: TaxReg10102InfoBody | AG21: TaxReg10102InfoBody | AH21: TaxReg10102InfoBody | AI21: TaxReg10102InfoBody | AJ21: TaxReg10102InfoBody | AK21: TaxReg10102InfoBody | AL21: TaxReg10102InfoBody | AM21: TaxReg10102InfoBody
A22: SREG05 | B22: VARNAME | C22: Элемент | D22: RegisterRecord10102 | E22: RegisterRecord10102 | F22: RegisterRecord10102 | G22: RegisterRecord10102 | H22: RegisterRecord10102 | I22: RegisterRecord10102 | J22: RegisterRecord10102 | K22: RegisterRecord10102 | L22: RegisterRecord10102 | M22: RegisterRecord10102 | N22: RegisterRecord10102 | O22: RegisterRecord10102 | P22: RegisterRecord10102 | Q22: RegisterRecord10102 | R22: RegisterRecord10102 | S22: RegisterRecord10102 | T22: RegisterRecord10102 | U22: RegisterRecord10102 | V22: RegisterRecord10102 | W22: RegisterRecord10102 | X22: RegisterRecord10102 | Y22: RegisterRecord10102 | Z22: RegisterRecord10102 | AA22: RegisterRecord10102 | AB22: RegisterRecord10102 | AC22: RegisterRecord10102 | AD22: RegisterRecord10102 | AE22: RegisterRecord10102 | AF22: RegisterRecord10102 | AG22: RegisterRecord10102 | AH22: RegisterRecord10102 | AI22: RegisterRecord10102 | AJ22: RegisterRecord10102 | AK22: RegisterRecord10102 | AL22: RegisterRecord10102 | AM22: RegisterRecord10102
A23: SREG05 | B23: SERVDESCR | C23: Описание | D23: Информация о записях регистра 10102. Элемент обязателен 1) Если <ReasonRequestData> = 1 и <TaxPeriod> ≠ 34 или 46 или 50 2) Если <ReasonRequestData> = 1 или 2 и <TaxPeriod> = 34 или 46 или 50 | E23: Информация о записях регистра 10102. Элемент обязателен 1) Если <ReasonRequestData> = 1 и <TaxPeriod> ≠ 34 или 46 или 50 2) Если <ReasonRequestData> = 1 или 2 и <TaxPeriod> = 34 или 46 или 50 | F23: Информация о записях регистра 10102. Элемент обязателен 1) Если <ReasonRequestData> = 1 и <TaxPeriod> ≠ 34 или 46 или 50 2) Если <ReasonRequestData> = 1 или 2 и <TaxPeriod> = 34 или 46 или 50 | G23: Информация о записях регистра 10102. Элемент обязателен 1) Если <ReasonRequestData> = 1 и <TaxPeriod> ≠ 34 или 46 или 50 2) Если <ReasonRequestData> = 1 или 2 и <TaxPeriod> = 34 или 46 или 50 | H23: Информация о записях регистра 10102. Элемент обязателен 1) Если <ReasonRequestData> = 1 и <TaxPeriod> ≠ 34 или 46 или 50 2) Если <ReasonRequestData> = 1 или 2 и <TaxPeriod> = 34 или 46 или 50 | I23: Информация о записях регистра 10102. Элемент обязателен 1) Если <ReasonRequestData> = 1 и <TaxPeriod> ≠ 34 или 46 или 50 2) Если <ReasonRequestData> = 1 или 2 и <TaxPeriod> = 34 или 46 или 50 | J23: Информация о записях регистра 10102. Элемент обязателен 1) Если <ReasonRequestData> = 1 и <TaxPeriod> ≠ 34 или 46 или 50 2) Если <ReasonRequestData> = 1 или 2 и <TaxPeriod> = 34 или 46 или 50 | K23: Информация о записях регистра 10102. Элемент обязателен 1) Если <ReasonRequestData> = 1 и <TaxPeriod> ≠ 34 или 46 или 50 2) Если <ReasonRequestData> = 1 или 2 и <TaxPeriod> = 34 или 46 или 50 | L23: Информация о записях регистра 10102. Элемент обязателен 1) Если <ReasonRequestData> = 1 и <TaxPeriod> ≠ 34 или 46 или 50 2) Если <ReasonRequestData> = 1 или 2 и <TaxPeriod> = 34 или 46 или 50 | M23: Информация о записях регистра 10102. Элемент обязателен 1) Если <ReasonRequestData> = 1 и <TaxPeriod> ≠ 34 или 46 или 50 2) Если <ReasonRequestData> = 1 или 2 и <TaxPeriod> = 34 или 46 или 50 | N23: Информация о записях регистра 10102. Элемент обязателен 1) Если <ReasonRequestData> = 1 и <TaxPeriod> ≠ 34 или 46 или 50 2) Если <ReasonRequestData> = 1 или 2 и <TaxPeriod> = 34 или 46 или 50 | O23: Информация о записях регистра 10102. Элемент обязателен 1) Если <ReasonRequestData> = 1 и <TaxPeriod> ≠ 34 или 46 или 50 2) Если <ReasonRequestData> = 1 или 2 и <TaxPeriod> = 34 или 46 или 50 | P23: Информация о записях регистра 10102. Элемент обязателен 1) Если <ReasonRequestData> = 1 и <TaxPeriod> ≠ 34 или 46 или 50 2) Если <ReasonRequestData> = 1 или 2 и <TaxPeriod> = 34 или 46 или 50 | Q23: Информация о записях регистра 10102. Элемент обязателен 1) Если <ReasonRequestData> = 1 и <TaxPeriod> ≠ 34 или 46 или 50 2) Если <ReasonRequestData> = 1 или 2 и <TaxPeriod> = 34 или 46 или 50 | R23: Информация о записях регистра 10102. Элемент обязателен 1) Если <ReasonRequestData> = 1 и <TaxPeriod> ≠ 34 или 46 или 50 2) Если <ReasonRequestData> = 1 или 2 и <TaxPeriod> = 34 или 46 или 50 | S23: Информация о записях регистра 10102. Элемент обязателен 1) Если <ReasonRequestData> = 1 и <TaxPeriod> ≠ 34 или 46 или 50 2) Если <ReasonRequestData> = 1 или 2 и <TaxPeriod> = 34 или 46 или 50 | T23: Информация о записях регистра 10102. Элемент обязателен 1) Если <ReasonRequestData> = 1 и <TaxPeriod> ≠ 34 или 46 или 50 2) Если <ReasonRequestData> = 1 или 2 и <TaxPeriod> = 34 или 46 или 50 | U23: Информация о записях регистра 10102. Элемент обязателен 1) Если <ReasonRequestData> = 1 и <TaxPeriod> ≠ 34 или 46 или 50 2) Если <ReasonRequestData> = 1 или 2 и <TaxPeriod> = 34 или 46 или 50 | V23: Информация о записях регистра 10102. Элемент обязателен 1) Если <ReasonRequestData> = 1 и <TaxPeriod> ≠ 34 или 46 или 50 2) Если <ReasonRequestData> = 1 или 2 и <TaxPeriod> = 34 или 46 или 50 | W23: Информация о записях регистра 10102. Элемент обязателен 1) Если <ReasonRequestData> = 1 и <TaxPeriod> ≠ 34 или 46 или 50 2) Если <ReasonRequestData> = 1 или 2 и <TaxPeriod> = 34 или 46 или 50 | X23: Информация о записях регистра 10102. Элемент обязателен 1) Если <ReasonRequestData> = 1 и <TaxPeriod> ≠ 34 или 46 или 50 2) Если <ReasonRequestData> = 1 или 2 и <TaxPeriod> = 34 или 46 или 50 | Y23: Информация о записях регистра 10102. Элемент обязателен 1) Если <ReasonRequestData> = 1 и <TaxPeriod> ≠ 34 или 46 или 50 2) Если <ReasonRequestData> = 1 или 2 и <TaxPeriod> = 34 или 46 или 50 | Z23: Информация о записях регистра 10102. Элемент обязателен 1) Если <ReasonRequestData> = 1 и <TaxPeriod> ≠ 34 или 46 или 50 2) Если <ReasonRequestData> = 1 или 2 и <TaxPeriod> = 34 или 46 или 50 | AA23: Информация о записях регистра 10102. Элемент обязателен 1) Если <ReasonRequestData> = 1 и <TaxPeriod> ≠ 34 или 46 или 50 2) Если <ReasonRequestData> = 1 или 2 и <TaxPeriod> = 34 или 46 или 50 | AB23: Информация о записях регистра 10102. Элемент обязателен 1) Если <ReasonRequestData> = 1 и <TaxPeriod> ≠ 34 или 46 или 50 2) Если <ReasonRequestData> = 1 или 2 и <TaxPeriod> = 34 или 46 или 50 | AC23: Информация о записях регистра 10102. Элемент обязателен 1) Если <ReasonRequestData> = 1 и <TaxPeriod> ≠ 34 или 46 или 50 2) Если <ReasonRequestData> = 1 или 2 и <TaxPeriod> = 34 или 46 или 50 | AD23: Информация о записях регистра 10102. Элемент обязателен 1) Если <ReasonRequestData> = 1 и <TaxPeriod> ≠ 34 или 46 или 50 2) Если <ReasonRequestData> = 1 или 2 и <TaxPeriod> = 34 или 46 или 50 | AE23: Информация о записях регистра 10102. Элемент обязателен 1) Если <ReasonRequestData> = 1 и <TaxPeriod> ≠ 34 или 46 или 50 2) Если <ReasonRequestData> = 1 или 2 и <TaxPeriod> = 34 или 46 или 50 | AF23: Информация о записях регистра 10102. Элемент обязателен 1) Если <ReasonRequestData> = 1 и <TaxPeriod> ≠ 34 или 46 или 50 2) Если <ReasonRequestData> = 1 или 2 и <TaxPeriod> = 34 или 46 или 50 | AG23: Информация о записях регистра 10102. Элемент обязателен 1) Если <ReasonRequestData> = 1 и <TaxPeriod> ≠ 34 или 46 или 50 2) Если <ReasonRequestData> = 1 или 2 и <TaxPeriod> = 34 или 46 или 50 | AH23: Информация о записях регистра 10102. Элемент обязателен 1) Если <ReasonRequestData> = 1 и <TaxPeriod> ≠ 34 или 46 или 50 2) Если <ReasonRequestData> = 1 или 2 и <TaxPeriod> = 34 или 46 или 50 | AI23: Информация о записях регистра 10102. Элемент обязателен 1) Если <ReasonRequestData> = 1 и <TaxPeriod> ≠ 34 или 46 или 50 2) Если <ReasonRequestData> = 1 или 2 и <TaxPeriod> = 34 или 46 или 50 | AJ23: Информация о записях регистра 10102. Элемент обязателен 1) Если <ReasonRequestData> = 1 и <TaxPeriod> ≠ 34 или 46 или 50 2) Если <ReasonRequestData> = 1 или 2 и <TaxPeriod> = 34 или 46 или 50 | AK23: Информация о записях регистра 10102. Элемент обязателен 1) Если <ReasonRequestData> = 1 и <TaxPeriod> ≠ 34 или 46 или 50 2) Если <ReasonRequestData> = 1 или 2 и <TaxPeriod> = 34 или 46 или 50 | AL23: Информация о записях регистра 10102. Элемент обязателен 1) Если <ReasonRequestData> = 1 и <TaxPeriod> ≠ 34 или 46 или 50 2) Если <ReasonRequestData> = 1 или 2 и <TaxPeriod> = 34 или 46 или 50 | AM23: Информация о записях регистра 10102. Элемент обязателен 1) Если <ReasonRequestData> = 1 и <TaxPeriod> ≠ 34 или 46 или 50 2) Если <ReasonRequestData> = 1 или 2 и <TaxPeriod> = 34 или 46 или 50
A24: - | B24: - | C24: Признак обязательности элемента | D24: НМУ | E24: НМУ | F24: НМУ | G24: НМУ | H24: НМУ | I24: НМУ | J24: НМУ | K24: НМУ | L24: НМУ | M24: НМУ | N24: НМУ | O24: НМУ | P24: НМУ | Q24: НМУ | R24: НМУ | S24: НМУ | T24: НМУ | U24: НМУ | V24: НМУ | W24: НМУ | X24: НМУ | Y24: НМУ | Z24: НМУ | AA24: НМУ | AB24: НМУ | AC24: НМУ | AD24: НМУ | AE24: НМУ | AF24: НМУ | AG24: НМУ | AH24: НМУ | AI24: НМУ | AJ24: НМУ | AK24: НМУ | AL24: НМУ | AM24: НМУ
A25: - | B25: - | C25: Размерность элемента
A26: SREG05 | B26: VARNAME | C26: Элемент | D26: RecordId | E26: RecordDate | F26: RecordType | G26: CounterpartyInfo10102 | H26: CounterpartyInfo10102 | I26: CounterpartyInfo10102 | J26: CounterpartyInfo10102 | K26: ContractInfo10102 | L26: ContractInfo10102 | M26: ContractInfo10102 | N26: LenderStatus | O26: DebtInfo | P26: DebtInfo | Q26: ControlledTransactions | R26: ControlledTransactionsInfo | S26: ControlledTransactionsInfo | T26: ControlledTransactionsInfo | U26: ControlledTransactionsInfo | V26: ControlledTransactionsInfo | W26: ControlledTransactionsInfo | X26: ControlledTransactionsInfo | Y26: ControlledTransactionsInfo | Z26: ControlledTransactionsInfo | AA26: DebtExpenseInfo | AB26: DebtExpenseInfo | AC26: DebtExpenseInfo | AD26: DebtExpenseInfo | AE26: DebtExpenseInfo | AF26: DebtExpenseInfo | AG26: DebtExpenseInfo | AH26: DebtExpenseInfo | AI26: DebtExpenseInfo | AJ26: DocInfo | AK26: DocInfo | AL26: DocInfo | AM26: DocInfo
A27: SREG05 | B27: SERVDESCR | C27: Описание | D27: Идентификатор записи в системе налогоплательщика. Идентификатор должен быть уникальным по каждой записи. | E27: Дата записи в системе налогоплательщика. | F27: Показатель. Принимает значение в соответствии со справочником "Показатели классификатора ФНС" | G27: Сведения о контрагенте. | H27: Сведения о контрагенте. | I27: Сведения о контрагенте. | J27: Сведения о контрагенте. | K27: Сведения о договоре. Элемент обязателен для <INNOrgRegNumber> ≠ ПУСТО и <CounterpartyName> ≠ ПУСТО. | L27: Сведения о договоре. Элемент обязателен для <INNOrgRegNumber> ≠ ПУСТО и <CounterpartyName> ≠ ПУСТО. | M27: Сведения о договоре. Элемент обязателен для <INNOrgRegNumber> ≠ ПУСТО и <CounterpartyName> ≠ ПУСТО. | N27: Статус кредитора. Принимает значения: 1 – иностранное лицо, являющееся взаимозависимым | 2 – лицо, признаваемое взаимозависимым с иностранным лицом | 3 – иностранное лицо (1) и (или) его взаимозависимое лицо (2) выступает поручителем (гарантом) по долговому обязательству | 4 - иное лицо, задолженность которого признана контролируемой в судебном порядке | 5 - Иное лицо Элемент обязателен для <ReasonRequestData> = 1 | O27: Сведения о задолженности. Элемент обязателен для <LenderStatus> = 1 или 2 или 3 или 4 | P27: Сведения о задолженности. Элемент обязателен для <LenderStatus> = 1 или 2 или 3 или 4 | Q27: Контролируемая сделка. Принимает значение: 1 – да | 2 – нет Элемент обязателен для <TaxPeriod> = 34 или 46 или 50 | R27: Сведения о контролируемой сделке. Элемент обязателен для <ControlledTransactions> = 1 | S27: Сведения о контролируемой сделке. Элемент обязателен для <ControlledTransactions> = 1 | T27: Сведения о контролируемой сделке. Элемент обязателен для <ControlledTransactions> = 1 | U27: Сведения о контролируемой сделке. Элемент обязателен для <ControlledTransactions> = 1 | V27: Сведения о контролируемой сделке. Элемент обязателен для <ControlledTransactions> = 1 | W27: Сведения о контролируемой сделке. Элемент обязателен для <ControlledTransactions> = 1 | X27: Сведения о контролируемой сделке. Элемент обязателен для <ControlledTransactions> = 1 | Y27: Сведения о контролируемой сделке. Элемент обязателен для <ControlledTransactions> = 1 | Z27: Сведения о контролируемой сделке. Элемент обязателен для <ControlledTransactions> = 1 | AA27: Сведения о расходах ДО. | AB27: Сведения о расходах ДО. | AC27: Сведения о расходах ДО. | AD27: Сведения о расходах ДО. | AE27: Сведения о расходах ДО. | AF27: Сведения о расходах ДО. | AG27: Сведения о расходах ДО. | AH27: Сведения о расходах ДО. | AI27: Сведения о расходах ДО. | AJ27: Сведения о документах. | AK27: Сведения о документах. | AL27: Сведения о документах. | AM27: Сведения о документах.
A28: - | B28: - | C28: Признак обязательности элемента | D28: О | E28: О | F28: ОК | G28: О | H28: О | I28: О | J28: О | K28: НУ | L28: НУ | M28: НУ | N28: НКУ | O28: НУ | P28: НУ | Q28: НКУ | R28: НУ | S28: НУ | T28: НУ | U28: НУ | V28: НУ | W28: НУ | X28: НУ | Y28: НУ | Z28: НУ | AA28: О | AB28: О | AC28: О | AD28: О | AE28: О | AF28: О | AG28: О | AH28: О | AI28: О | AJ28: ОМ | AK28: ОМ | AL28: ОМ | AM28: ОМ
A29: - | B29: - | C29: Размерность элемента | D29: (=36) | F29: (1-1000) | N29: (=1), значения:1|2|3|4|5 | Q29: (=1),значения:1|2
A30: SREG05 | B30: VARNAME | C30: Элемент | D30: 0 | E30: 0 | F30: 0 | G30: CounterpartyType | H30: INNOrgRegNumber | I30: CounterpartyName | J30: DigitalCode | K30: ContractNumber | L30: ContractDate | M30: AccountNumberDeposit | N30: 0 | O30: DebtControlled | P30: OutstandingDebtAppGroundUncontrolled | Q30: 0 | R30: EffectiveRateInfo | S30: EffectiveRateInfo | T30: DeterminationMethod | U30: LimitValueDataInfo | V30: LimitValueDataInfo | W30: LimitValueDataInfo | X30: LimitValueDataInfo | Y30: MaxMarketPrice | Z30: TaxInterestRate | AA30: RecognitionExpenseDate | AB30: SumDebtAccruedIntCurrency | AC30: CurrencyCode | AD30: RateExchange | AE30: SumDebtAccruedIntRUB | AF30: SumInterestExpenseRUB | AG30: DifferenceRevenue | AH30: SumInterestCalculatedRUB | AI30: SumInterestExpenseUncontrolledDebtRUB | AJ30: DocumentCode | AK30: DocNumber | AL30: DocDate | AM30: DocumentId
A31: SREG05 | B31: SERVDESCR | C31: Описание | D31: #N/A | E31: #N/A | F31: #N/A | G31: Контрагент. Принимает значение: 1 – физическое лицо | 2 – юридическое лицо | H31: ИНН / Регистрационный номер в стране регистрации контрагента Элемент обязателен для: 1) <OrgType> = 1 и <CounterpartyType> = 1 и <ControlledTransactions> = 1; 2) <OrgType> = 1 и <CounterpartyType> = 2; 3) <OrgType> = 2 или 3. | I31: Наименование контрагента / ФИО. Элемент обязателен для: 1) <OrgType> = 1 и <CounterpartyType> = 1 и <ControlledTransactions> = 1; 2) <OrgType> = 1 и <CounterpartyType> = 2; 3) <OrgType> = 2 или 3. | J31: Цифровой код государства постоянного местонахождения (налогового резидентства) контрагента. Элемент обязателен для <CounterpartyType> = 2. Принимает значение в соответствии с общероссийским классификатором стран мира (ОК (МК (ИСО 3166) 004-97) 025-2001. Общероссийский классификатор стран мира), утвержденным Постановлением Госстандарта России от 14.12.2001 N 529-ст | K31: Номер договора | L31: Дата договора. | M31: Номер счета вклада (депозита), банковского счета. Элемент обязателен для <RecordType> = "Расходы в виде процентов по депозитам, банковским вкладам"| "Расходы в виде процентов по договорам банковского счета"|"Расходы в виде процентов по банковским ссудам". | N31: #N/A | O31: Задолженность контролируемая. Принимает значения: 1 – да | 2 – нет | P31: Применение оснований для признания непогашенной задолженности неконтролируемой по п. 7-9 ст. 269 НК РФ. Принимает значение: 1 – да | 2 – нет. Элемент обязателен для <DebtControlled> = 2 | R31: Сведения о фактической ставке. | S31: Сведения о фактической ставке. | T31: Метод определения ставки, признаваемой для целей налогообложения. Принимает значение: 1 – исходя из интервала предельных значений по ст. 269 НК РФ | 2 – исходя из интервала рыночных цен | U31: Сведения о данных предельных значений. Элемент обязателен для <DeterminationMethod> = 1 | V31: Сведения о данных предельных значений. Элемент обязателен для <DeterminationMethod> = 1 | W31: Сведения о данных предельных значений. Элемент обязателен для <DeterminationMethod> = 1 | X31: Сведения о данных предельных значений. Элемент обязателен для <DeterminationMethod> = 1 | Y31: Максимальное значение интервала рыночных цен. Элемент обязателен для <DeterminationMethod> = 2 | Z31: Ставка по долговому обязательству, признаваемая для целей налогообложения, % | AA31: Дата признания расхода. Элемент обязателен для <INNOrgRegNumber> ≠ ПУСТО и <CounterpartyName> ≠ ПУСТО | AB31: Сумма начисленных процентов по долговому обязательству, в валюте Элемент обязателен для <INNOrgRegNumber> ≠ ПУСТО и <CounterpartyName> ≠ ПУСТО | AC31: Код валюты. Элемент обязателен для <INNOrgRegNumber> ≠ ПУСТО и <CounterpartyName> ≠ ПУСТО Заполняется применительно к <SumDebtAccruedIntCurrency>. Принимает значение в соответствии с общероссийским классификатором валют (ОК (МК (ИСО 4217) 003-97) 014-2000), утвержденным Постановлением Госстандарта России от 25.12.2000 N 405-ст | AD31: Курс ЦБ РФ. Элемент обязателен для <INNOrgRegNumber> ≠ ПУСТО и <CounterpartyName> ≠ ПУСТО Для <CurrencyCode> = 643 элемент принимает значение 1. Для <CurrencyCode> ≠ 643 элемент принимает значение в соответствии с значением из справочника Банка России значений курса иностранных валют, деленному на значение единиц, применительно к <CurrencyCode> и <RecognitionExpenseDate> | AE31: Сумма начисленных процентов по долговому обязательству, в рублях | AF31: Сумма расходов в виде процентов по долговому обязательству, не соответствующих критериям, указанным в п. 1 ст. 252 НК РФ, в рублях. Элемент обязателен при наличии оснований | AG31: Разница между фактическими расходами по сделке (группе однородных сделок) и расходами, полученными в результате корректировки цены в сделке (группе однородных сделок), не соответствующей рыночной цене, в рублях Элемент обязателен для <ControlledTransactions> = 1 и <TaxInterestRate> < <EffectiveRate> при самостоятельной корректировке налоговой базы по истечении календарного года | AH31: Сумма процентов, исчисленных исходя из предельного размера ставки процентов, в рублях. Элемент обязателен при <ControlledTransactions> = 1 | AI31: Сумма расходов в виде процентов по долговым обязательствам, не являющимся контролируемой задолженностью, подлежащих включению в состав расходов, в рублях. Элемент обязателен для 1) <DebtControlled> = 2; 2) <DebtControlled> = ПУСТО | AJ31: Код вида документа. Принимает значение кода вида документа по справочнику СПВДОК | AK31: Номер документа | AL31: Дата документа. | AM31: Идентификатор документа. Передается уникальный идентификатор, присвоенный документу в системе НП
A32: - | B32: - | C32: Признак обязательности элемента | D32: #N/A | E32: #N/A | F32: #N/A | G32: ОК | H32: НУ | I32: НУ | J32: НКУ | K32: О | L32: О | M32: НУ | N32: #N/A | O32: ОК | P32: НКУ | Q32: #N/A | R32: О | S32: О | T32: ОК | U32: НУ | V32: НУ | W32: НУ | X32: НУ | Y32: НУ | Z32: О | AA32: НУ | AB32: НУ | AC32: НКУ | AD32: НКУ | AE32: О | AF32: Н | AG32: НУ | AH32: НУ | AI32: НУ | AJ32: ОК | AK32: О | AL32: О | AM32: О
A33: - | B33: - | C33: Размерность элемента | D33: #N/A | E33: #N/A | F33: #N/A | G33: (=1), значения:1|2 | H33: (1-255) | I33: (1-255) | J33: (=3) | K33: (1-128) | M33: (1-25) | N33: #N/A | O33: (=1), значения:1|2 | P33: (=1), значения:1|2 | Q33: #N/A | T33: (=1), значения:1|2 | Y33: (8.6) | Z33: (8.6) | AB33: (17.2) | AC33: (=3) | AD33: (11.8) | AE33: (17.2) | AF33: (17.2) | AG33: (17.2) | AH33: (17.2) | AI33: (17.2) | AJ33: (=10) | AK33: (1-255) | AM33: (1-100)
A34: SREG05 | B34: VARNAME | C34: Элемент | D34: 0 | E34: 0 | F34: 0 | G34: 0 | H34: 0 | I34: 0 | J34: 0 | K34: 0 | L34: 0 | M34: 0 | N34: 0 | O34: 0 | P34: 0 | Q34: 0 | R34: EffectiveRate | S34: PeriodCapitalizationNumber | T34: 0 | U34: DebtTerm | V34: DebtRateType | W34: RaisingFundsDate | X34: MaxLimitValue | Y34: 0 | Z34: 0 | AA34: 0 | AB34: 0 | AC34: 0 | AD34: 0 | AE34: 0 | AF34: 0 | AG34: 0 | AH34: 0 | AI34: 0 | AJ34: 0 | AK34: 0 | AL34: 0 | AM34: 0
A35: SREG05 | B35: SERVDESCR | C35: Описание | D35: #N/A | E35: #N/A | F35: #N/A | G35: #N/A | H35: #N/A | I35: #N/A | J35: #N/A | K35: #N/A | L35: #N/A | M35: #N/A | N35: #N/A | O35: #N/A | P35: #N/A | Q35: #N/A | R35: Фактическая ставка по договору, % | S35: Число периодов капитализации процентов в месяц в соответствии с договором. Элемент обязателен при наличии в договоре условий капитализации процентов чаще, чем 1 раз в месяц | T35: #N/A | U35: Срок долгового обязательства в соответствии с договором, в календарных днях. | V35: Вид ставки долгового обязательства. Принимает значение: 1 – нефиксированная | 2 – фиксированная и неизменная | W35: Дата привлечения денежных средств. Элемент обязателен для <DebtRateType> = 2 | X35: Максимальное значение интервала предельных значений | Y35: #N/A | Z35: #N/A | AA35: #N/A | AB35: #N/A | AC35: #N/A | AD35: #N/A | AE35: #N/A | AF35: #N/A | AG35: #N/A | AH35: #N/A | AI35: #N/A | AJ35: #N/A | AK35: #N/A | AL35: #N/A | AM35: #N/A
A36: - | B36: - | C36: Признак обязательности элемента | D36: #N/A | E36: #N/A | F36: #N/A | G36: #N/A | H36: #N/A | I36: #N/A | J36: #N/A | K36: #N/A | L36: #N/A | M36: #N/A | N36: #N/A | O36: #N/A | P36: #N/A | Q36: #N/A | R36: О | S36: Н | T36: #N/A | U36: О | V36: ОК | W36: НУ | X36: О | Y36: #N/A | Z36: #N/A | AA36: #N/A | AB36: #N/A | AC36: #N/A | AD36: #N/A | AE36: #N/A | AF36: #N/A | AG36: #N/A | AH36: #N/A | AI36: #N/A | AJ36: #N/A | AK36: #N/A | AL36: #N/A | AM36: #N/A
A37: - | B37: - | C37: Размерность элемента | D37: #N/A | E37: #N/A | F37: #N/A | G37: #N/A | H37: #N/A | I37: #N/A | J37: #N/A | K37: #N/A | L37: #N/A | M37: #N/A | N37: #N/A | O37: #N/A | P37: #N/A | Q37: #N/A | R37: (8.6) | S37: (1-8) | T37: #N/A | U37: (1-10) | V37: (=1), значения:1|2 | X37: (8.6) | Y37: #N/A | Z37: #N/A | AA37: #N/A | AB37: #N/A | AC37: #N/A | AD37: #N/A | AE37: #N/A | AF37: #N/A | AG37: #N/A | AH37: #N/A | AI37: #N/A | AJ37: #N/A | AK37: #N/A | AL37: #N/A | AM37: #N/A
A38: SREG05 | B38: VariableType | C38: Тип элемента
A39: Элементы справочника регистров
A40: SREG05 | B40: KODRR | C40: Раздел регистра (1 - заголовочная часть, 2 - табличная часть) | D40: 2 | E40: 2 | F40: 2 | G40: 2 | H40: 2 | I40: 2 | J40: 2 | K40: 2 | L40: 2 | M40: 2 | N40: 2 | O40: 2 | P40: 2 | Q40: 2 | R40: 2 | S40: 2 | T40: 2 | U40: 2 | V40: 2 | W40: 2 | X40: 2 | Y40: 2 | Z40: 2 | AA40: 2 | AB40: 2 | AC40: 2 | AD40: 2 | AE40: 2 | AF40: 2 | AG40: 2 | AH40: 2 | AI40: 2 | AJ40: 2 | AK40: 2 | AL40: 2 | AM40: 2
A41: SREG05 | B41: NAIMCR | C41: Наименование графы регистра | D41: Идентификатор записи | E41: Дата записи | F41: Показатель | G41: Контрагент (1 - физическое лицо, 2 - юридическое лицо ) | H41: ИНН / Регистрационный номер в стране регистрации контрагента | I41: Наименование контрагента / ФИО | J41: Цифровой код государства постоянного местонахождения (налогового резидентства) контрагента | K41: Номер договора | L41: Дата договора | M41: Номер счета вклада (депозита), банковского счета | N41: Статус кредитора (1 - иностранное лицо, являющееся взаимозависимым, 2 - лицо, признаваемое взаимозависимым с иностранным лицом, 3 - иностранное лицо (1) и (или) его взаимозависимое лицо (2) выступает поручителем (гарантом) по долговому обязательству, 4 - иное лицо, задолженность которого признана контролируемой в судебном порядке, 5 - Иное лицо) | O41: Задолженность контролируемая (1 - да, 2 - нет) | P41: Применение оснований для признания непогашенной задолженности неконтролируемой по п. 7-9 ст. 269 НК РФ (1 - да, 2 - нет) | Q41: Контролируемая сделка (1 - да, 2 - нет) | R41: Фактическая ставка по договору, % | S41: Число периодов капитализации процентов в месяц в соответствии с договором | T41: Метод определения ставки, признаваемой для целей налогообложения (1 - исходя из интервала предельных значений по ст. 269 НК РФ, 2 - исходя из интервала рыночных цен) | U41: Срок долгового обязательства в соответствии с договором, в календарных днях | V41: Вид ставки долгового обязательства (1 - нефиксированная, 2 - фиксированная и неизменная) | W41: Дата привлечения денежных средств | X41: Максимальное значение интервала предельных значений | Y41: Максимальное значение интервала рыночных цен | Z41: Ставка по долговому обязательству, признаваемая для целей налогообложения, % | AA41: Дата признания расхода | AB41: Сумма начисленных процентов по долговому обязательству, в валюте | AC41: Код валюты | AD41: Курс ЦБ РФ | AE41: Сумма начисленных процентов по долговому обязательству, в рублях | AF41: Сумма расходов в виде процентов по долговому обязательству, не соответствующих критериям, указанным в п. 1 ст. 252 НК РФ, в рублях | AG41: Разница между фактическими расходами по сделке (группе однородных сделок) и расходами, полученными в результате корректировки цены в сделке (группе однородных сделок), не соответствующей рыночной цене, в рублях | AH41: Сумма процентов, исчисленных исходя из предельного размера ставки процентов, в рублях | AI41: Сумма расходов в виде процентов по долговым обязательствам, не являющимся контролируемой задолженностью, подлежащих включению в состав расходов, в рублях | AJ41: Код вида документа | AK41: Номер документа | AL41: Дата документа | AM41: Идентификатор документа
A42: SREG05 | B42: NUMCC | C42: Номер графы регистра | D42: 01 | E42: 02 | F42: 03 | G42: 04 | H42: 05 | I42: 06 | J42: 07 | K42: 08 | L42: 09 | M42: 10 | N42: 11 | O42: 12 | P42: 13 | Q42: 14 | R42: 15 | S42: 16 | T42: 17 | U42: 18 | V42: 19 | W42: 20 | X42: 21 | Y42: 22 | Z42: 23 | AA42: 24 | AB42: 25 | AC42: 26 | AD42: 27 | AE42: 28 | AF42: 29 | AG42: 30 | AH42: 31 | AI42: 32 | AJ42: 33 | AK42: 34 | AL42: 35 | AM42: 36
A43: SREG05 | B43: KODCR | C43: Код графы регистра | D43: 10102201 | E43: 10102202 | F43: 10102203 | G43: 10102204 | H43: 10102205 | I43: 10102206 | J43: 10102207 | K43: 10102208 | L43: 10102209 | M43: 10102210 | N43: 10102211 | O43: 10102212 | P43: 10102213 | Q43: 10102214 | R43: 10102215 | S43: 10102216 | T43: 10102217 | U43: 10102218 | V43: 10102219 | W43: 10102220 | X43: 10102221 | Y43: 10102222 | Z43: 10102223 | AA43: 10102224 | AB43: 10102225 | AC43: 10102226 | AD43: 10102227 | AE43: 10102228 | AF43: 10102229 | AG43: 10102230 | AH43: 10102231 | AI43: 10102232 | AJ43: 10102233 | AK43: 10102234 | AL43: 10102235 | AM43: 10102236
A44: SREG05 | B44: TYPECR | C44: Тип графы | D44: строка | E44: дата (ДД.ММ.ГГГГ) | F44: справочник | G44: число (0) | H44: строка | I44: строка | J44: справочник | K44: строка | L44: дата (ДД.ММ.ГГГГ) | M44: строка | N44: число (0) | O44: число (0) | P44: число (0) | Q44: число (0) | R44: число (0,000000) | S44: число (0) | T44: число (0) | U44: число (0) | V44: число (0) | W44: дата (ДД.ММ.ГГГГ) | X44: число (0,000000) | Y44: число (0,000000) | Z44: число (0,000000) | AA44: дата (ДД.ММ.ГГГГ) | AB44: число (0,00) | AC44: справочник | AD44: число (0,0000) | AE44: число (0,00) | AF44: число (0,00) | AG44: число (0,00) | AH44: число (0,00) | AI44: число (0,00) | AJ44: справочник | AK44: строка | AL44: дата (ДД.ММ.ГГГГ) | AM44: строка
A45: SREG06 | B45: NAIMSPR | C45: Наименование справочника | F45: Показатели классификатора ФНС | J45: Общероссийский классификатор стран мира ОК (МК (ИСО 3166) 004-97) 025-2001 (ОКВ), утвержденный Постановлением Госстандарта России от 14.12.2001 N 529-ст) | AC45: Общероссийский классификатор валют ОК (МК (ИСО 4217) 003-97) 014-2000 (ОКСМ), утвержденный Постановлением Госстандарта России от 25.12.2000 N 405-ст | AJ45: Ведомственный Справочник ФНС России – видов документов, возможных к истребованию у налогоплательщиков на основании статей 93.1, 105.29 Налогового кодекса Российской Федерации (СПВДОК), порядок ведения которого утвержден Приказом ФНС России от 24.03.2023 N ЕД-7-23/182@
A46: SREG06 | B46: KODSPR | C46: Код справочника | F46: 0000004 | J46: 0000006 | AC46: 0000005 | AJ46: 0000007
A47: Графы регистров и статьи НК РФ
A48: SREG09 | B48: PNK, STNK | C48: текстовый формат (для пояснений) | F48: пп. 2 п. 1 ст. 265 НК РФ | G48: п. 1 ст. 328 НК РФ | H48: п. 1 ст. 328 НК РФ | I48: п. 1 ст. 328 НК РФ | J48: п. 1 ст. 312 НК РФ | K48: п. 1 ст. 328 НК РФ | L48: п. 1 ст. 328 НК РФ | M48: п. 1 ст. 328 НК РФ | N48: п. 2 ст. 269 НК РФ п. 13 ст. 269 НК РФ | O48: п. 2 ст. 269 НК РФ | P48: п. 7, 7.1, 8, 9, 10, 12 ст. 269 НК РФ | Q48: абз. 3 п. 1 ст. 269 НК РФ | R48: абз. 3 п. 1 ст. 328 НК РФ | S48: абз. 3 п. 1 ст. 328 НК РФ | T48: п. 1.1 ст. 269 НК РФ | U48: пп. 3,4 п. 1.3 ст. 269 НК РФ | V48: пп. 1, 2 п. 1.3 ст. 269 НК РФ | W48: пп. 1 п. 1.3 ст. 269 НК РФ | X48: абз. 3 п. 1.1 ст. 269 НК РФ | Y48: абз. 4 п. 1.1 ст. 269 НК РФ | Z48: п. 1.1 ст. 269 НК РФ | AA48: п. 8 ст. 272 НК РФ пп. 12 п. 7 ст. 272 НК РФ | AB48: пп. 2 п. 1 ст. 265 НК РФ, п. 5 ст. 252 НК РФ | AC48: п. 10 ст. 272 НК РФ | AD48: п. 10 ст. 272 НК РФ | AE48: пп. 2 п. 1 ст. 265 НК РФ | AF48: п. 49 ст. 270 НК РФ | AG48: п. 6 ст. 105.3 НК РФ | AH48: п. 1.1 ст. 269 НК РФ | AI48: пп. 2 п. 1 ст. 265 НК РФ | AJ48: п. 1 ст. 328 НК РФ | AK48: п. 1 ст. 328 НК РФ | AL48: п. 1 ст. 328 НК РФ
A49: Алгоритмы граф регистров
A50: SREG10 | B50: ALG01 | C50: Формула условий переноса данных из других регистров
A51: SREG10 | B51: ALG02 | C51: Формула условий заполнения графы | H51: ="Заполняется, если гр"&$C$8&" = 1 и гр"&$G$43&" = 1 и гр"&$Q$43&" = 1 или гр"&$C$8&" = 1 и гр"&$G$43&" = 2 или гр"&$C$8&" = 2 или 3" -> Заполняется, если гр10102103 = 1 и гр10102204 = 1 и гр10102214 = 1 или гр10102103 = 1 и гр10102204 = 2 или гр10102103 = 2 или 3 | I51: ="Заполняется, если гр"&C8&" = 1 и гр"&G43&" = 1 и гр"&Q43&" = 1 или гр"&C8&" = 1 и гр"&G43&" = 2 или гр"&C8&" = 2 или 3" -> Заполняется, если гр10102103 = 1 и гр10102204 = 1 и гр10102214 = 1 или гр10102103 = 1 и гр10102204 = 2 или гр10102103 = 2 или 3 | J51: ="Заполняется, если гр"&G43&" = 2" -> Заполняется, если гр10102204 = 2 | K51: ="Заполняется, если гр"&H43&" и гр"&I43&" ≠ ПУСТО" -> Заполняется, если гр10102205 и гр10102206 ≠ ПУСТО | L51: ="Заполняется, если гр"&H43&" и гр"&I43&" ≠ ПУСТО" -> Заполняется, если гр10102205 и гр10102206 ≠ ПУСТО | M51: ="Заполняется, если гр"&H43&" и гр"&I43&" ≠ ПУСТО и гр"&F43&" = ""Расходы в виде процентов по депозитам, банковским вкладам"" или ""Расходы в виде процентов по договорам банковского счета"" или ""Расходы в виде процентов по банковским ссудам"". Графа не обязательна для заполнения." -> Заполняется, если гр10102205 и гр10102206 ≠ ПУСТО и гр10102203 = "Расходы в виде процентов по депозитам, банковским вкладам" или "Расходы в виде процентов по договорам банковского счета" или "Расходы в виде процентов по банковским ссудам". Графа не обязательна для заполнения. | N51: ="Заполняется, если гр"&'10109'!L43&" = 1" -> Заполняется, если гр10109209 = 1 | O51: ="Заполняется, если гр"&N43&" = 1 или 2 или 3 или 4" -> Заполняется, если гр10102211 = 1 или 2 или 3 или 4 | P51: ="Заполняется, если гр"&O43&" = 2" -> Заполняется, если гр10102212 = 2 | Q51: ="Заполняется, если гр"&C11&" = 34 или 46 или 50" -> Заполняется, если гр10102106 = 34 или 46 или 50 | R51: ="Заполняется, если гр"&Q43&" = 1" -> Заполняется, если гр10102214 = 1 | S51: ="Заполняется, если гр"&Q43&" = 1 при наличии в договоре условий капитализации процентов чаще, чем 1 раз в месяц" -> Заполняется, если гр10102214 = 1 при наличии в договоре условий капитализации процентов чаще, чем 1 раз в месяц | T51: ="Заполняется, если гр"&Q43&" = 1" -> Заполняется, если гр10102214 = 1 | U51: ="Заполняется, если гр"&T43&" = 1" -> Заполняется, если гр10102217 = 1 | V51: ="Заполняется, если гр"&T43&" = 1" -> Заполняется, если гр10102217 = 1 | W51: ="Заполняется, если гр"&V43&" = 2" -> Заполняется, если гр10102219 = 2 | X51: ="Заполняется, если гр"&T43&" = 1" -> Заполняется, если гр10102217 = 1 | Y51: ="Заполняется, если гр"&T43&" = 2" -> Заполняется, если гр10102217 = 2 | Z51: ="Заполняется, если гр"&Q43&" = 1" -> Заполняется, если гр10102214 = 1 | AA51: ="Заполняется, если гр"&H43&" и гр"&I43&" ≠ ПУСТО" -> Заполняется, если гр10102205 и гр10102206 ≠ ПУСТО | AB51: ="Заполняется, если гр"&H43&" и гр"&I43&" ≠ ПУСТО" -> Заполняется, если гр10102205 и гр10102206 ≠ ПУСТО | AC51: ="Заполняется, если гр"&H43&" и гр"&I43&" ≠ ПУСТО Заполняется применительно к гр"&AB43&"" -> Заполняется, если гр10102205 и гр10102206 ≠ ПУСТО Заполняется применительно к гр10102225 | AD51: ="Заполняется, если гр"&H43&" и гр"&I43&" ≠ ПУСТО" -> Заполняется, если гр10102205 и гр10102206 ≠ ПУСТО | AF51: Заполняется при наличии оснований | AG51: ="Заполняется, если гр"&Q43&" = 1 и гр"&Z43&" < гр"&R43&" при самостоятельной корректировке налоговой базы по истечении календарного года" -> Заполняется, если гр10102214 = 1 и гр10102223 < гр10102215 при самостоятельной корректировке налоговой базы по истечении календарного года | AH51: ="Заполняется, если гр"&Q43&" = 1" -> Заполняется, если гр10102214 = 1 | AI51: ="Заполняется, если гр"&O43&" = 2 или гр"&O43&" = ПУСТО" -> Заполняется, если гр10102212 = 2 или гр10102212 = ПУСТО
A52: SREG10 | B52: ALG03 | C52: Формула контрольного соотношения | X52: ="Если гр"&AC43&" = 643, то гр"&X43&" = гр"&'10110'!U43&" или Если гр"&AC43&" = 978, то гр"&X43&" = гр"&'10110'!Z43&" или Если гр"&AC43&" = 156, то гр"&X43&" = гр"&'10110'!AE43&" или Если гр"&AC43&" = 826, то гр"&X43&" = гр"&'10110'!AJ43&" или Если гр"&AC43&" = 756, то гр"&X43&" = гр"&'10110'!AO43&" или Если гр"&AC43&" = 392, то гр"&X43&" = гр"&'10110'!AT43&" или Если гр"&AC43&" ≠ 978, 156, 756, 392, 826, 643, то гр"&X43&" = гр"&'10110'!AY43&"" -> Если гр10102226 = 643, то гр10102221 = гр10110218 или Если гр10102226 = 978, то гр10102221 = гр10110223 или Если гр10102226 = 156, то гр10102221 = гр10110228 или Если гр10102226 = 826, то гр10102221 = гр10110233 или Если гр10102226 = 756, то гр10102221 = гр10110238 или Если гр10102226 = 392, то гр10102221 = гр10110243 или Если гр10102226 ≠ 978, 156, 756, 392, 826, 643, то гр10102221 = гр10110248 | Z52: ="Если гр"&T43&" = 1 и гр"&X43&" < гр"&R43&", то гр"&Z43&" = гр"&X43&", или Если гр"&T43&" = 1 и гр"&X43&" ≥ гр"&R43&", то гр"&Z43&" = гр"&R43&", или Если гр"&T43&" = 2 и гр"&Y43&" < гр"&R43&", то гр"&Z43&" = гр"&Y43&", или Если гр"&T43&" = 2 и гр"&Y43&" ≥ гр"&R43&", то гр"&Z43&" = гр"&R43 -> Если гр10102217 = 1 и гр10102221 < гр10102215, то гр10102223 = гр10102221, или Если гр10102217 = 1 и гр10102221 ≥ гр10102215, то гр10102223 = гр10102215, или Если гр10102217 = 2 и гр10102222 < гр10102215, то гр10102223 = гр10102222, или Если гр10102217 = 2 и гр10102222 ≥ гр10102215, то гр10102223 = гр10102215 | AD52: ="Если "&AC43&" = 643, то гр"&AD43&" = 1 Если "&AC43&" ≠ 643, то гр"&AD43&" = значению графы ""Курс"", деленному на значение графы ""Единиц"", Справочника Банка России значений курса иностранных валют"" применительно к гр"&AC43&" и применительно к гр"&AA43 -> Если 10102226 = 643, то гр10102227 = 1 Если 10102226 ≠ 643, то гр10102227 = значению графы "Курс", деленному на значение графы "Единиц", Справочника Банка России значений курса иностранных валют" применительно к гр10102226 и применительно к гр10102224 | AE52: ="Гр"&AE43&" = гр"&AB43&"*гр"&AD43&"" -> Гр10102228 = гр10102225*гр10102227
A53: SREG10 | B53: ALG03T | C53: Описание контрольного соотношения | X53: Если код валюты равен 643, то максимальное значение интервала предельных значений равно максимальному значению интервала предельных значений по Ключевой ставке ЦБ РФ из регистра 10110 или Если код валюты равен 978, то максимальное значение интервала предельных значений равно максимальному значению интервала предельных значений для ставки STR (EURIBOR), в евро из регистра 10110 или Если код валюты равен 156, то максимальное значение интервала предельных значений равно максимальному значению интервала предельных значений для ставки SHIBOR, в китайских юанях из регистра 10110 или Если код валюты равен 826, то максимальное значение интервала предельных значений равно максимальному значению интервала предельных значений для ставки SONIA (ЛИБОР), в фунтах стерлингов из регистра 10110 или Если код валюты равен 756, то максимальное значение интервала предельных значений равно максимальному значению интервала предельных значений для ставки SARON (ЛИБОР), в швейцарских франках из регистра 10110 или Если код валюты равен 392, то максимальное значение интервала предельных значений равно максимальному значению интервала предельных значений для ставки TONAR (ЛИБОР), в японских йенах из регистра 10110 или Если код валюты не равен 978, 156, 756, 392, 826, ПУСТО, то максимальное значение интервала предельных значений равно максимальному значению интервала предельных значений для ставки SOFR (ЛИБОР), в долларах США из регистра 10110. | Z53: Если метод определения ставки, признаваемой для целей налогообложения - исходя из интервала предельных значений по ст. 269 НК РФ и максимальное значение интервала предельных значений менее фактической ставки по договору, то ставка по долговому обязательству, признаваемая для целей налогообложения, равна максимальному значению интервала предельных значений, Если метод определения ставки, признаваемой для целей налогообложения - исходя из интервала предельных значений по ст. 269 НК РФ и максимальное значение интервала предельных значений больше или равно фактической ставке по договору, то ставка по долговому обязательству, признаваемая для целей налогообложения, равна фактической ставке по договору, Если метод определения ставки, признаваемой для целей налогообложения - исходя из интервала рыночных цен и максимальное значение интервала рыночных цен менее фактической ставки по договору, то ставка по долговому обязательству, признаваемая для целей налогообложения, равна максимальному значению интервала рыночных цен, Если метод определения ставки, признаваемой для целей налогообложения - исходя из интервала рыночных цен и максимальное значение интервала рыночных цен больше или равно фактической ставке по договору, то ставка по долговому обязательству, признаваемая для целей налогообложения, равна фактической ставке по договору. | AD53: Если код валюты равен 643, то курс ЦБ РФ равен 1. Если код валюты не равен 643, то курс ЦБ РФ, который соответствует значению графы "Курс", деленному на значение графы "Единиц", Справочника Банка России значений курса иностранных валют применительно к коду валюты, в которой выражена сумма долгового обязательства, вклада, депозита (база для начисления процентов) на дату признания расхода. | AE53: Сумма начисленных процентов по долговому обязательству, в рублях равна произведению суммы начисленных процентов по долговому обязательству, в валюте и курса ЦБ РФ.
A54: SREG10 | B54: KND | C54: Формула соответствия регистра и налоговой декларации

Sheet 10103
A1: содержание модели
A2: столбцы/строки с серой заливкой не трогать!
A3: Заголовочная часть регистра
A4: KODRR | B4: NUMCC | C4: KODCR | D4: NAIMCR | F4: TYPECR | G4: NAIMSPR | H4: KODSPR | I4: PNK, STNK | J4: ALG01
A5: Раздел регистра (1 - заголовочная часть, 2 - табличная часть) | B5: Номер графы регистра | C5: Код графы регистра | D5: Наименование графы регистра | F5: Тип графы | G5: Наименование справочника | H5: Код справочника | I5: текстовый формат (для пояснений) | J5: Формула условий переноса данных из других регистров
A6: 1 | B6: 01 | C6: 10103101 | D6: ИНН / Регистрационный номер в стране регистрации организации | F6: типовой элемент <ИННЮЛТип>
A7: 1 | B7: 02 | C7: 10103102 | D7: Наименование организации | F7: строка
A8: 1 | B8: 03 | C8: 10103103 | D8: Статус организации (1 - Банк или организация, занимающаяся лизинговой деятельностью; 2 - МХК, удовлетворяющая условиям применения пониженной ставки; 3 - прочая организация, в т.ч. прочая МХК) | F8: число (0) | I8: п. 3 ст. 269 НК РФ п. 4 ст 269 НК РФ пп. 5 п. 4 ст. 284 НК РФ
A9: 1 | B9: 04 | C9: 10103104 | D9: Код налога | E9: 12501 | F9: справочник | G9: Ведомственный Справочник ФНС России – перечень налогов, сборов, страховых взносов (Справочник СПНС), порядок ведения которого утвержден Приказом ФНС России от 18.04.2023 № ЕД-7-23/254@ | H9: 0000008
A10: 1 | B10: 05 | C10: 10103105 | D10: Наименование налога, сбора, страховых взносов | E10: Налог на прибыль | F10: справочник | G10: Ведомственный Справочник ФНС России – перечень налогов, сборов, страховых взносов (Справочник СПНС), порядок ведения которого утвержден Приказом ФНС России от 18.04.2023 № ЕД-7-23/254@ | H10: 0000008
A11: 1 | B11: 06 | C11: 10103106 | D11: Код отчетного (налогового) периода | F11: справочник | G11: Коды, определяющие отчетный (налоговый) период, установленные в Приложении N 1 к Порядку заполнения налоговой декларации по налогу на прибыль организаций, утвержденному приказом ФНС России от 02.10.2024 N ЕД-7-3/830@ | H11: 0000003
A12: 1 | B12: 07 | C12: 10103107 | D12: Отчетный год | F12: дата (ГГГГ)
A13: 1 | B13: 08 | C13: 10103108 | D13: Код регистра | E13: 10103 | F13: справочник
A14: 1 | B14: 09 | C14: 10103109 | D14: Наименование регистра | E14: Размер контролируемой задолженности | F14: справочник
A15: 1 | B15: 10 | C15: 10103110 | D15: Номер корректировки | F15: число (0)
A16: 1 | B16: 11 | C16: 10103111 | D16: Регистрационный номер декларации | F16: число (0)
A18: Табличная часть регистра
A19: Элементы сервиса
A20: SREG05 | B20: VARNAME | C20: Сервис | D20: TaxReg10102Info | E20: TaxReg10102Info | F20: TaxReg10102Info | G20: TaxReg10102Info | H20: TaxReg10102Info | I20: TaxReg10102Info | J20: TaxReg10102Info | K20: TaxReg10102Info | L20: TaxReg10102Info | M20: TaxReg10102Info | N20: TaxReg10102Info | O20: TaxReg10102Info | P20: TaxReg10102Info | Q20: TaxReg10102Info | R20: TaxReg10102Info | S20: TaxReg10102Info | T20: TaxReg10102Info | U20: TaxReg10102Info | V20: TaxReg10102Info | W20: TaxReg10102Info | X20: TaxReg10102Info
A21: SREG05 | B21: VARNAME | C21: Элемент | D21: TaxReg10102InfoBody | E21: TaxReg10102InfoBody | F21: TaxReg10102InfoBody | G21: TaxReg10102InfoBody | H21: TaxReg10102InfoBody | I21: TaxReg10102InfoBody | J21: TaxReg10102InfoBody | K21: TaxReg10102InfoBody | L21: TaxReg10102InfoBody | M21: TaxReg10102InfoBody | N21: TaxReg10102InfoBody | O21: TaxReg10102InfoBody | P21: TaxReg10102InfoBody | Q21: TaxReg10102InfoBody | R21: TaxReg10102InfoBody | S21: TaxReg10102InfoBody | T21: TaxReg10102InfoBody | U21: TaxReg10102InfoBody | V21: TaxReg10102InfoBody | W21: TaxReg10102InfoBody | X21: TaxReg10102InfoBody
A22: SREG05 | B22: VARNAME | C22: Элемент | D22: RegisterRecord10103 | E22: RegisterRecord10103 | F22: RegisterRecord10103 | G22: RegisterRecord10103 | H22: RegisterRecord10103 | I22: RegisterRecord10103 | J22: RegisterRecord10103 | K22: RegisterRecord10103 | L22: RegisterRecord10103 | M22: RegisterRecord10103 | N22: RegisterRecord10103 | O22: RegisterRecord10103 | P22: RegisterRecord10103 | Q22: RegisterRecord10103 | R22: RegisterRecord10103 | S22: RegisterRecord10103 | T22: RegisterRecord10103 | U22: RegisterRecord10103 | V22: RegisterRecord10103 | W22: RegisterRecord10103 | X22: RegisterRecord10103
A23: SREG05 | B23: SERVDESCR | C23: Описание | D23: Информация о записях регистра 10103. Элемент обязателен для <RegisterRecord10102/DebtInfo/DebtControlled> = 2 и <OutstandingDebtAppGroundUncontrolled> = 2 или <RegisterRecord10102/DebtInfo/DebtControlled> = 1 | E23: Информация о записях регистра 10103. Элемент обязателен для <DebtControlled> = 2 и <OutstandingDebtAppGroundUncontrolled> = 2 или <DebtControlled> = 1 | F23: Информация о записях регистра 10103. Элемент обязателен для <DebtControlled> = 2 и <OutstandingDebtAppGroundUncontrolled> = 2 или <DebtControlled> = 1 | G23: Информация о записях регистра 10103. Элемент обязателен для <DebtControlled> = 2 и <OutstandingDebtAppGroundUncontrolled> = 2 или <DebtControlled> = 1 | H23: Информация о записях регистра 10103. Элемент обязателен для <DebtControlled> = 2 и <OutstandingDebtAppGroundUncontrolled> = 2 или <DebtControlled> = 1 | I23: Информация о записях регистра 10103. Элемент обязателен для <DebtControlled> = 2 и <OutstandingDebtAppGroundUncontrolled> = 2 или <DebtControlled> = 1 | J23: Информация о записях регистра 10103. Элемент обязателен для <DebtControlled> = 2 и <OutstandingDebtAppGroundUncontrolled> = 2 или <DebtControlled> = 1 | K23: Информация о записях регистра 10103. Элемент обязателен для <DebtControlled> = 2 и <OutstandingDebtAppGroundUncontrolled> = 2 или <DebtControlled> = 1 | L23: Информация о записях регистра 10103. Элемент обязателен для <DebtControlled> = 2 и <OutstandingDebtAppGroundUncontrolled> = 2 или <DebtControlled> = 1 | M23: Информация о записях регистра 10103. Элемент обязателен для <DebtControlled> = 2 и <OutstandingDebtAppGroundUncontrolled> = 2 или <DebtControlled> = 1 | N23: Информация о записях регистра 10103. Элемент обязателен для <DebtControlled> = 2 и <OutstandingDebtAppGroundUncontrolled> = 2 или <DebtControlled> = 1 | O23: Информация о записях регистра 10103. Элемент обязателен для <DebtControlled> = 2 и <OutstandingDebtAppGroundUncontrolled> = 2 или <DebtControlled> = 1 | P23: Информация о записях регистра 10103. Элемент обязателен для <DebtControlled> = 2 и <OutstandingDebtAppGroundUncontrolled> = 2 или <DebtControlled> = 1 | Q23: Информация о записях регистра 10103. Элемент обязателен для <DebtControlled> = 2 и <OutstandingDebtAppGroundUncontrolled> = 2 или <DebtControlled> = 1 | R23: Информация о записях регистра 10103. Элемент обязателен для <DebtControlled> = 2 и <OutstandingDebtAppGroundUncontrolled> = 2 или <DebtControlled> = 1 | S23: Информация о записях регистра 10103. Элемент обязателен для <DebtControlled> = 2 и <OutstandingDebtAppGroundUncontrolled> = 2 или <DebtControlled> = 1 | T23: Информация о записях регистра 10103. Элемент обязателен для <DebtControlled> = 2 и <OutstandingDebtAppGroundUncontrolled> = 2 или <DebtControlled> = 1 | U23: Информация о записях регистра 10103. Элемент обязателен для <DebtControlled> = 2 и <OutstandingDebtAppGroundUncontrolled> = 2 или <DebtControlled> = 1 | V23: Информация о записях регистра 10103. Элемент обязателен для <DebtControlled> = 2 и <OutstandingDebtAppGroundUncontrolled> = 2 или <DebtControlled> = 1 | W23: Информация о записях регистра 10103. Элемент обязателен для <DebtControlled> = 2 и <OutstandingDebtAppGroundUncontrolled> = 2 или <DebtControlled> = 1 | X23: Информация о записях регистра 10103. Элемент обязателен для <DebtControlled> = 2 и <OutstandingDebtAppGroundUncontrolled> = 2 или <DebtControlled> = 1
A24: - | B24: - | C24: Признак обязательности элемента | D24: НМУ | E24: НМУ | F24: НМУ | G24: НМУ | H24: НМУ | I24: НМУ | J24: НМУ | K24: НМУ | L24: НМУ | M24: НМУ | N24: НМУ | O24: НМУ | P24: НМУ | Q24: НМУ | R24: НМУ | S24: НМУ | T24: НМУ | U24: НМУ | V24: НМУ | W24: НМУ | X24: НМУ
A25: - | B25: - | C25: Размерность элемента
A26: SREG05 | B26: VARNAME | C26: Элемент | D26: RecordId | E26: RecordDate | F26: CounterpartyInfo | G26: CounterpartyInfo | H26: ContractInfo10103 | I26: ContractInfo10103 | J26: InterdependentForeignEntityInfo | K26: InterdependentForeignEntityInfo | L26: PartShareROInfo10103 | M26: PartShareROInfo10103 | N26: PartShareROInfo10103 | O26: PartShareROInfo10103 | P26: PartShareROInfo10103 | Q26: PartShareROInfo10103 | R26: PartShareROInfo10103 | S26: PartShareROInfo10103 | T26: DebtControlledInfo | U26: DebtControlledInfo | V26: DebtControlledInfo | W26: DebtControlledInfo | X26: DebtControlledInfo
A27: SREG05 | B27: SERVDESCR | C27: Описание | D27: Идентификатор записи в системе налогоплательщика. Идентификатор должен быть уникальным по каждой записи. | E27: Дата записи в системе налогоплательщика. | F27: Сведения о контрагенте. | G27: Сведения о контрагенте. | H27: Сведения о договоре. | I27: Сведения о договоре. | J27: Сведения об иностранном взаимозависимом лице. | K27: Сведения об иностранном взаимозависимом лице. | L27: Сведения о доле участия. | M27: Сведения о доле участия. | N27: Сведения о доле участия. | O27: Сведения о доле участия. | P27: Сведения о доле участия. | Q27: Сведения о доле участия. | R27: Сведения о доле участия. | S27: Сведения о доле участия. | T27: Сведения о задолженности контролируемой. | U27: Сведения о задолженности контролируемой. | V27: Сведения о задолженности контролируемой. | W27: Сведения о задолженности контролируемой. | X27: Сведения о задолженности контролируемой.
A28: - | B28: - | C28: Признак обязательности элемента | D28: О | E28: О | F28: О | G28: О | H28: О | I28: О | J28: О | K28: О | L28: О | M28: О | N28: О | O28: О | P28: О | Q28: О | R28: О | S28: О | T28: О | U28: О | V28: О | W28: О | X28: О
A29: - | B29: - | C29: Размерность элемента | D29: (=36)
A30: SREG05 | B30: VARNAME | C30: Элемент | D30: 0 | E30: 0 | F30: INNOrgRegNumber | G30: CounterpartyName | H30: ContractNumber | I30: ContractDate | J30: InterdependentForeignEntityName | K30: InterdependentForeignEntityRegNumber | L30: DirectPartShareRO | M30: IndirectPartShareRO | N30: DirectIndirectPartShareRO | O30: IndicationAvailabilityDirectPartShareRO | P30: PartShareCPInfo | Q30: PartShareCPInfo | R30: PartShareCPInfo | S30: PartShareCPInfo | T30: DebtControlled | U30: MonitoredControlledDebtInfo10103 | V30: MonitoredControlledDebtInfo10103 | W30: MonitoredControlledDebtInfo10103 | X30: MonitoredControlledDebtInfo10103
A31: SREG05 | B31: SERVDESCR | C31: Описание | D31: #N/A | E31: #N/A | F31: ИНН / Регистрационный номер в стране регистрации (инкорпорации) контрагента. | G31: Наименование контрагента/ФИО. | H31: Номер договора | I31: Дата договора. | J31: Наименование иностранного лица, являющегося взаимозависимым с контрагентом. | K31: Регистрационный номер в стране регистрации (инкорпорации) иностранного лица, являющегося взаимозависимым с контрагентом. | L31: Доля прямого участия иностранного взаимозависимого лица в российской организации, % | M31: Доля косвенного участия иностранного взаимозависимого лица в российской организации, % | N31: Доля прямого и косвенного участия иностранного взаимозависимого лица в российской организации, % | O31: Признак наличия доли прямого участия каждого предыдущего лица в каждой последующей организации составляет более 50 %. Принимает значение: 1 – да | 2 – нет | P31: Сведения о доле участия иностранного взаимозависимого лица в контрагенте. Элемент обязателен для <LenderStatus> = 2 или 3 | Q31: Сведения о доле участия иностранного взаимозависимого лица в контрагенте. Элемент обязателен для <LenderStatus> = 2 или 3 | R31: Сведения о доле участия иностранного взаимозависимого лица в контрагенте. Элемент обязателен для <LenderStatus> = 2 или 3 | S31: Сведения о доле участия иностранного взаимозависимого лица в контрагенте. Элемент обязателен для <LenderStatus> = 2 или 3 | T31: Задолженность контролируемая. Принимает значения: 1 – да | 2 – нет | U31: Сведения о контролируемой задолженности. Элемент обязателен для <DebtControlled> = 1 | V31: Сведения о контролируемой задолженности. Элемент обязателен для <DebtControlled> = 1 | W31: Сведения о контролируемой задолженности. Элемент обязателен для <DebtControlled> = 1 | X31: Сведения о контролируемой задолженности. Элемент обязателен для <DebtControlled> = 1
A32: - | B32: - | C32: Признак обязательности элемента | D32: #N/A | E32: #N/A | F32: О | G32: О | H32: О | I32: О | J32: О | K32: О | L32: Н | M32: Н | N32: О | O32: OK | P32: НУ | Q32: НУ | R32: НУ | S32: НУ | T32: ОК | U32: НУ | V32: НУ | W32: НУ | X32: НУ
A33: - | B33: - | C33: Размерность элемента | D33: #N/A | E33: #N/A | F33: (1-255) | G33: (1-255) | H33: (1-128) | J33: (1-255) | K33: (1-255) | L33: (13.10) | M33: (13.10) | N33: (13.10) | O33: (=1), значения:1|2 | T33: (=1), значения:1|2
A34: SREG05 | B34: VARNAME | C34: Элемент | D34: 0 | E34: 0 | F34: 0 | G34: 0 | H34: 0 | I34: 0 | J34: 0 | K34: 0 | L34: 0 | M34: 0 | N34: 0 | O34: 0 | P34: DirectPartShareCP | Q34: IndirectPartShareCP | R34: DirectIndirectPartShareCP | S34: IndicationAvailabilityDirectPartShareCP | T34: 0 | U34: SumOutstandingDebtControlledCurrency | V34: CurrencyCode | W34: RateExchange | X34: SumOutstandingDebtControlledRUB
A35: SREG05 | B35: SERVDESCR | C35: Описание | D35: #N/A | E35: #N/A | F35: #N/A | G35: #N/A | H35: #N/A | I35: #N/A | J35: #N/A | K35: #N/A | L35: #N/A | M35: #N/A | N35: #N/A | O35: #N/A | P35: Доля прямого участия иностранного взаимозависимого лица в контрагенте, % | Q35: Доля косвенного участия иностранного взаимозависимого лица в контрагенте, % | R35: Доля прямого и косвенного участия иностранного взаимозависимого лица в контрагенте, % | S35: Признак наличия доли прямого участия каждого предыдущего лица в каждой последующей организации составляет более 50 %. Принимает значения: 1 – да | 2 – нет | T35: #N/A | U35: Сумма непогашенной задолженности по долговому обязательству, признаваемой контролируемой, в валюте. | V35: Код валюты. Заполняется применительно к <SumOutstandingDebtControlledCurrency>. Принимает значение в соответствии с общероссийским классификатором валют (ОК (МК (ИСО 4217) 003-97) 014-2000), утвержденным Постановлением Госстандарта России от 25.12.2000 N 405-ст | W35: Курс ЦБ РФ. Для <CurrencyCode> = 643 элемент принимает значение 1. Для <CurrencyCode> ≠ 643 элемент принимает значение в соответствии с значением графы "Курс", деленному на значение графы "Единиц" справочника Банка России значений курса иностранных валют" на последнюю дату отчетного периода. | X35: Сумма непогашенной задолженности по долговому обязательству, признаваемой контролируемой, в рублях
A36: - | B36: - | C36: Признак обязательности элемента | D36: #N/A | E36: #N/A | F36: #N/A | G36: #N/A | H36: #N/A | I36: #N/A | J36: #N/A | K36: #N/A | L36: #N/A | M36: #N/A | N36: #N/A | O36: #N/A | P36: Н | Q36: Н | R36: О | S36: ОК | T36: #N/A | U36: О | V36: О | W36: О | X36: О
A37: - | B37: - | C37: Размерность элемента | D37: #N/A | E37: #N/A | F37: #N/A | G37: #N/A | H37: #N/A | I37: #N/A | J37: #N/A | K37: #N/A | L37: #N/A | M37: #N/A | N37: #N/A | O37: #N/A | P37: (13.10) | Q37: (13.10) | R37: (13.10) | S37: (=1), значения:1|2 | T37: #N/A | U37: (17.2) | V37: (=3) | W37: (11.8) | X37: (17.2)
A38: SREG05 | B38: VariableType | C38: Тип элемента
A39: Элементы справочника регистров
A40: SREG05 | B40: KODRR | C40: Раздел регистра (1 - заголовочная часть, 2 - табличная часть) | D40: 2 | E40: 2 | F40: 2 | G40: 2 | H40: 2 | I40: 2 | J40: 2 | K40: 2 | L40: 2 | M40: 2 | N40: 2 | O40: 2 | P40: 2 | Q40: 2 | R40: 2 | S40: 2 | T40: 2 | U40: 2 | V40: 2 | W40: 2 | X40: 2
A41: SREG05 | B41: NAIMCR | C41: Наименование графы регистра | D41: Идентификатор записи | E41: Дата записи | F41: ИНН / Регистрационный номер в стране регистрации контрагента | G41: Наименование контрагента / ФИО | H41: Номер договора | I41: Дата договора | J41: Наименование взаимозависимого иностранного лица | K41: Регистрационный номер в стране регистрации взаимозависимого иностранного лица | L41: Доля прямого участия иностранного взаимозависимого лица в организации, % | M41: Доля косвенного участия иностранного взаимозависимого лица в организации, % | N41: Доля прямого и косвенного участия иностранного взаимозависимого лица в организации, % | O41: Признак наличия доли прямого участия каждого предыдущего лица в каждой последующей организации составляет более 50 % (1 - да, 2 - нет) | P41: Доля прямого участия иностранного взаимозависимого лица в контрагенте, % | Q41: Доля косвенного участия иностранного взаимозависимого лица в контрагенте, % | R41: Доля прямого и косвенного участия иностранного взаимозависимого лица в контрагенте, % | S41: Признак наличия доли прямого участия каждого предыдущего лица в каждой последующей организации составляет более 50 % (1 - да, 2 - нет) | T41: Задолженность контролируемая (1 - да, 2 - нет) | U41: Сумма непогашенной задолженности по долговому обязательству, признаваемой контролируемой, в валюте | V41: Код валюты | W41: Курс ЦБ РФ | X41: Сумма непогашенной задолженности по долговому обязательству, признаваемой контролируемой, в рублях
A42: SREG05 | B42: NUMCC | C42: Номер графы регистра | D42: 01 | E42: 02 | F42: 03 | G42: 04 | H42: 05 | I42: 06 | J42: 07 | K42: 08 | L42: 09 | M42: 10 | N42: 11 | O42: 12 | P42: 13 | Q42: 14 | R42: 15 | S42: 16 | T42: 17 | U42: 18 | V42: 19 | W42: 20 | X42: 21
A43: SREG05 | B43: KODCR | C43: Код графы регистра | D43: 10103201 | E43: 10103202 | F43: 10103203 | G43: 10103204 | H43: 10103205 | I43: 10103206 | J43: 10103207 | K43: 10103208 | L43: 10103209 | M43: 10103210 | N43: 10103211 | O43: 10103212 | P43: 10103213 | Q43: 10103214 | R43: 10103215 | S43: 10103216 | T43: 10103217 | U43: 10103218 | V43: 10103219 | W43: 10103220 | X43: 10103221
A44: SREG05 | B44: TYPECR | C44: Тип графы | D44: строка | E44: дата (ДД.ММ.ГГГГ) | F44: строка | G44: строка | H44: строка | I44: дата (ДД.ММ.ГГГГ) | J44: строка | K44: строка | L44: число (0,000000) | M44: число (0,000000) | N44: число (0,000000) | O44: число (0) | P44: число (0,000000) | Q44: число (0,000000) | R44: число (0,000000) | S44: число (0) | T44: число (0) | U44: число (0,00) | V44: справочник | W44: число (0,0000) | X44: число (0,00)
A45: SREG06 | B45: NAIMSPR | C45: Наименование справочника | V45: Общероссийский классификатор валют ОК (МК (ИСО 4217) 003-97) 014-2000 (ОКСМ), утвержденный Постановлением Госстандарта России от 25.12.2000 N 405-ст
A46: SREG06 | B46: KODSPR | C46: Код справочника | V46: 0000005
A47: Графы регистров и статьи НК РФ
A48: SREG09 | B48: PNK, STNK | C48: текстовый формат (для пояснений) | F48: п. 1 ст. 328 НК РФ | G48: п. 1 ст. 328 НК РФ | H48: п. 1 ст. 328 НК РФ | I48: п. 1 ст. 328 НК РФ | J48: п. 2 ст. 269 НК РФ | K48: п. 2 ст. 269 НК РФ | L48: п. 2 ст. 269 НК РФ | M48: п. 2 ст. 269 НК РФ | N48: п. 2 ст. 269 НК РФ | O48: п. 2 ст. 269 НК РФ | P48: п. 2 ст. 269 НК РФ | Q48: п. 2 ст. 269 НК РФ | R48: п. 2 ст. 269 НК РФ | S48: п. 2 ст. 269 НК РФ | T48: п. 2 ст. 269 НК РФ | U48: п. 3 ст. 269 НК РФ | V48: п. 10 ст. 272 НК РФ | W48: п. 10 ст. 272 НК РФ | X48: п. 3 ст. 269 НК РФ
A49: Алгоритмы граф регистров
A50: SREG10 | B50: ALG01 | C50: Формула условий переноса данных из других регистров | F50: ="Если гр"&'10102'!O43&" = 1 или гр"&'10102'!O43&" = 2 и гр"&'10102'!P43&" = 2, то гр"&F43&" = гр"&'10102'!H43&"" -> Если гр10102212 = 1 или гр10102212 = 2 и гр10102213 = 2, то гр10103203 = гр10102205 | G50: ="Если гр"&'10102'!O43&" = 1 или гр"&'10102'!O43&" = 2 и гр"&'10102'!P43&" = 2, то гр"&G43&" = гр"&'10102'!I43&"" -> Если гр10102212 = 1 или гр10102212 = 2 и гр10102213 = 2, то гр10103204 = гр10102206 | H50: ="Если гр"&'10102'!O43&" = 1 или гр"&'10102'!O43&" = 2 и гр"&'10102'!P43&" = 2, то гр"&H43&" = гр"&'10102'!K43&"" -> Если гр10102212 = 1 или гр10102212 = 2 и гр10102213 = 2, то гр10103205 = гр10102208 | I50: ="Если гр"&'10102'!O43&" = 1 или гр"&'10102'!O43&" = 2 и гр"&'10102'!P43&" = 2, то гр"&I43&" = гр"&'10102'!L43&"" -> Если гр10102212 = 1 или гр10102212 = 2 и гр10102213 = 2, то гр10103206 = гр10102209 | V50: ="Если гр"&T43&" = 1, то гр"&V43&" = гр"&'10102'!AC43&"" -> Если гр10103217 = 1, то гр10103219 = гр10102226
A51: SREG10 | B51: ALG02 | C51: Формула условий заполнения графы | P51: ="Заполняется, если гр"&'10102'!N43&" = 2 или 3" -> Заполняется, если гр10102211 = 2 или 3 | Q51: ="Заполняется, если гр"&'10102'!N43&" = 2 или 3" -> Заполняется, если гр10102211 = 2 или 3 | R51: ="Заполняется, если гр"&'10102'!N43&" = 2 или 3" -> Заполняется, если гр10102211 = 2 или 3 | S51: ="Заполняется, если гр"&'10102'!N43&" = 2 или 3" -> Заполняется, если гр10102211 = 2 или 3 | U51: ="Заполняется, если гр"&T43&" = 1" -> Заполняется, если гр10103217 = 1 | W51: ="Заполняется, если гр"&T43&" = 1" -> Заполняется, если гр10103217 = 1 | X51: ="Заполняется, если гр"&T43&" = 1" -> Заполняется, если гр10103217 = 1
A52: SREG10 | B52: ALG03 | C52: Формула контрольного соотношения | N52: ="гр"&N43&" = гр"&L43&" + гр"&M43 -> гр10103211 = гр10103209 + гр10103210 | R52: ="гр"&R43&" = гр"&P43&" + гр"&Q43 -> гр10103215 = гр10103213 + гр10103214 | T52: ="Если гр"&'10102'!N43&" = 1 и (гр"&N43&" > 25 и(или) гр"&O43&" = 1) , то гр"&T43&" = 1, или Если гр"&'10102'!N43&" = 2 и (гр"&N43&" > 25 и (или) гр"&O43&" = 1) и (гр"&R43&" > 25 и (или) гр"&S43&" = 1), то гр"&T43&" = 1, или Если гр"&'10102'!N43&" = 3 и (гр"&N43&" > 25 и (или) гр"&O43&" = 1), то гр"&T43&" = 1, или Если гр"&'10102'!N43&" = 3 и (гр"&N43&" > 25 и (или) гр"&O43&" = 1) и (гр"&R43&" > 25 и (или) гр"&S43&" = 1), то гр"&T43&" = 1, или Если (гр"&N43&" < 25 и гр"&O43&" = 2) и (гр"&R43&" < 25 и гр"&S43&" = 2), то гр"&T43&" = 2, или Если гр"&'10102'!N43&" = 4 и гр"&'10102'!O43&" = 1 , то гр"&T43&" = 1" -> Если гр10102211 = 1 и (гр10103211 > 25 и(или) гр10103212 = 1) , то гр10103217 = 1, или Если гр10102211 = 2 и (гр10103211 > 25 и (или) гр10103212 = 1) и (гр10103215 > 25 и (или) гр10103216 = 1), то гр10103217 = 1, или Если гр10102211 = 3 и (гр10103211 > 25 и (или) гр10103212 = 1), то гр10103217 = 1, или Если гр10102211 = 3 и (гр10103211 > 25 и (или) гр10103212 = 1) и (гр10103215 > 25 и (или) гр10103216 = 1), то гр10103217 = 1, или Если (гр10103211 < 25 и гр10103212 = 2) и (гр10103215 < 25 и гр10103216 = 2), то гр10103217 = 2, или Если гр10102211 = 4 и гр10102212 = 1 , то гр10103217 = 1 | W52: ="Если "&V43&" = 643, то гр"&W43&" = 1 Если "&V43&" ≠ 643, то гр"&W43&" = значению курса ЦБ РФ применительно к гр"&V43&" на последнюю дату отчетного периода. Под ""значением курса ЦБ РФ"", указанном выше, понимается значение графы ""Курс"", деленное на значение графы ""Единиц"", Справочника Банка России значений курса иностранных валют""" -> Если 10103219 = 643, то гр10103220 = 1 Если 10103219 ≠ 643, то гр10103220 = значению курса ЦБ РФ применительно к гр10103219 на последнюю дату отчетного периода. Под "значением курса ЦБ РФ", указанном выше, понимается значение графы "Курс", деленное на значение графы "Единиц", Справочника Банка России значений курса иностранных валют" | X52: ="Гр"&X43&" = гр"&W43&"*гр"&U43&"" -> Гр10103221 = гр10103220*гр10103218
A53: SREG10 | B53: ALG03T | C53: Описание контрольного соотношения | N53: Доля прямого и косвенного участия взаимозависимого лица в организации равна сумме доли прямого участия взаимозависимого лица в организации и доли косвенного участия взаимозависимого лица в организации. | R53: Доля прямого и косвенного участия взаимозависимого лица в контрагенте равна сумме доли прямого участия взаимозависимого лица в контрагенте и доли косвенного участия взаимозависимого лица в контрагенте. | T53: Задолженность признается контролируемой при статусе кредитора 1 ("иностранное лицо, являющееся взаимозависимым"), если доля прямого и косвенного участия иностранного взаимозависимого лица в организации составляет более 25% и (или) есть признак наличия доли прямого участия каждого предыдущего лица в каждой последующей организации более 50% или Задолженность признается контролируемой при статусе кредитора 2 ("лицо, признаваемое взаимозависимым с иностранным лицом"), если доля прямого и косвенного участия иностранного взаимозависимого лица в организации составляет более 25% и (или) есть признак наличия доли прямого участия каждого предыдущего лица в каждой последующей организации более 50% и доля прямого и косвенного участия иностранного взаимозависимого лица в контрагенте составляет более 25% и (или) есть признак наличия доли прямого участия каждого предыдущего лица в каждой последующей организации более 50% или Задолженность признается контролируемой при статусе кредитора 3 ("иностранное лицо, являющееся взаимозависимым"), если доля прямого и косвенного участия иностранного взаимозависимого лица в организации составляет более 25% и (или) есть признак наличия доли прямого участия каждого предыдущего лица в каждой последующей организации более 50% или Задолженность признается контролируемой при статусе кредитора 3 ("лицо, признаваемое взаимозависимым с иностранным лицом"), если доля прямого и косвенного участия иностранного взаимозависимого лица в организации составляет более 25% и (или) есть признак наличия доли прямого участия каждого предыдущего лица в каждой последующей организации более 50% и доля прямого и косвенного участия иностранного взаимозависимого лица в контрагенте составляет более 25% и (или) есть признак наличия доли прямого участия каждого предыдущего лица в каждой последующей организации более 50% или Задолженность не признается контролируемой, если доля прямого и косвенного участия иностранного взаимозависимого лица в организации меньше 25% и (или) отсутствует признак наличия доли прямого участия каждого предыдущего лица в каждой последующей организации более 50% и (или) доля прямого и косвенного участия иностранного взаимозависимого лица в контрагенте меньше 25% и (или) отсутствует признак наличия доли прямого участия каждого предыдущего лица в каждой последующей организации более 50% или Задолженность признается контролируемой при статусе кредитора 4 ("иное лицо, задолженность которого признана контролируемой в судебном порядке"). | W53: Если код валюты равен 643, то курс ЦБ РФ равен 1. Если код валюты не равен 643, то курс ЦБ РФ, который соответствует значению графы "Курс", деленному на значение графы "Единиц", Справочника Банка России значений курса иностранных валют применительно к коду валюты, в которой выражена сумма долгового обязательства, вклада, депозита (база для начисления процентов) на дату признания дохода. | X53: Сумма непогашенной задолженности по долговому обязательству, признаваемой контролируемой, в рублях равна произведению суммы непогашенной задолженности по долговому обязательству, признаваемой контролируемой, в валюте и курса ЦБ РФ.
A54: SREG10 | B54: KND | C54: Формула соответствия регистра и налоговой декларации

Sheet 10104
A1: содержание модели
A2: столбцы/строки с серой заливкой не трогать!
A3: Заголовочная часть регистра
A4: KODRR | B4: NUMCC | C4: KODCR | D4: NAIMCR | F4: TYPECR | G4: NAIMSPR | H4: KODSPR | I4: PNK, STNK | J4: ALG01
A5: Раздел регистра (1 - заголовочная часть, 2 - табличная часть) | B5: Номер графы регистра | C5: Код графы регистра | D5: Наименование графы регистра | F5: Тип графы | G5: Наименование справочника | H5: Код справочника | I5: текстовый формат (для пояснений) | J5: Формула условий переноса данных из других регистров
A6: 1 | B6: 01 | C6: 10104101 | D6: ИНН / Регистрационный номер в стране регистрации организации | F6: типовой элемент <ИННЮЛТип>
A7: 1 | B7: 02 | C7: 10104102 | D7: Наименование организации | F7: строка
A8: 1 | B8: 03 | C8: 10104103 | D8: Статус организации (1 - Банк или организация, занимающаяся лизинговой деятельностью; 2 - МХК, удовлетворяющая условиям применения пониженной ставки; 3 - прочая организация, в т.ч. прочая МХК) | F8: число (0) | I8: п. 3 ст. 269 НК РФ п. 4 ст 269 НК РФ пп. 5 п. 4 ст. 284 НК РФ
A9: 1 | B9: 04 | C9: 10104104 | D9: Код налога | E9: 12501 | F9: справочник | G9: Ведомственный Справочник ФНС России – перечень налогов, сборов, страховых взносов (Справочник СПНС), порядок ведения которого утвержден Приказом ФНС России от 18.04.2023 № ЕД-7-23/254@ | H9: 0000008
A10: 1 | B10: 05 | C10: 10104105 | D10: Наименование налога, сбора, страховых взносов | E10: Налог на прибыль | F10: справочник | G10: Ведомственный Справочник ФНС России – перечень налогов, сборов, страховых взносов (Справочник СПНС), порядок ведения которого утвержден Приказом ФНС России от 18.04.2023 № ЕД-7-23/254@ | H10: 0000008
A11: 1 | B11: 06 | C11: 10104106 | D11: Код отчетного (налогового) периода | F11: справочник | G11: Коды, определяющие отчетный (налоговый) период, установленные в Приложении N 1 к Порядку заполнения налоговой декларации по налогу на прибыль организаций, утвержденному приказом ФНС России от 02.10.2024 N ЕД-7-3/830@ | H11: 0000003
A12: 1 | B12: 07 | C12: 10104107 | D12: Отчетный год | F12: дата (ГГГГ)
A13: 1 | B13: 08 | C13: 10104108 | D13: Код регистра | E13: 10104 | F13: справочник
A14: 1 | B14: 09 | C14: 10104109 | D14: Наименование регистра | E14: Расходы в виде процентов по контролируемой задолженности | F14: справочник
A15: 1 | B15: 10 | C15: 10104110 | D15: Номер корректировки | F15: число (0)
A16: 1 | B16: 11 | C16: 10104111 | D16: Регистрационный номер декларации | F16: число (0)
A18: Табличная часть регистра
A19: Элементы сервиса
A20: SREG05 | B20: VARNAME | C20: Сервис | D20: TaxReg10102Info | E20: TaxReg10102Info | F20: TaxReg10102Info | G20: TaxReg10102Info | H20: TaxReg10102Info | I20: TaxReg10102Info | J20: TaxReg10102Info | K20: TaxReg10102Info | L20: TaxReg10102Info | M20: TaxReg10102Info | N20: TaxReg10102Info | O20: TaxReg10102Info | P20: TaxReg10102Info | Q20: TaxReg10102Info | R20: TaxReg10102Info | S20: TaxReg10102Info | T20: TaxReg10102Info | U20: TaxReg10102Info | V20: TaxReg10102Info | W20: TaxReg10102Info | X20: TaxReg10102Info
A21: SREG05 | B21: VARNAME | C21: Элемент | D21: TaxReg10102InfoBody | E21: TaxReg10102InfoBody | F21: TaxReg10102InfoBody | G21: TaxReg10102InfoBody | H21: TaxReg10102InfoBody | I21: TaxReg10102InfoBody | J21: TaxReg10102InfoBody | K21: TaxReg10102InfoBody | L21: TaxReg10102InfoBody | M21: TaxReg10102InfoBody | N21: TaxReg10102InfoBody | O21: TaxReg10102InfoBody | P21: TaxReg10102InfoBody | Q21: TaxReg10102InfoBody | R21: TaxReg10102InfoBody | S21: TaxReg10102InfoBody | T21: TaxReg10102InfoBody | U21: TaxReg10102InfoBody | V21: TaxReg10102InfoBody | W21: TaxReg10102InfoBody | X21: TaxReg10102InfoBody
A22: SREG05 | B22: VARNAME | C22: Элемент | D22: RegisterRecord10104 | E22: RegisterRecord10104 | F22: RegisterRecord10104 | G22: RegisterRecord10104 | H22: RegisterRecord10104 | I22: RegisterRecord10104 | J22: RegisterRecord10104 | K22: RegisterRecord10104 | L22: RegisterRecord10104 | M22: RegisterRecord10104 | N22: RegisterRecord10104 | O22: RegisterRecord10104 | P22: RegisterRecord10104 | Q22: RegisterRecord10104 | R22: RegisterRecord10104 | S22: RegisterRecord10104 | T22: RegisterRecord10104 | U22: RegisterRecord10104 | V22: RegisterRecord10104 | W22: RegisterRecord10104 | X22: RegisterRecord10104
A23: SREG05 | B23: SERVDESCR | C23: Описание | D23: Информация о записях регистра 10104. Элемент обязателен для <RegisterRecord10103/DebtControlledInfo/DebtControlled> = 1 | E23: Информация о записях регистра 10104. Элемент обязателен для <DebtControlled> = 1 | F23: Информация о записях регистра 10104. Элемент обязателен для <DebtControlled> = 1 | G23: Информация о записях регистра 10104. Элемент обязателен для <DebtControlled> = 1 | H23: Информация о записях регистра 10104. Элемент обязателен для <DebtControlled> = 1 | I23: Информация о записях регистра 10104. Элемент обязателен для <DebtControlled> = 1 | J23: Информация о записях регистра 10104. Элемент обязателен для <DebtControlled> = 1 | K23: Информация о записях регистра 10104. Элемент обязателен для <DebtControlled> = 1 | L23: Информация о записях регистра 10104. Элемент обязателен для <DebtControlled> = 1 | M23: Информация о записях регистра 10104. Элемент обязателен для <DebtControlled> = 1 | N23: Информация о записях регистра 10104. Элемент обязателен для <DebtControlled> = 1 | O23: Информация о записях регистра 10104. Элемент обязателен для <DebtControlled> = 1 | P23: Информация о записях регистра 10104. Элемент обязателен для <DebtControlled> = 1 | Q23: Информация о записях регистра 10104. Элемент обязателен для <DebtControlled> = 1 | R23: Информация о записях регистра 10104. Элемент обязателен для <DebtControlled> = 1 | S23: Информация о записях регистра 10104. Элемент обязателен для <DebtControlled> = 1 | T23: Информация о записях регистра 10104. Элемент обязателен для <DebtControlled> = 1 | U23: Информация о записях регистра 10104. Элемент обязателен для <DebtControlled> = 1 | V23: Информация о записях регистра 10104. Элемент обязателен для <DebtControlled> = 1 | W23: Информация о записях регистра 10104. Элемент обязателен для <DebtControlled> = 1 | X23: Информация о записях регистра 10104. Элемент обязателен для <DebtControlled> = 1
A24: - | B24: - | C24: Признак обязательности элемента | D24: НМУ | E24: НМУ | F24: НМУ | G24: НМУ | H24: НМУ | I24: НМУ | J24: НМУ | K24: НМУ | L24: НМУ | M24: НМУ | N24: НМУ | O24: НМУ | P24: НМУ | Q24: НМУ | R24: НМУ | S24: НМУ | T24: НМУ | U24: НМУ | V24: НМУ | W24: НМУ | X24: НМУ
A25: - | B25: - | C25: Размерность элемента
A26: SREG05 | B26: VARNAME | C26: Элемент | D26: RecordId | E26: RecordDate | F26: InterdependentForeignEntityInfo | G26: InterdependentForeignEntityInfo | H26: SumDebtControlledRUB | I26: EquityInfo | J26: EquityInfo | K26: EquityInfo | L26: EquityInfo | M26: DebtEquityRatioInfo | N26: DebtEquityRatioInfo | O26: CapitalizationRatioInfo | P26: CapitalizationRatioInfo | Q26: DebtInterestExpenseInfo | R26: DebtInterestExpenseInfo | S26: DebtInterestExpenseInfo | T26: DebtInterestExpenseInfo | U26: DocInfo | V26: DocInfo | W26: DocInfo | X26: DocInfo
A27: SREG05 | B27: SERVDESCR | C27: Описание | D27: Идентификатор записи в системе налогоплательщика. Идентификатор должен быть уникальным по каждой записи. | E27: Дата записи в системе налогоплательщика. | F27: Сведения об иностранном взаимозависимом лице. | G27: Сведения об иностранном взаимозависимом лице. | H27: Сумма контролируемой задолженности на последнее число отчетного (налогового) периода, в рублях. | I27: Сведения о собственном капитале. | J27: Сведения о собственном капитале. | K27: Сведения о собственном капитале. | L27: Сведения о собственном капитале. | M27: Сведения об отношении контролируемой задолженности к собственному капиталу. Элемент обязателен при <ShareholdersEquityRUB> > 0 | N27: Сведения об отношении контролируемой задолженности к собственному капиталу. Элемент обязателен при <ShareholdersEquityRUB> > 0 | O27: Сведения о коэффициенте капитализации. Элемент обязателен для <LimitExceedRatio> = 1 | P27: Сведения о коэффициенте капитализации. Элемент обязателен для <LimitExceedRatio> = 1 | Q27: Сведения о расходах в виде процентов по долговым обязательствам. | R27: Сведения о расходах в виде процентов по долговым обязательствам. | S27: Сведения о расходах в виде процентов по долговым обязательствам. | T27: Сведения о расходах в виде процентов по долговым обязательствам. | U27: Сведения о документах. | V27: Сведения о документах. | W27: Сведения о документах. | X27: Сведения о документах.
A28: - | B28: - | C28: Признак обязательности элемента | D28: О | E28: О | F28: О | G28: О | H28: О | I28: О | J28: О | K28: О | L28: О | M28: НУ | N28: НУ | O28: НУ | P28: НУ | Q28: О | R28: О | S28: О | T28: О | U28: ОМ | V28: ОМ | W28: ОМ | X28: ОМ
A29: - | B29: - | C29: Размерность элемента | D29: (=36) | H29: (17.2)
A30: SREG05 | B30: VARNAME | C30: Элемент | D30: 0 | E30: 0 | F30: InterdependentForeignEntityRegNumber | G30: InterdependentForeignEntityName | H30: 0 | I30: SumAssetRUB | J30: SumObligationRUB | K30: SumTaxDebtRUB | L30: ShareholdersEquityRUB | M30: SumDebtEquityRatioRUB | N30: LimitExceedRatio | O30: DirectIndirectPartShare | P30: CapitalizationRatio | Q30: SumInterestControlledDebtRUB | R30: LimitAmountInterestRUB | S30: SumInterestExpenseControlledDebtRUB | T30: DifferencePositiveRUB | U30: DocumentCode | V30: DocNumber | W30: DocDate | X30: DocumentId
A31: SREG05 | B31: SERVDESCR | C31: Описание | D31: #N/A | E31: #N/A | F31: Регистрационный номер в стране регистрации (инкорпорации) иностранного лица, являющегося взаимозависимым с контрагентом. | G31: Наименование иностранного лица, являющегося взаимозависимым с контрагентом. | H31: #N/A | I31: Сумма активов на последнее число отчетного (налогового) периода, в рублях | J31: Сумма обязательств на последнее число отчетного (налогового) периода, в рублях | K31: Сумма задолженности по налогам и сборам на последнее число отчетного (налогового) периода, в рублях | L31: Собственный капитал на последнее число отчетного (налогового) периода, в рублях | M31: Отношение контролируемой задолженности к собственному капиталу на последнее число отчетного (налогового) периода, в рублях | N31: Превышение установленного предела отношения контролируемой задолженности к собственному капиталу. Принимает значения: 1 – да | 2 – нет | O31: Доля прямого и косвенного участия иностранного взаимозависимого лица в российской организации, %. | P31: Коэффициент капитализации | Q31: Сумма процентов по контролируемой задолженности, фактически начисленных за отчетный (налоговый) период, в рублях. | R31: Предельный размер процентов, подлежащих включению в состав расходов, в рублях. Элемент обязателен для <LimitExceedRatio> = 1 | S31: Сумма процентов по контролируемой задолженности, подлежащих включению в состав расходов, в рублях Элемент обязателен для <LimitExceedRatio> = 1 | T31: Положительная разница между начисленными процентами и предельными процентами, приравниваемая к дивидендам, в рублях. Элемент обязателен для <LimitExceedRatio> = 1 | U31: Код вида документа. Принимает значение кода вида документа по справочнику СПВДОК | V31: Номер документа | W31: Дата документа. | X31: Идентификатор документа. Передается уникальный идентификатор, присвоенный документу в системе НП
A32: - | B32: - | C32: Признак обязательности элемента | D32: #N/A | E32: #N/A | F32: О | G32: О | H32: #N/A | I32: О | J32: О | K32: О | L32: О | M32: О | N32: ОК | O32: О | P32: О | Q32: О | R32: НУ | S32: О | T32: НУ | U32: ОК | V32: О | W32: О | X32: О
A33: - | B33: - | C33: Размерность элемента | D33: #N/A | E33: #N/A | F33: (1-255) | G33: (1-255) | H33: #N/A | I33: (17.2) | J33: (17.2) | K33: (17.2) | L33: (17.2) | M33: (17.2) | N33: (=1), значения:1|2 | O33: (13.10) | P33: (7.2) | Q33: (17.2) | R33: (17.2) | S33: (17.2) | T33: (17.2) | U33: (=10) | V33: (1-255) | X33: (1-100)
A34: SREG05 | B34: VARNAME | C34: Элемент | D34: 0 | E34: 0 | F34: 0 | G34: 0 | H34: 0 | I34: 0 | J34: 0 | K34: 0 | L34: 0 | M34: 0 | N34: 0 | O34: 0 | P34: 0 | Q34: 0 | R34: 0 | S34: 0 | T34: 0 | U34: 0 | V34: 0 | W34: 0 | X34: 0
A35: SREG05 | B35: SERVDESCR | C35: Описание | D35: #N/A | E35: #N/A | F35: #N/A | G35: #N/A | H35: #N/A | I35: #N/A | J35: #N/A | K35: #N/A | L35: #N/A | M35: #N/A | N35: #N/A | O35: #N/A | P35: #N/A | Q35: #N/A | R35: #N/A | S35: #N/A | T35: #N/A | U35: #N/A | V35: #N/A | W35: #N/A | X35: #N/A
A36: - | B36: - | C36: Признак обязательности элемента | D36: #N/A | E36: #N/A | F36: #N/A | G36: #N/A | H36: #N/A | I36: #N/A | J36: #N/A | K36: #N/A | L36: #N/A | M36: #N/A | N36: #N/A | O36: #N/A | P36: #N/A | Q36: #N/A | R36: #N/A | S36: #N/A | T36: #N/A | U36: #N/A | V36: #N/A | W36: #N/A | X36: #N/A
A37: - | B37: - | C37: Размерность элемента | D37: #N/A | E37: #N/A | F37: #N/A | G37: #N/A | H37: #N/A | I37: #N/A | J37: #N/A | K37: #N/A | L37: #N/A | M37: #N/A | N37: #N/A | O37: #N/A | P37: #N/A | Q37: #N/A | R37: #N/A | S37: #N/A | T37: #N/A | U37: #N/A | V37: #N/A | W37: #N/A | X37: #N/A
A38: SREG05 | B38: VariableType | C38: Тип элемента
A39: Элементы справочника регистров
A40: SREG05 | B40: KODRR | C40: Раздел регистра (1 - заголовочная часть, 2 - табличная часть) | D40: 2 | E40: 2 | F40: 2 | G40: 2 | H40: 2 | I40: 2 | J40: 2 | K40: 2 | L40: 2 | M40: 2 | N40: 2 | O40: 2 | P40: 2 | Q40: 2 | R40: 2 | S40: 2 | T40: 2 | U40: 2 | V40: 2 | W40: 2 | X40: 2
A41: SREG05 | B41: NAIMCR | C41: Наименование графы регистра | D41: Идентификатор записи | E41: Дата записи | F41: Регистрационный номер в стране регистрации взаимозависимого иностранного лица | G41: Наименование взаимозависимого иностранного лица | H41: Сумма контролируемой задолженности на последнее число отчетного (налогового) периода, в рублях | I41: Сумма активов на последнее число отчетного (налогового) периода, в рублях | J41: Сумма обязательств на последнее число отчетного (налогового) периода, в рублях | K41: Сумма задолженности по налогам и сборам на последнее число отчетного (налогового) периода, в рублях | L41: Собственный капитал на последнее число отчетного (налогового) периода, в рублях | M41: Отношение контролируемой задолженности к собственному капиталу на последнее число отчетного (налогового) периода, в рублях | N41: Превышение установленного предела отношения контролируемой задолженности к собственному капиталу (1 - да, 2 - нет) | O41: Доля прямого и косвенного участия иностранного взаимозависимого лица в российской организации, % | P41: Коэффициент капитализации | Q41: Сумма процентов по контролируемой задолженности, фактически начисленных за отчетный (налоговый) период, в рублях | R41: Предельный размер процентов, подлежащих включению в состав расходов, в рублях | S41: Сумма процентов по контролируемой задолженности, подлежащих включению в состав расходов, в рублях | T41: Положительная разница между начисленными процентами и предельными процентами, приравниваемая к дивидендам, в рублях | U41: Код вида документа | V41: Номер документа | W41: Дата документа | X41: Идентификатор документа
A42: SREG05 | B42: NUMCC | C42: Номер графы регистра | D42: 01 | E42: 02 | F42: 03 | G42: 04 | H42: 05 | I42: 06 | J42: 07 | K42: 08 | L42: 09 | M42: 10 | N42: 11 | O42: 12 | P42: 13 | Q42: 14 | R42: 15 | S42: 16 | T42: 17 | U42: 18 | V42: 19 | W42: 20 | X42: 21
A43: SREG05 | B43: KODCR | C43: Код графы регистра | D43: 10104201 | E43: 10104202 | F43: 10104203 | G43: 10104204 | H43: 10104205 | I43: 10104206 | J43: 10104207 | K43: 10104208 | L43: 10104209 | M43: 10104210 | N43: 10104211 | O43: 10104212 | P43: 10104213 | Q43: 10104214 | R43: 10104215 | S43: 10104216 | T43: 10104217 | U43: 10104218 | V43: 10104219 | W43: 10104220 | X43: 10104221
A44: SREG05 | B44: TYPECR | C44: Тип графы | D44: строка | E44: дата (ДД.ММ.ГГГГ) | F44: строка | G44: строка | H44: число (0,00) | I44: число (0,00) | J44: число (0,00) | K44: число (0,00) | L44: число (0,00) | M44: число (0,00) | N44: число (0) | O44: число (0,000000) | P44: число (0,00) | Q44: число (0,00) | R44: число (0,00) | S44: число (0,00) | T44: число (0,00) | U44: справочник | V44: строка | W44: дата (ДД.ММ.ГГГГ) | X44: строка
A45: SREG06 | B45: NAIMSPR | C45: Наименование справочника | U45: Ведомственный Справочник ФНС России – видов документов, возможных к истребованию у налогоплательщиков на основании статей 93.1, 105.29 Налогового кодекса Российской Федерации (СПВДОК), порядок ведения которого утвержден Приказом ФНС России от 24.03.2023 N ЕД-7-23/182@
A46: SREG06 | B46: KODSPR | C46: Код справочника | U46: 0000007
A47: Графы регистров и статьи НК РФ
A48: SREG09 | B48: PNK, STNK | C48: текстовый формат (для пояснений) | F48: п. 2 ст. 269 НК РФ | G48: п. 2 ст. 269 НК РФ | H48: п. 3 ст. 269 НК РФ | I48: п. 3 ст. 269 НК РФ | J48: п. 3 ст. 269 НК РФ | K48: абз. 3 п. 4 ст. 269 НК РФ | L48: п. 3 ст. 269 НК РФ | M48: п. 3 ст. 269 НК РФ | N48: п. 3 ст. 269 НК РФ | O48: абз. 2 п. 4 ст. 269 НК РФ | P48: абз. 2 п. 4 ст. 269 НК РФ | Q48: п. 4, 5 ст. 269 НК РФ | R48: п. 4 ст. 269 НК РФ | S48: п. 5 ст. 269 НК РФ | T48: п. 6 ст. 269 НК РФ | U48: п. 1 ст. 328 НК РФ | V48: п. 1 ст. 328 НК РФ | W48: п. 1 ст. 328 НК РФ
A49: Алгоритмы граф регистров
A50: SREG10 | B50: ALG01 | C50: Формула условий переноса данных из других регистров | F50: ="Если гр"&'10103'!T43&" = 1, то гр"&F43&" = гр"&'10103'!K43&"" -> Если гр10103217 = 1, то гр10104203 = гр10103208 | G50: ="Если гр"&'10103'!T43&" = 1, то гр"&G43&" = гр"&'10103'!J43&"" -> Если гр10103217 = 1, то гр10104204 = гр10103207 | H50: ="Если гр"&G43&" = гр"&'10103'!J43&" и гр"&F43&" = гр"&'10103'!K43&", то гр"&H43&" = ∑гр"&'10103'!X43&" применительно к уникальному идентификатору иностранного ВЗЛ по гр"&'10103'!K43&" и гр"&'10103'!J43&"" -> Если гр10104204 = гр10103207 и гр10104203 = гр10103208, то гр10104205 = ∑гр10103221 применительно к уникальному идентификатору иностранного ВЗЛ по гр10103208 и гр10103207 | O50: ="Если гр"&G43&" = гр"&'10103'!J43&" и гр"&F43&" = гр"&'10103'!K43&", то гр"&O43&" = гр"&'10103'!N43&"" -> Если гр10104204 = гр10103207 и гр10104203 = гр10103208, то гр10104212 = гр10103211 | Q50: ="Если гр"&'10102'!H43&" = гр"&'10103'!F43&" и гр"&'10103'!K43&" = гр"&F43&", то гр"&Q43&" = ∑гр"&'10102'!AE43&" по строкам регистра 10102, которые относятся к уникальному идентификатору по гр"&'10103'!J43&" и гр"&'10103'!K43&"" -> Если гр10102205 = гр10103203 и гр10103208 = гр10104203, то гр10104214 = ∑гр10102228 по строкам регистра 10102, которые относятся к уникальному идентификатору по гр10103207 и гр10103208
A51: SREG10 | B51: ALG02 | C51: Формула условий заполнения графы | M51: ="Заполняется, если гр"&L43&" > 0" -> Заполняется, если гр10104209 > 0 | N51: ="Заполняется, если гр"&L43&" > 0" -> Заполняется, если гр10104209 > 0 | O51: ="Заполняется, если гр"&N43&" = 1" -> Заполняется, если гр10104211 = 1 | P51: ="Заполняется, если гр"&N43&" = 1" -> Заполняется, если гр10104211 = 1 | R51: ="Заполняется, если гр"&N43&" = 1" -> Заполняется, если гр10104211 = 1 | S51: ="Заполняется, если гр"&N43&" = 1" -> Заполняется, если гр10104211 = 1 | T51: ="Заполняется, если гр"&N43&" = 1" -> Заполняется, если гр10104211 = 1
A52: SREG10 | B52: ALG03 | C52: Формула контрольного соотношения | L52: ="гр"&L43&" = гр"&I43&" - (гр"&J43&" - гр"&K43&")" -> гр10104209 = гр10104206 - (гр10104207 - гр10104208) | M52: ="гр"&M43&" = гр"&H43&" / гр"&L43 -> гр10104210 = гр10104205 / гр10104209 | N52: ="Если гр"&C8&" = 2 или 3 и гр"&M43&" > 3 или гр"&M43&" = ПУСТО, то гр"&N43&" = 1, или Если гр"&C8&" = 1 и гр"&M43&" > 12,5 или гр"&M43&" = ПУСТО, то гр"&N43&" = 1, или Если гр"&C8&" = 2 или 3 и гр"&M43&" < 3, то гр"&N43&" = 2, или Если гр"&C8&" = 1 и гр"&M43&" < 12,5, то гр"&N43&" = 2" -> Если гр10104103 = 2 или 3 и гр10104210 > 3 или гр10104210 = ПУСТО, то гр10104211 = 1, или Если гр10104103 = 1 и гр10104210 > 12,5 или гр10104210 = ПУСТО, то гр10104211 = 1, или Если гр10104103 = 2 или 3 и гр10104210 < 3, то гр10104211 = 2, или Если гр10104103 = 1 и гр10104210 < 12,5, то гр10104211 = 2 | P52: ="Если гр"&C8&" = 1 и если гр"&N43&" = 1, то гр"&P43&" = гр"&H43&" / (гр"&L43&"*гр"&O43&"/100) / 12,5 или Если гр"&C8&" = 2 или 3 и если гр"&N43&" = 1, то гр"&P43&" = гр"&H43&" / (гр"&L43&"*гр"&O43&"/100) / 3" -> Если гр10104103 = 1 и если гр10104211 = 1, то гр10104213 = гр10104205 / (гр10104209*гр10104212/100) / 12,5 или Если гр10104103 = 2 или 3 и если гр10104211 = 1, то гр10104213 = гр10104205 / (гр10104209*гр10104212/100) / 3 | R52: ="Если гр"&L43&" ≤ 0, то гр"&R43&" = 0 или Если гр"&L43&" > 0, то гр"&R43&" = гр"&Q43&" / гр"&P43 -> Если гр10104209 ≤ 0, то гр10104215 = 0 или Если гр10104209 > 0, то гр10104215 = гр10104214 / гр10104213 | S52: ="гр"&S43&" ≤ гр"&R43 -> гр10104216 ≤ гр10104215 | T52: ="Если гр"&R43&" = 0, то гр"&T43&" = гр"&Q43&" или Если гр"&Q43&" ≥ гр"&R43&", то гр"&T43&" = (гр"&Q43&" - гр"&R43&") или Если гр"&Q43&" ≤ гр"&R43&", то гр"&T43&" = 0" -> Если гр10104215 = 0, то гр10104217 = гр10104214 или Если гр10104214 ≥ гр10104215, то гр10104217 = (гр10104214 - гр10104215) или Если гр10104214 ≤ гр10104215, то гр10104217 = 0
A53: SREG10 | B53: ALG03T | C53: Описание контрольного соотношения | L53: Собственный капитал на последнее число отчетного (налогового) периода равен разнице между суммой активов на конец отчетного (налогового) периода и суммой обязательств на конец отчетного (налогового) периода за минусом суммы задолженности по налогам и сборам. | M53: Отношение контролируемой задолженности к собственному капиталу равно сумме контролируемой задолженности в рублях, деленной на собственный капитал на последнее число отчетного (налогового) периода. | N53: Принимает одно из значений: 1. "Да", если организация не является банком или организацией, занимающейся лизинговой деятельностью, и отношение контролируемой задолженности к собственному капиталу больше 3, или графа "Отношение контролируемой задолженности к собственному капиталу" не заполнена, или если организация является банком или организацией, занимающейся лизинговой деятельностью, и отношение контролируемой задолженности к собственному капиталу больше 12.5, или графа "Отношение контролируемой задолженности к собственному капиталу" не заполнена. 2. "Нет", если организация не является банком или организацией, занимающейся лизинговой деятельностью, и отношение контролируемой задолженности к собственному капиталу меньше 3, или если организация является банком или организацией, занимающейся лизинговой деятельностью, и отношение контролируемой задолженности к собственному капиталу меньше 12.5. | P53: Если организация является банком и превышен установленный предел отношения контролируемой задолженности к собственному капиталу, то коэффициент капитализации равен частному от деления отношения контролируемой задолженности в рублях к произведению собственного капитала на последнее число отчетного (налогового) периода на процентную долю прямого и косвенного участия взаимозависимого иностранного лица в российской организации, на 12.5, или Если организация не является банком и превышен установленный предел отношения контролируемой задолженности к собственному капиталу, то коэффициент капитализации равен частному от деления отношения контролируемой задолженности в рублях к произведению собственного капитала на последнее число отчетного (налогового) периода на процентную долю прямого и косвенного участия взаимозависимого иностранного лица в российской организации, на 3. | R53: Если собственный капитал на последнее число отчетного (налогового) периода меньше или равно 0, то предельный размер процентов, подлежащих включению в состав расходов, равен 0 или Если собственный капитал на последнее число отчетного (налогового) периода больше 0, то предельный размер процентов, подлежащих включению в состав расходов, равен отношению суммы процентов по контролируемой задолженности, фактически начисленных за отчетный (налоговый) период в рублях к коэффициенту капитализации. | S53: Сумма процентов по контролируемой задолженности, подлежащих включению в состав расходов, в рублях меньше либо равна предельному размеру процентов, подлежащих включению в состав расходов, в рублях. | T53: Если предельный размер процентов, подлежащих включению в состав расходов, в рублях равен 0 (нулю), то положительная разница между начисленными процентами и предельными процентами, приравниваемая к дивидендам, в рублях равна сумме процентов по контролируемой задолженности, фактически начисленных за отчетный (налоговый) период, в рублях или Если сумма процентов по контролируемой задолженности, фактически начисленных за отчетный (налоговый) период, в рублях больше или равно предельному размеру процентов, подлежащих включению в состав расходов, в рублях, то положительная разница между начисленными процентами и предельными процентами, приравниваемая к дивидендам, в рублях равна разнице между суммой процентов по контролируемой задолженности, фактически начисленных за отчетный (налоговый) период, в рублях и предельным размером процентов, подлежащих включению в состав расходов, в рублях) или Если сумма процентов по контролируемой задолженности, фактически начисленных за отчетный (налоговый) период, в рублях меньше или равно предельному размеру процентов, подлежащих включению в состав расходов, в рублях, то положительная разница между начисленными процентами и предельными процентами, приравниваемая к дивидендам, в рублях равна 0 (нулю).
A54: SREG10 | B54: KND | C54: Формула соответствия регистра и налоговой декларации

Sheet 10110
A1: содержание модели
A2: столбцы/строки с серой заливкой не трогать!
A3: Заголовочная часть регистра
A4: KODRR | B4: NUMCC | C4: KODCR | D4: NAIMCR | F4: TYPECR | G4: NAIMSPR | H4: KODSPR | I4: PNK, STNK | J4: ALG01
A5: Раздел регистра (1 - заголовочная часть, 2 - табличная часть) | B5: Номер графы регистра | C5: Код графы регистра | D5: Наименование графы регистра | F5: Тип графы | G5: Наименование справочника | H5: Код справочника | I5: текстовый формат (для пояснений) | J5: Формула условий переноса данных из других регистров
A6: 1 | B6: 01 | C6: 10110101 | D6: ИНН / Регистрационный номер в стране регистрации организации | F6: типовой элемент <ИННЮЛТип> | J6: ="гр"&$C$6&" = гр"&'10101'!$C$6&" и/или гр"&'10102'!$C$6&"" -> гр10110101 = гр10101101 и/или гр10102101
A7: 1 | B7: 02 | C7: 10110102 | D7: Наименование организации | F7: строка | J7: ="гр"&$C$7&" = гр"&'10101'!$C$7&" и/или гр"&'10102'!$C$7&"" -> гр10110102 = гр10101102 и/или гр10102102
A8: 1 | B8: 03 | C8: 10110103 | D8: Статус организации (1 - Банк или организация, занимающаяся лизинговой деятельностью; 2 - МХК, удовлетворяющая условиям применения пониженной ставки; 3 - прочая организация, в т.ч. прочая МХК) | F8: число (0) | I8: п. 3 ст. 269 НК РФ п. 4 ст 269 НК РФ пп. 5 п. 4 ст. 284 НК РФ | J8: ="гр"&$C$8&" = гр"&'10101'!$C$8&" и/или гр"&'10102'!$C$8&"" -> гр10110103 = гр10101103 и/или гр10102103
A9: 1 | B9: 04 | C9: 10110104 | D9: Код налога | E9: 012501 | F9: справочник | G9: Ведомственный Справочник ФНС России – перечень налогов, сборов, страховых взносов (Справочник СПНС), порядок ведения которого утвержден Приказом ФНС России от 18.04.2023 № ЕД-7-23/254@ | H9: 0000008
A10: 1 | B10: 05 | C10: 10110105 | D10: Наименование налога, сбора, страховых взносов | E10: Налог на прибыль | F10: справочник | G10: Ведомственный Справочник ФНС России – перечень налогов, сборов, страховых взносов (Справочник СПНС), порядок ведения которого утвержден Приказом ФНС России от 18.04.2023 № ЕД-7-23/254@ | H10: 0000008
A11: 1 | B11: 06 | C11: 10110106 | D11: Код отчетного (налогового) периода | F11: справочник | G11: Коды, определяющие отчетный (налоговый) период, установленные в Приложении N 1 к Порядку заполнения налоговой декларации по налогу на прибыль организаций, утвержденному приказом ФНС России от 02.10.2024 N ЕД-7-3/830@ | H11: 0000003 | J11: ="гр"&$C$11&" = гр"&'10101'!$C$11&" и/или гр"&'10102'!$C$11&"" -> гр10110106 = гр10101106 и/или гр10102106
A12: 1 | B12: 07 | C12: 10110107 | D12: Отчетный год | F12: дата (ГГГГ) | J12: ="гр"&$C$12&" = гр"&'10101'!$C$12&" и/или гр"&'10102'!$C$12&"" -> гр10110107 = гр10101107 и/или гр10102107
A13: 1 | B13: 08 | C13: 10110108 | D13: Код регистра | E13: 10110 | F13: справочник
A14: 1 | B14: 09 | C14: 10110109 | D14: Наименование регистра | E14: Расчет интервалов предельных значений процентных ставок по контролируемым сделкам | F14: справочник
A15: 1 | B15: 10 | C15: 10110110 | D15: Номер корректировки | F15: число (0)
A16: 1 | B16: 11 | C16: 10110111 | D16: Регистрационный номер декларации | F16: число (0)
A18: Табличная часть регистра
A19: Элементы сервиса
A20: SREG05 | B20: VARNAME | C20: Сервис
A21: SREG05 | B21: VARNAME | C21: Элемент
A22: SREG05 | B22: VARNAME | C22: Элемент
A23: SREG05 | B23: SERVDESCR | C23: Описание
A24: - | B24: - | C24: Признак обязательности элемента
A25: - | B25: - | C25: Размерность элемента
A26: SREG05 | B26: VARNAME | C26: Элемент
A27: SREG05 | B27: SERVDESCR | C27: Описание
A28: - | B28: - | C28: Признак обязательности элемента
A29: - | B29: - | C29: Размерность элемента
A30: SREG05 | B30: VARNAME | C30: Элемент
A31: SREG05 | B31: SERVDESCR | C31: Описание
... A38: SREG05 | B38: VariableType | C38: Тип элемента
A39: Элементы справочника регистров
A40: SREG05 | B40: KODRR | C40: Раздел регистра (1 - заголовочная часть, 2 - табличная часть) | D40: 2 | E40: 2 | F40: 2 | G40: 2 | H40: 2 | I40: 2 | J40: 2 | K40: 2 | L40: 2 | M40: 2 | N40: 2 | O40: 2 | P40: 2 | Q40: 2 | R40: 2 | S40: 2 | T40: 2 | U40: 2 | V40: 2 | W40: 2 | X40: 2 | Y40: 2 | Z40: 2 | AA40: 2 | AB40: 2 | AC40: 2 | AD40: 2 | AE40: 2 | AF40: 2 | AG40: 2 | AH40: 2 | AI40: 2 | AJ40: 2 | AK40: 2 | AL40: 2 | AM40: 2 | AN40: 2 | AO40: 2 | AP40: 2 | AQ40: 2 | AR40: 2 | AS40: 2 | AT40: 2 | AU40: 2 | AV40: 2 | AW40: 2 | AX40: 2 | AY40: 2 | AZ40: 2 | BA40: 2
A41: SREG05 | B41: NAIMCR | C41: Наименование графы регистра | D41: Идентификатор записи | E41: Дата записи | F41: Показатель | G41: Контрагент (1 - физическое лицо, 2 - прочая организация, в т.ч. прочая МХК; 3 - МХК, удовлетворяющая условиям применения пониженной ставки) | H41: ИНН / Регистрационный номер в стране регистрации контрагента | I41: Наименование контрагента / ФИО | J41: Номер договора | K41: Дата договора | L41: Номер счета вклада (депозита), банковского счета | M41: Код валюты | N41: Срок долгового обязательства в соответствии с договором, в календарных днях | O41: Вид ставки долгового обязательства (1 - нефиксированная, 2 - фиксированная и неизменная) | P41: Дата привлечения денежных средств | Q41: Дата признания доходов / расходов в виде процентов | R41: Фактическая ставка по договору, % | S41: Ключевая ставка ЦБ РФ (ставка рефинансирования ЦБ РФ), % | T41: Минимальное значение интервала предельных значений по Ключевой ставке ЦБ РФ | U41: Максимальное значение интервала предельных значений по Ключевой ставке ЦБ РФ | V41: Превышение фактической ставки минимального значения интервала предельных значений по Ключевой ставке ЦБ РФ (1 - да, 2 - нет) | W41: Менее максимального значения интервала предельных значений по Ключевой ставке ЦБ РФ (1 - да, 2 - нет) | X41: Ставка STR (EURIBOR), в евро | Y41: Минимальное значение интервала предельных значений для ставки STR (EURIBOR), в евро | Z41: Максимальное значение интервала предельных значений для ставки STR (EURIBOR), в евро | AA41: Превышение фактической ставки минимального значения интервала предельных значений для ставки STR (EURIBOR), в евро (1 - да, 2 - нет) | AB41: Менее максимального значения интервала предельных значений для ставки STR (EURIBOR), в евро (1 - да, 2 - нет) | AC41: Ставка SHIBOR, в китайских юанях | AD41: Минимальное значение интервала предельных значений для ставки SHIBOR, в китайских юанях | AE41: Максимальное значение интервала предельных значений для ставки SHIBOR, в китайских юанях | AF41: Превышение фактической ставки минимального значения интервала предельных значений для ставки SHIBOR, в китайских юанях (1 - да, 2 - нет) | AG41: Менее максимального значения интервала предельных значений для ставки SHIBOR, в китайских юанях (1 - да, 2 - нет) | AH41: Ставка SONIA, в фунтах стерлингов | AI41: Минимальное значение интервала предельных значений для ставки SONIA, в фунтах стерлингов | AJ41: Максимальное значение интервала предельных значений для ставки SONIA, в фунтах стерлингов | AK41: Превышение фактической ставки минимального значения интервала предельных значений для ставки SONIA, в фунтах стерлингов (1 - да, 2 - нет) | AL41: Менее максимального значения интервала предельных значений для ставки SONIA, в фунтах стерлингов (1 - да, 2 - нет) | AM41: Ставка SARON, в швейцарских франках | AN41: Минимальное значение интервала предельных значений для ставки SARON, в швейцарских франках | AO41: Максимальное значение интервала предельных значений для ставки SARON, в швейцарских франках | AP41: Превышение фактической ставки минимального значения интервала предельных значений для ставки SARON, в швейцарских франках (1 - да, 2 - нет) | AQ41: Менее максимального значение интервала предельных значений для ставки SARON, в швейцарских франках (1 - да, 2 - нет) | AR41: Ставка TONAR, в японских йенах | AS41: Минимальное значение интервала предельных значений для ставки TONAR, в японских йенах | AT41: Максимальное значение интервала предельных значений для ставки TONAR, в японских йенах | AU41: Превышение фактической ставки минимального значения интервала предельных значений для ставки TONAR, в японских йенах (1 - да, 2 - нет) | AV41: Менее максимального значение интервала предельных значений для ставки TONAR, в японских йенах (1 - да, 2 - нет) | AW41: Ставка SOFR, в долларах США | AX41: Минимальное значение интервала предельных значений для ставки SOFR, в долларах США | AY41: Максимальное значение интервала предельных значений для ставки SOFR, в долларах США | AZ41: Превышение фактической ставки минимального значения интервала предельных значений для ставки SOFR, в долларах США (1 - да, 2 - нет) | BA41: Менее максимального значение интервала предельных значений для ставки SOFR, в долларах США (1 - да, 2 - нет)
A42: SREG05 | B42: NUMCC | C42: Номер графы регистра | D42: 01 | E42: 02 | F42: 03 | G42: 04 | H42: 05 | I42: 06 | J42: 07 | K42: 08 | L42: 09 | M42: 10 | N42: 11 | O42: 12 | P42: 13 | Q42: 14 | R42: 15 | S42: 16 | T42: 17 | U42: 18 | V42: 19 | W42: 20 | X42: 21 | Y42: 22 | Z42: 23 | AA42: 24 | AB42: 25 | AC42: 26 | AD42: 27 | AE42: 28 | AF42: 29 | AG42: 30 | AH42: 31 | AI42: 32 | AJ42: 33 | AK42: 34 | AL42: 35 | AM42: 36 | AN42: 37 | AO42: 38 | AP42: 39 | AQ42: 40 | AR42: 41 | AS42: 42 | AT42: 43 | AU42: 44 | AV42: 45 | AW42: 46 | AX42: 47 | AY42: 48 | AZ42: 49 | BA42: 50
A43: SREG05 | B43: KODCR | C43: Код графы регистра | D43: 10110201 | E43: 10110202 | F43: 10110203 | G43: 10110204 | H43: 10110205 | I43: 10110206 | J43: 10110207 | K43: 10110208 | L43: 10110209 | M43: 10110210 | N43: 10110211 | O43: 10110212 | P43: 10110213 | Q43: 10110214 | R43: 10110215 | S43: 10110216 | T43: 10110217 | U43: 10110218 | V43: 10110219 | W43: 10110220 | X43: 10110221 | Y43: 10110222 | Z43: 10110223 | AA43: 10110224 | AB43: 10110225 | AC43: 10110226 | AD43: 10110227 | AE43: 10110228 | AF43: 10110229 | AG43: 10110230 | AH43: 10110231 | AI43: 10110232 | AJ43: 10110233 | AK43: 10110234 | AL43: 10110235 | AM43: 10110236 | AN43: 10110237 | AO43: 10110238 | AP43: 10110239 | AQ43: 10110240 | AR43: 10110241 | AS43: 10110242 | AT43: 10110243 | AU43: 10110244 | AV43: 10110245 | AW43: 10110246 | AX43: 10110247 | AY43: 10110248 | AZ43: 10110249 | BA43: 10110250
A44: SREG05 | B44: TYPECR | C44: Тип графы | D44: строка | E44: дата (ДД.ММ.ГГГГ) | F44: справочник | G44: число (0) | H44: строка | I44: строка | J44: строка | K44: дата (ДД.ММ.ГГГГ) | L44: строка | M44: справочник | N44: число (0) | O44: число (0) | P44: дата (ДД.ММ.ГГГГ) | Q44: дата (ДД.ММ.ГГГГ) | R44: число (0,000000) | S44: число (0,000000) | T44: число (0,000000) | U44: число (0,000000) | V44: число (0) | W44: число (0) | X44: число (0,000000) | Y44: число (0,000000) | Z44: число (0,000000) | AA44: число (0) | AB44: число (0) | AC44: число (0,000000) | AD44: число (0,000000) | AE44: число (0,000000) | AF44: число (0) | AG44: число (0) | AH44: число (0,000000) | AI44: число (0,000000) | AJ44: число (0,000000) | AK44: число (0) | AL44: число (0) | AM44: число (0,000000) | AN44: число (0,000000) | AO44: число (0,000000) | AP44: число (0) | AQ44: число (0) | AR44: число (0,000000) | AS44: число (0,000000) | AT44: число (0,000000) | AU44: число (0) | AV44: число (0) | AW44: число (0,000000) | AX44: число (0,000000) | AY44: число (0,000000) | AZ44: число (0) | BA44: число (0)
A45: SREG06 | B45: NAIMSPR | C45: Наименование справочника | F45: Показатели классификатора ФНС | M45: Общероссийский классификатор валют ОК (МК (ИСО 4217) 003-97) 014-2000 (ОКСМ), утвержденный Постановлением Госстандарта России от 25.12.2000 N 405-ст
A46: SREG06 | B46: KODSPR | C46: Код справочника | F46: 0000004 | M46: 0000005
A47: Графы регистров и статьи НК РФ
A48: SREG09 | B48: PNK, STNK | C48: текстовый формат (для пояснений) | F48: п. 6 ст. 250 НК РФ, пп. 2 п. 1 ст. 265 НК РФ пп. 14 п. 4 ст. 271 НК РФ пп. 14.4 п. 4 ст. 271 НК РФ | G48: п. 1 ст. 328 НК РФ | H48: п. 1 ст. 328 НК РФ | I48: п. 1 ст. 328 НК РФ | J48: п. 1 ст. 328 НК РФ | K48: п. 1 ст. 328 НК РФ | L48: п. 1 ст. 328 НК РФ | M48: п. 8 ст. 271 НК РФ, п. 10 ст. 272 НК РФ | N48: пп. 3 п. 1.3 ст. 269 НК РФ | O48: пп. 1 п. 1.3 ст. 269 НК РФ | P48: пп. 1 п. 1.3 ст. 269 НК РФ | Q48: п. 6 ст. 271 НК РФ, пп. 14 п. 4 ст. 271 НК РФ пп. 14.4 п. 4 ст. 271 НК РФ п. 8 ст. 272 НК РФ | R48: абз. 3 п. 1 ст. 328 НК РФ | S48: пп. 1, 2 п. 1.3 ст. 269 НК РФ | T48: пп. 1 п. 1.2 ст. 269 НК РФ | U48: пп. 1 п. 1.2 ст. 269 НК РФ | V48: абз. 2 п. 1.1 ст. 269 НК РФ | W48: абз. 3 п. 1.1 ст. 269 НК РФ | X48: пп. 1, 2, 4 п. 1.3 ст. 269 НК РФ | Y48: пп. 2 п. 1.2 ст. 269 НК РФ | Z48: пп. 2 п. 1.2 ст. 269 НК РФ | AA48: абз. 2 п. 1.1 ст. 269 НК РФ | AB48: абз. 3 п. 1.1 ст. 269 НК РФ | AC48: пп. 1, 2, 3 п. 1.3 ст. 269 НК РФ | AD48: пп. 3 п. 1.2 ст. 269 НК РФ | AE48: пп. 3 п. 1.2 ст. 269 НК РФ | AF48: абз. 2 п. 1.1 ст. 269 НК РФ | AG48: абз. 3 п. 1.1 ст. 269 НК РФ | AH48: пп. 1, 2, 4 п. 1.3 ст. 269 НК РФ | AI48: пп. 4 п. 1.2 ст. 269 НК РФ | AJ48: пп. 4 п. 1.2 ст. 269 НК РФ | AK48: абз. 2 п. 1.1 ст. 269 НК РФ | AL48: абз. 3 п. 1.1 ст. 269 НК РФ | AM48: пп. 1, 2, 4 п. 1.3 ст. 269 НК РФ | AN48: пп. 5 п. 1.2 ст. 269 НК РФ | AO48: пп. 5 п. 1.2 ст. 269 НК РФ | AP48: абз. 2 п. 1.1 ст. 269 НК РФ | AQ48: абз. 3 п. 1.1 ст. 269 НК РФ | AR48: пп. 1, 2, 4 п. 1.3 ст. 269 НК РФ | AS48: пп. 5 п. 1.2 ст. 269 НК РФ | AT48: пп. 5 п. 1.2 ст. 269 НК РФ | AU48: абз. 2 п. 1.1 ст. 269 НК РФ | AV48: абз. 3 п. 1.1 ст. 269 НК РФ | AW48: пп. 1, 2, 4 п. 1.3 ст. 269 НК РФ | AX48: пп. 6 п. 1.2 ст. 269 НК РФ | AY48: пп. 6 п. 1.2 ст. 269 НК РФ | AZ48: абз. 2 п. 1.1 ст. 269 НК РФ | BA48: абз. 3 п. 1.1 ст. 269 НК РФ
A49: Алгоритмы граф регистров
A50: SREG10 | B50: ALG01 | C50: Формула условий переноса данных из других регистров | F50: ="Если гр"&'10101'!M43&" = 1 и гр"&'10101'!O43&" = 1, то гр"&F43&" = гр"&'10101'!F43&" и (или) Если гр"&'10102'!Q43&" = 1 и гр"&'10102'!T43&" = 1, то гр"&F43&" = гр"&'10102'!F43&"" -> Если гр10101210 = 1 и гр10101212 = 1, то гр10110203 = гр10101203 и (или) Если гр10102214 = 1 и гр10102217 = 1, то гр10110203 = гр10102203 | G50: ="Если гр"&'10101'!M43&" = 1 и гр"&'10101'!O43&" = 1, то гр"&G43&" = гр"&'10101'!G43&" и (или) Если гр"&'10102'!Q43&" = 1 и гр"&'10102'!T43&" = 1, то гр"&G43&" = гр"&'10102'!G43&"" -> Если гр10101210 = 1 и гр10101212 = 1, то гр10110204 = гр10101204 и (или) Если гр10102214 = 1 и гр10102217 = 1, то гр10110204 = гр10102204 | H50: ="Если гр"&'10101'!M43&" = 1 и гр"&'10101'!O43&" = 1, то гр"&H43&" = гр"&'10101'!H43&" и (или) Если гр"&'10102'!Q43&" = 1 и гр"&'10102'!T43&" = 1, то гр"&H43&" = гр"&'10102'!H43&"" -> Если гр10101210 = 1 и гр10101212 = 1, то гр10110205 = гр10101205 и (или) Если гр10102214 = 1 и гр10102217 = 1, то гр10110205 = гр10102205 | I50: ="Если гр"&'10101'!M43&" = 1 и гр"&'10101'!O43&" = 1, то гр"&I43&" = гр"&'10101'!I43&" и (или) Если гр"&'10102'!Q43&" = 1 и гр"&'10102'!T43&" = 1, то гр"&I43&" = гр"&'10102'!I43&"" -> Если гр10101210 = 1 и гр10101212 = 1, то гр10110206 = гр10101206 и (или) Если гр10102214 = 1 и гр10102217 = 1, то гр10110206 = гр10102206 | J50: ="Если гр"&'10101'!M43&" = 1 и гр"&'10101'!O43&" = 1, то гр"&J43&" = гр"&'10101'!J43&" и (или) Если гр"&'10102'!Q43&" = 1 и гр"&'10102'!T43&" = 1, то гр"&J43&" = гр"&'10102'!K43&"" -> Если гр10101210 = 1 и гр10101212 = 1, то гр10110207 = гр10101207 и (или) Если гр10102214 = 1 и гр10102217 = 1, то гр10110207 = гр10102208 | K50: ="Если гр"&'10101'!M43&" = 1 и гр"&'10101'!O43&" = 1, то гр"&K43&" = гр"&'10101'!K43&" и (или) Если гр"&'10102'!Q43&" = 1 и гр"&'10102'!T43&" = 1, то гр"&K43&" = гр"&'10102'!L43&"" -> Если гр10101210 = 1 и гр10101212 = 1, то гр10110208 = гр10101208 и (или) Если гр10102214 = 1 и гр10102217 = 1, то гр10110208 = гр10102209 | L50: ="Если гр"&'10101'!M43&" = 1 и гр"&'10101'!O43&" = 1, то гр"&L43&" = гр"&'10101'!L43&" и (или) Если гр"&'10102'!Q43&" = 1 и гр"&'10102'!T43&" = 1, то гр"&L43&" = гр"&'10102'!M43&"" -> Если гр10101210 = 1 и гр10101212 = 1, то гр10110209 = гр10101209 и (или) Если гр10102214 = 1 и гр10102217 = 1, то гр10110209 = гр10102210 | M50: ="Если гр"&'10101'!M43&" = 1 и гр"&'10101'!O43&" = 1, то гр"&M43&" = гр"&'10101'!X43&" и (или) Если гр"&'10102'!Q43&" = 1 и гр"&'10102'!T43&" = 1, то гр"&M43&" = гр"&'10102'!AC43&"" -> Если гр10101210 = 1 и гр10101212 = 1, то гр10110210 = гр10101221 и (или) Если гр10102214 = 1 и гр10102217 = 1, то гр10110210 = гр10102226 | N50: ="Если гр"&'10101'!M43&" = 1 и гр"&'10101'!O43&" = 1, то гр"&N43&" = гр"&'10101'!P43&" и (или) Если гр"&'10102'!Q43&" = 1 и гр"&'10102'!T43&" = 1, то гр"&N43&" = гр"&'10102'!U43&"" -> Если гр10101210 = 1 и гр10101212 = 1, то гр10110211 = гр10101213 и (или) Если гр10102214 = 1 и гр10102217 = 1, то гр10110211 = гр10102218 | O50: ="Если гр"&'10101'!M43&" = 1 и гр"&'10101'!O43&" = 1, то гр"&O43&" = гр"&'10101'!Q43&" и (или) Если гр"&'10102'!Q43&" = 1 и гр"&'10102'!T43&" = 1, то гр"&O43&" = гр"&'10102'!V43&"" -> Если гр10101210 = 1 и гр10101212 = 1, то гр10110212 = гр10101214 и (или) Если гр10102214 = 1 и гр10102217 = 1, то гр10110212 = гр10102219 | P50: ="Если гр"&'10101'!M43&" = 1 и гр"&'10101'!O43&" = 1, то гр"&P43&" = гр"&'10101'!R43&" и (или) Если гр"&'10102'!Q43&" = 1 и гр"&'10102'!T43&" = 1, то гр"&P43&" = гр"&'10102'!W43&"" -> Если гр10101210 = 1 и гр10101212 = 1, то гр10110213 = гр10101215 и (или) Если гр10102214 = 1 и гр10102217 = 1, то гр10110213 = гр10102220 | Q50: ="Если гр"&'10101'!M43&" = 1 и гр"&'10101'!O43&" = 1, то гр"&Q43&" = гр"&'10101'!V43&" и (или) Если гр"&'10102'!Q43&" = 1 и гр"&'10102'!T43&" = 1, то гр"&Q43&" = гр"&'10102'!AA43&"" -> Если гр10101210 = 1 и гр10101212 = 1, то гр10110214 = гр10101219 и (или) Если гр10102214 = 1 и гр10102217 = 1, то гр10110214 = гр10102224 | R50: ="Если гр"&'10101'!M43&" = 1 и гр"&'10101'!O43&" = 1, то гр"&R43&" = гр"&'10101'!N43&" и (или) Если гр"&'10102'!Q43&" = 1 и гр"&'10102'!T43&" = 1, то гр"&R43&" = гр"&'10102'!R43&"" -> Если гр10101210 = 1 и гр10101212 = 1, то гр10110215 = гр10101211 и (или) Если гр10102214 = 1 и гр10102217 = 1, то гр10110215 = гр10102215
A51: SREG10 | B51: ALG02 | C51: Формула условий заполнения графы | Q51: ="Заполняется, если гр"&O43&" = 1" -> Заполняется, если гр10110212 = 1 | S51: ="Заполняется, если гр"&M43&" = 643" -> Заполняется, если гр10110210 = 643 | T51: ="Заполняется, если гр"&M43&" = 643 и гр"&F43&" содержит ""Доходы в виде процентов...""" -> Заполняется, если гр10110210 = 643 и гр10110203 содержит "Доходы в виде процентов..." | U51: ="Заполняется, если гр"&M43&" = 643 и гр"&F43&" содержит ""Расходы в виде процентов...""" -> Заполняется, если гр10110210 = 643 и гр10110203 содержит "Расходы в виде процентов..." | X51: ="Заполняется, если гр"&M43&" = 978" -> Заполняется, если гр10110210 = 978 | Y51: ="Заполняется, если гр"&M43&" = 978 и гр"&F43&" содержит ""Доходы в виде процентов…""" -> Заполняется, если гр10110210 = 978 и гр10110203 содержит "Доходы в виде процентов…" | Z51: ="Заполняется, если гр"&M43&" = 978 и гр"&F43&" содержит ""Расходы в виде процентов…""" -> Заполняется, если гр10110210 = 978 и гр10110203 содержит "Расходы в виде процентов…" | AC51: ="Заполняется, если гр"&M43&" = 156" -> Заполняется, если гр10110210 = 156 | AD51: ="Заполняется, если гр"&M43&" = 156 и гр"&F43&" содержит ""Доходы в виде процентов…""" -> Заполняется, если гр10110210 = 156 и гр10110203 содержит "Доходы в виде процентов…" | AE51: ="Заполняется, если гр"&M43&" = 156 и гр"&F43&" содержит ""Расходы в виде процентов…""" -> Заполняется, если гр10110210 = 156 и гр10110203 содержит "Расходы в виде процентов…" | AH51: ="Заполняется, если гр"&M43&" = 826" -> Заполняется, если гр10110210 = 826 | AI51: ="Заполняется, если гр"&M43&" = 826 и гр"&F43&" содержит ""Доходы в виде процентов…""" -> Заполняется, если гр10110210 = 826 и гр10110203 содержит "Доходы в виде процентов…" | AJ51: ="Заполняется, если гр"&M43&" = 826 и гр"&F43&" содержит ""Расходы в виде процентов…""" -> Заполняется, если гр10110210 = 826 и гр10110203 содержит "Расходы в виде процентов…" | AM51: ="Заполняется, если гр"&M43&" = 756" -> Заполняется, если гр10110210 = 756 | AN51: ="Заполняется, если гр"&M43&" = 756 и гр"&F43&" содержит ""Доходы в виде процентов…""" -> Заполняется, если гр10110210 = 756 и гр10110203 содержит "Доходы в виде процентов…" | AO51: ="Заполняется, если гр"&M43&" = 756 и гр"&F43&" содержит ""Расходы в виде процентов…""" -> Заполняется, если гр10110210 = 756 и гр10110203 содержит "Расходы в виде процентов…" | AR51: ="Заполняется, если гр"&M43&" = 392" -> Заполняется, если гр10110210 = 392 | AS51: ="Заполняется, если гр"&M43&" = 392 и гр"&F43&" содержит ""Доходы в виде процентов…""" -> Заполняется, если гр10110210 = 392 и гр10110203 содержит "Доходы в виде процентов…" | AT51: ="Заполняется, если гр"&M43&" = 392 и гр"&F43&" содержит ""Расходы в виде процентов…""" -> Заполняется, если гр10110210 = 392 и гр10110203 содержит "Расходы в виде процентов…" | AW51: ="Заполняется, если гр"&M43&" ≠ 978, 156, 756, 392, 826, 643" -> Заполняется, если гр10110210 ≠ 978, 156, 756, 392, 826, 643 | AX51: ="Заполняется, если гр"&M43&" ≠ 978, 156, 756, 392, 826, 643 и гр"&F43&" содержит ""Доходы в виде процентов…""" -> Заполняется, если гр10110210 ≠ 978, 156, 756, 392, 826, 643 и гр10110203 содержит "Доходы в виде процентов…" | AY51: ="Заполняется, если гр"&M43&" ≠ 978, 156, 756, 392, 826, 643 и гр"&F43&" содержит ""Расходы в виде процентов…""" -> Заполняется, если гр10110210 ≠ 978, 156, 756, 392, 826, 643 и гр10110203 содержит "Расходы в виде процентов…"
A52: SREG10 | B52: ALG03 | C52: Формула контрольного соотношения | S52: ="Если гр"&O43&" = 1, то гр"&S43&" применительно к гр"&Q43&", Если гр"&O43&" = 2, то гр"&S43&" применительно к гр"&P43 -> Если гр10110212 = 1, то гр10110216 применительно к гр10110214, Если гр10110212 = 2, то гр10110216 применительно к гр10110213 | T52: ="Если 0,1*гр"&S43&" >= 2, то гр"&T43&" = 0,1*гр"&S43&" или Если 0,1*гр"&S43&" < 2, то гр"&T43&" = 2" -> Если 0,1*гр10110216 >= 2, то гр10110217 = 0,1*гр10110216 или Если 0,1*гр10110216 < 2, то гр10110217 = 2 | U52: ="гр"&U43&" = 1,5*гр"&S43 -> гр10110218 = 1,5*гр10110216 | V52: ="Если гр"&R43&" >= гр"&T43&", то гр"&V43&" = 1, Если гр"&R43&" < гр"&T43&", то гр"&V43&" = 2" -> Если гр10110215 >= гр10110217, то гр10110219 = 1, Если гр10110215 < гр10110217, то гр10110219 = 2 | W52: ="Если гр"&R43&" <= гр"&U43&", то гр"&W43&" = 1, Если гр"&R43&" > гр"&U43&", то гр"&W43&" = 2" -> Если гр10110215 <= гр10110218, то гр10110220 = 1, Если гр10110215 > гр10110218, то гр10110220 = 2 | X52: ="Если гр"&O43&" = 1, то гр"&X43&" (STR) применительно к гр"&Q43&" на начало рабочего дня или Если гр"&O43&" = 2, то гр"&X43&" (STR) применительно к гр"&P43&" на начало рабочего дня" -> Если гр10110212 = 1, то гр10110221 (STR) применительно к гр10110214 на начало рабочего дня или Если гр10110212 = 2, то гр10110221 (STR) применительно к гр10110213 на начало рабочего дня | Y52: =" гр"&Y43&" = 1" -> гр10110222 = 1 | Z52: ="гр"&Z43&" = гр"&X43&" + 7" -> гр10110223 = гр10110221 + 7 | AA52: ="Если гр"&R43&" >= гр"&Y43&", то гр"&AA43&" = 1, Если гр"&R43&" < гр"&Y43&", то гр"&AA43&" = 2" -> Если гр10110215 >= гр10110222, то гр10110224 = 1, Если гр10110215 < гр10110222, то гр10110224 = 2 | AB52: ="Если гр"&R43&" <= гр"&Z43&", то гр"&AB43&" = 1, Если гр"&R43&" > гр"&Z43&", то гр"&AB43&" = 2" -> Если гр10110215 <= гр10110223, то гр10110225 = 1, Если гр10110215 > гр10110223, то гр10110225 = 2 | AC52: ="Если гр"&O43&" = 1, то гр"&AC43&" применительно к гр"&Q43&" и с учетом гр"&N43&" или Если гр"&O43&" = 2, то гр"&AC43&" применительно к гр"&P43&" и с учетом гр"&N43 -> Если гр10110212 = 1, то гр10110226 применительно к гр10110214 и с учетом гр10110211 или Если гр10110212 = 2, то гр10110226 применительно к гр10110213 и с учетом гр10110211 | AD52: ="гр"&AD43&" = 1" -> гр10110227 = 1 | AE52: ="гр"&AE43&" = гр"&AC43&" + 7" -> гр10110228 = гр10110226 + 7 | AF52: ="Если гр"&R43&" >= гр"&AD43&", то гр"&AF43&" = 1, Если гр"&R43&" < гр"&AD43&", то гр"&AF43&" = 2" -> Если гр10110215 >= гр10110227, то гр10110229 = 1, Если гр10110215 < гр10110227, то гр10110229 = 2 | AG52: ="Если гр"&R43&" <= гр"&AE43&", то гр"&AG43&" = 1, Если гр"&R43&" > гр"&AE43&", то гр"&AG43&" = 2" -> Если гр10110215 <= гр10110228, то гр10110230 = 1, Если гр10110215 > гр10110228, то гр10110230 = 2 | AH52: ="Если гр"&O43&" = 1, то гр"&AH43&" (SONIA) применительно к гр"&Q43&" на начало рабочего дня или Если гр"&O43&" = 2, то гр"&AH43&" (SONIA) применительно к гр"&P43&" на начало рабочего дня" -> Если гр10110212 = 1, то гр10110231 (SONIA) применительно к гр10110214 на начало рабочего дня или Если гр10110212 = 2, то гр10110231 (SONIA) применительно к гр10110213 на начало рабочего дня | AI52: ="гр"&AI43&" = 1" -> гр10110232 = 1 | AJ52: ="гр"&AJ43&" = гр"&AH43&" + 7" -> гр10110233 = гр10110231 + 7 | AK52: ="Если гр"&R43&" >= гр"&AI43&", то гр"&AK43&" = 1, Если гр"&R43&" < гр"&AI43&", то гр"&AK43&" = 2" -> Если гр10110215 >= гр10110232, то гр10110234 = 1, Если гр10110215 < гр10110232, то гр10110234 = 2 | AL52: ="Если гр"&R43&" <= гр"&AJ43&", то гр"&AL43&" = 1, Если гр"&R43&" > гр"&AJ43&", то гр"&AL43&" = 2" -> Если гр10110215 <= гр10110233, то гр10110235 = 1, Если гр10110215 > гр10110233, то гр10110235 = 2 | AM52: ="Если гр"&O43&" = 1, то гр"&AM43&" (SARON) применительно к гр"&Q43&" на начало рабочего дня или Если гр"&O43&" = 2, то гр"&AM43&" (SARON) применительно к гр"&P43&" на начало рабочего дня" -> Если гр10110212 = 1, то гр10110236 (SARON) применительно к гр10110214 на начало рабочего дня или Если гр10110212 = 2, то гр10110236 (SARON) применительно к гр10110213 на начало рабочего дня | AN52: ="гр"&AN43&" = 1" -> гр10110237 = 1 | AO52: ="гр"&AO43&" = гр"&AM43&" + 5" -> гр10110238 = гр10110236 + 5 | AP52: ="Если гр"&R43&" >=гр"&AN43&", то гр"&AP43&" = 1, Если гр"&R43&" < гр"&AN43&", то гр"&AP43&" = 2" -> Если гр10110215 >=гр10110237, то гр10110239 = 1, Если гр10110215 < гр10110237, то гр10110239 = 2 | AQ52: ="Если гр"&R43&" <= гр"&AO43&", то гр"&AQ43&" = 1, Если гр"&R43&" > гр"&AO43&", то гр"&AQ43&" = 2" -> Если гр10110215 <= гр10110238, то гр10110240 = 1, Если гр10110215 > гр10110238, то гр10110240 = 2 | AR52: ="Если гр"&O43&" = 1, то гр"&AR43&" (TONAR) применительно к гр"&Q43&" на начало рабочего дня или Если гр"&O43&" = 2, то гр"&AR43&" (TONAR) применительно к гр"&P43&" на начало рабочего дня" -> Если гр10110212 = 1, то гр10110241 (TONAR) применительно к гр10110214 на начало рабочего дня или Если гр10110212 = 2, то гр10110241 (TONAR) применительно к гр10110213 на начало рабочего дня | AS52: ="гр"&AS43&" = 1" -> гр10110242 = 1 | AT52: ="гр"&AT43&" = гр"&AR43&" + 5" -> гр10110243 = гр10110241 + 5 | AU52: ="Если гр"&R43&" >= гр"&AS43&", то гр"&AU43&" = 1, Если гр"&R43&" < гр"&AS43&", то гр"&AU43&" = 2" -> Если гр10110215 >= гр10110242, то гр10110244 = 1, Если гр10110215 < гр10110242, то гр10110244 = 2 | AV52: ="Если гр"&R43&" <= гр"&AT43&", то гр"&AV43&" = 1, Если гр"&R43&" > гр"&AT43&", то гр"&AV43&" = 2" -> Если гр10110215 <= гр10110243, то гр10110245 = 1, Если гр10110215 > гр10110243, то гр10110245 = 2 | AW52: ="Если гр"&O43&" = 1, то гр"&AW43&" (SOFR) применительно к гр"&Q43&" на начало рабочего дня или Если гр"&O43&" = 2, то гр"&AW43&" (SOFR) применительно к гр"&P43&" на начало рабочего дня" -> Если гр10110212 = 1, то гр10110246 (SOFR) применительно к гр10110214 на начало рабочего дня или Если гр10110212 = 2, то гр10110246 (SOFR) применительно к гр10110213 на начало рабочего дня | AX52: ="гр"&AX43&" = 1" -> гр10110247 = 1 | AY52: ="гр"&AY43&" = гр"&AW43&" + 7" -> гр10110248 = гр10110246 + 7 | AZ52: ="Если гр"&R43&" >= гр"&AX43&", то гр"&AZ43&" = 1, Если гр"&R43&" < гр"&AX43&", то гр"&AZ43&" = 2" -> Если гр10110215 >= гр10110247, то гр10110249 = 1, Если гр10110215 < гр10110247, то гр10110249 = 2 | BA52: ="Если гр"&R43&" <= гр"&AY43&", то гр"&BA43&" = 1, Если гр"&R43&" > гр"&AY43&", то гр"&BA43&" = 2" -> Если гр10110215 <= гр10110248, то гр10110250 = 1, Если гр10110215 > гр10110248, то гр10110250 = 2
A53: SREG10 | B53: ALG03T | C53: Описание контрольного соотношения | S53: Если долговое обязательство выражено в рублях и если ставка долгового обязательства - нефиксированная, то ключевая ставка ЦБ РФ указывается на дату признания доходов/расходов в виде процентов. Если долговое обязательство выражено в рублях и если ставка долгового обязательства - фиксированная и неизменная, то ключевая ставка ЦБ РФ указывается на дату привлечения денежных средств. | T53: Если долговое обязательство выражено в рублях и произведение 10% на ключевую ставку ЦБ РФ больше 2, то минимальное значение интервала предельных значений по ключевой ставке ЦБ РФ составляет 10% от ключевой ставки ЦБ РФ. Если долговое обязательство выражено в рублях и произведение 10% на ключевую ставку ЦБ РФ меньше 2, то минимальное значение интервала предельных значений равно 2. | U53: Если долговое обязательство выражено в рублях, то максимальное значение интервала предельных значений по ключевой ставке ЦБ РФ составляет 150% от ключевой ставки ЦБ РФ. | V53: Если фактическая ставка по договору больше минимального значения интервала предельных значений по ключевой ставке ЦБ, то 1. Если фактическая ставка по договору меньше минимального значения интервала предельных значений по ключевой ставке ЦБ, то 2. | W53: Если фактическая ставка по договору меньше максимального значения интервала предельных значений по ключевой ставке ЦБ, то 1. Если фактическая ставка по договору больше максимального значения интервала предельных значений по ключевой ставке ЦБ, то 2. | X53: Если долговое обязательство выражено в евро и ставка долгового обязательства - нефиксированная, то ставка STR в евро указывается на дату признания доходов/расходов в виде процентов на начало рабочего дня. Если ставка долгового обязательства - фиксированная и неизменная, то ставка STR в евро указывается на дату привлечения денежных средств на начало рабочего дня. | Y53: Если долговое обязательство выражено в евро, то минимальное значение интервала предельных значений для ставки STR (EURIBOR) - один процент. | Z53: Если долговое обязательство выражено в евро, то максимальное значение интервала предельных значений для ставки STR (EURIBOR) в евро определяется как ставка STR (EURIBOR) в евро, увеличенная на 7 процентных пунктов. | AA53: Если фактическая ставка по договору больше минимального значения интервала предельных значений для ставки STR в евро, то 1. Если фактическая ставка по договору меньше минимального значения интервала предельных значений для ставки STR в евро, то 2. | AB53: Если фактическая ставка по договору меньше максимального значения интервала предельных значений для ставки STR в евро, то 1. Если фактическая ставка по договору больше максимального значения интервала предельных значений для ставки STR в евро, то 2. | AC53: Если долговое обязательство выражено в китайских юанях и если ставка долгового обязательства - нефиксированная, то ставка SHIBOR в китайских юанях указывается на дату признания доходов/расходов в виде процентов с учетом срока долгового обязательства в календарных днях. Если ставка долгового обязательства - фиксированная и неизменная, то ставка SHIBOR в китайских юанях указывается на дату привлечения денежных средств с учетом срока долгового обязательства в календарных днях. | AD53: Если долговое обязательство выражено в китайских юанях, то минимальное значение интервала предельных значений для ставки SHIBOR в китайских юанях составляет 1%. | AE53: Если долговое обязательство выражено в китайских юанях, то максимальное значение интервала предельных значений для ставки SHIBOR в китайских юанях определяется как ставка SHIBOR в китайских юанях, увеличенная на 7 процентных пунктов. | AF53: Если фактическая ставка по договору больше минимального значения интервала предельных значений для ставки SHIBOR в китайских юанях, то 1. Если фактическая ставка по договору меньше минимального значения интервала предельных значений для ставки SHIBOR в китайских юанях, то 2. | AG53: Если фактическая ставка по договору меньше максимального значения интервала предельных значений для ставки SHIBOR в китайских юанях, то 1. Если фактическая ставка по договору больше максимального значения интервала предельных значений для ставки SHIBOR в китайских юанях, то 2. | AH53: Если долговое обязательство выражено в фунтах стерлингов и если ставка долгового обязательства - нефиксированная, то ставка SONIA в фунтах стерлингов указывается на дату признания доходов/расходов в виде процентов на начало рабочего дня. Если ставка долгового обязательства - фиксированная и неизменная, то ставка SONIA в фунтах стерлингов указывается на дату привлечения денежных средств на начало рабочего дня. | AI53: Если долговое обязательство выражено в фунтах стерлингов, то минимальное значение интервала предельных значений для ставки SONIA (ЛИБОР) в фунтах стерлингов составляет 1%. | AJ53: Если долговое обязательство выражено в фунтах стерлингов, то максимальное значение интервала предельных значений для ставки SONIA (ЛИБОР) в фунтах стерлингов составляет ставку SONIA (ЛИБОР) в фунтах стерлингов, увеличенную на 7 процентных пунктов. | AK53: Если фактическая ставка по договору больше минимального значения интервала предельных значений для ставки SONIA в фунтах стерлингов, то 1. Если фактическая ставка по договору меньше минимального значения интервала предельных значений для ставки SONIA в фунтах стерлингов, то 2. | AL53: Если фактическая ставка по договору меньше максимального значения интервала предельных значений для ставки SONIA в фунтах стерлингов, то 1. Если фактическая ставка по договору больше максимального значения интервала предельных значений для ставки SONIA в фунтах стерлингов, то 2. | AM53: Если долговое обязательство выражено в швейцарских франках и если ставка долгового обязательства - нефиксированная, то ставка SARON в швейцарских франках указывается на дату признания доходов/расходов в виде процентов на начало рабочего дня. Если ставка долгового обязательства - фиксированная и неизменная, то ставка SARON в швейцарских франках указывается на дату привлечения денежных средств на начало рабочего дня. | AN53: Если долговое обязательство выражено в швейцарских франках, то минимальное значение интервала предельных значений для ставки SARON (ЛИБОР) в швейцарских франках составляет 1%. | AO53: Если долговое обязательство выражено в швейцарских франках, то максимальное значение интервала предельных значений для ставки SARON (ЛИБОР) в швейцарских франках определяется как ставка SARON (ЛИБОР) в швейцарских франках, увеличенная на 5 процентных пунктов. | AP53: Если фактическая ставка по договору больше минимального значения интервала предельных значений для ставки SARON в швейцарских франках, то 1. Если фактическая ставка по договору меньше минимального значения интервала предельных значений для ставки SARON в швейцарских франках, то 2. | AQ53: Если фактическая ставка по договору меньше максимального значения интервала предельных значений для ставки SARON в швейцарских франках, то 1. Если фактическая ставка по договору больше максимального значения интервала предельных значений для ставки SARON в швейцарских франках, то 2. | AR53: Если долговое обязательство выражено в японских йенах и если ставка долгового обязательства - нефиксированная, то ставка TONAR в японских йенах указывается на дату признания доходов/расходов в виде процентов на начало рабочего дня. Если долговое обязательство выражено в японских йенах и если ставка долгового обязательства - фиксированная и неизменная, то ставка TONAR в японских йенах указывается на дату привлечения денежных средств на начало рабочего дня. | AS53: Если долговое обязательство выражено в японских йенах, то минимальное значение интервала предельных значений для ставки TONAR (ЛИБОР) в японских йенах составляет 1%. | AT53: Если долговое обязательство выражено в японских йенах, то максимальное значение интервала предельных значений для ставки TONAR (ЛИБОР) в японских йенах определяется как ставка TONAR (ЛИБОР) в японских йенах, увеличенная на 5 процентных пунктов | AU53: Если фактическая ставка по договору больше минимального значения интервала предельных значений для ставки TONAR в японских йенах, то 1. Если фактическая ставка по договору меньше минимального значения интервала предельных значений для ставки TONAR в японских йенах, то 2. | AV53: Если фактическая ставка по договору меньше максимального значения интервала предельных значений для ставки TONAR в японских йенах, то 1. Если фактическая ставка по договору больше максимального значения интервала предельных значений для ставки TONAR в японских йенах, то 2. | AW53: Если долговое обязательство выражено в долларах США и если ставка долгового обязательства - нефиксированная, то ставка SOFR в долларах США указывается на дату признания доходов/расходов в виде процентов на начало рабочего дня. Если долговое обязательство выражено в долларах США и если ставка долгового обязательства - фиксированная и неизменная, то ставка SOFR в долларах США указывается на дату привлечения денежных средств на начало рабочего дня. | AX53: Если долговое обязательство выражено в долларах США, то минимальное значение интервала предельных значений для ставки SOFR (ЛИБОР) в долларах США составляет 1%. | AY53: Если долговое обязательство выражено в долларах США, то максимальное значение интервала предельных значений для ставки SOFR (ЛИБОР) в долларах США определяемую на 7 процентных пунктов. | AZ53: Если фактическая ставка по договору больше минимального значения интервала предельных значений для ставки SOFR в долларах США, то 1. Если фактическая ставка по договору меньше минимального значения интервала предельных значений для ставки SOFR в долларах США, то 2. | BA53: Если фактическая ставка по договору меньше максимального значения интервала предельных значений для ставки SOFR в долларах США, то 1. Если фактическая ставка по договору больше максимального значения интервала предельных значений для ставки SOFR в долларах США, то 2.
A54: SREG10 | B54: KND | C54: Формула соответствия регистра и налоговой декларации

Sheet 10106
A1: содержание модели
A2: столбцы/строки с серой заливкой не трогать!
A3: Заголовочная часть регистра
A4: KODRR | B4: NUMCC | C4: KODCR | D4: NAIMCR | F4: TYPECR | G4: NAIMSPR | H4: KODSPR | I4: ALG01
A5: Раздел регистра (1 - заголовочная часть, 2 - табличная часть) | B5: Номер графы регистра | C5: Код графы регистра | D5: Наименование графы регистра | F5: Тип графы | G5: Наименование справочника | H5: Код справочника | I5: Формула условий переноса данных из других регистров
A6: 1 | B6: 01 | C6: 10106101 | D6: ИНН / Регистрационный номер в стране регистрации организации | F6: типовой элемент <ИННЮЛТип>
A7: 1 | B7: 02 | C7: 10106102 | D7: Наименование организации | F7: строка
A8: 1 | B8: 03 | C8: 10106103 | D8: Код налога | E8: 012504 | F8: справочник | G8: Ведомственный Справочник ФНС России – перечень налогов, сборов, страховых взносов (Справочник СПНС), порядок ведения которого утвержден Приказом ФНС России от 18.04.2023 № ЕД-7-23/254@ | H8: 0000008
A9: 1 | B9: 04 | C9: 10106104 | D9: Наименование налога, сбора, страховых взносов | E9: Налог на прибыль | F9: справочник | G9: Ведомственный Справочник ФНС России – перечень налогов, сборов, страховых взносов (Справочник СПНС), порядок ведения которого утвержден Приказом ФНС России от 18.04.2023 № ЕД-7-23/254@ | H9: 0000008
A10: 1 | B10: 05 | C10: 10106105 | D10: Код отчетного (налогового) периода | F10: справочник | G10: Коды, определяющие отчетный (налоговый) период, установленные в Приложении N 1 к Порядку заполнения налогового расчета сумм доходов, выплаченных иностранным организациям, и сумм удержанных налогов, утвержденному Приказом ФНС России от 26.09.2023 N ЕД-7-3/675@ | H10: 0000016
A11: 1 | B11: 06 | C11: 10106106 | D11: Отчетный год | F11: дата (ГГГГ)
A12: 1 | B12: 07 | C12: 10106107 | D12: Код регистра | E12: 10106 | F12: справочник
A13: 1 | B13: 08 | C13: 10106108 | D13: Наименование регистра | E13: Расшифровка процентных доходов иностранной организации, в том числе приравненных к дивидендам по контролируемой задолженности в разрезе договоров, к КНД 1151056 | F13: справочник
A14: 1 | B14: 09 | C14: 10106109 | D14: Номер корректировки | F14: число (0)
A15: 1 | B15: 10 | C15: 10106110 | D15: Регистрационный номер декларации | F15: число (0)
A18: Табличная часть регистра
A19: Элементы сервиса
A20: SREG05 | B20: VARNAME | C20: Сервис | D20: TaxReg10106Info | E20: TaxReg10106Info | F20: TaxReg10106Info | G20: TaxReg10106Info | H20: TaxReg10106Info | I20: TaxReg10106Info | J20: TaxReg10106Info | K20: TaxReg10106Info | L20: TaxReg10106Info | M20: TaxReg10106Info | N20: TaxReg10106Info | O20: TaxReg10106Info | P20: TaxReg10106Info | Q20: TaxReg10106Info | R20: TaxReg10106Info | S20: TaxReg10106Info | T20: TaxReg10106Info
A21: SREG05 | B21: VARNAME | C21: Элемент | D21: TaxReg10106InfoBody | E21: TaxReg10106InfoBody | F21: TaxReg10106InfoBody | G21: TaxReg10106InfoBody | H21: TaxReg10106InfoBody | I21: TaxReg10106InfoBody | J21: TaxReg10106InfoBody | K21: TaxReg10106InfoBody | L21: TaxReg10106InfoBody | M21: TaxReg10106InfoBody | N21: TaxReg10106InfoBody | O21: TaxReg10106InfoBody | P21: TaxReg10106InfoBody | Q21: TaxReg10106InfoBody | R21: TaxReg10106InfoBody | S21: TaxReg10106InfoBody | T21: TaxReg10106InfoBody
A22: SREG05 | B22: VARNAME | C22: Элемент | D22: RegisterRecord | E22: RegisterRecord | F22: RegisterRecord | G22: RegisterRecord | H22: RegisterRecord | I22: RegisterRecord | J22: RegisterRecord | K22: RegisterRecord | L22: RegisterRecord | M22: RegisterRecord | N22: RegisterRecord | O22: RegisterRecord | P22: RegisterRecord | Q22: RegisterRecord | R22: RegisterRecord | S22: RegisterRecord | T22: RegisterRecord
A23: SREG05 | B23: SERVDESCR | C23: Описание | D23: Информация о записях регистра. | E23: Информация о записях регистра. | F23: Информация о записях регистра. | G23: Информация о записях регистра. | H23: Информация о записях регистра. | I23: Информация о записях регистра. | J23: Информация о записях регистра. | K23: Информация о записях регистра. | L23: Информация о записях регистра. | M23: Информация о записях регистра. | N23: Информация о записях регистра. | O23: Информация о записях регистра. | P23: Информация о записях регистра. | Q23: Информация о записях регистра. | R23: Информация о записях регистра. | S23: Информация о записях регистра. | T23: Информация о записях регистра.
A24: - | B24: - | C24: Признак обязательности элемента | D24: ОМ | E24: ОМ | F24: ОМ | G24: ОМ | H24: ОМ | I24: ОМ | J24: ОМ | K24: ОМ | L24: ОМ | M24: ОМ | N24: ОМ | O24: ОМ | P24: ОМ | Q24: ОМ | R24: ОМ | S24: ОМ | T24: ОМ
A25: - | B25: - | C25: Размерность элемента
A26: SREG05 | B26: VARNAME | C26: Элемент | D26: RecordId | E26: RecordDate | F26: DeclarationDataInfo | G26: DeclarationDataInfo | H26: DeclarationDataInfo | I26: ContractInfo | J26: ContractInfo | K26: LegalBasis | L26: SOIDNInfo | M26: SOIDNInfo | N26: SOIDNInfo | O26: IncomeTypeCode | P26: FactRecipientIncomeType | Q26: DocInfo | R26: DocInfo | S26: DocInfo | T26: DocInfo
A27: SREG05 | B27: SERVDESCR | C27: Описание | D27: Идентификатор записи в системе налогоплательщика | E27: Дата записи в системе налогоплательщика. | F27: Сведения о данных КНД 1151056. | G27: Сведения о данных КНД 1151056. | H27: Сведения о данных КНД 1151056. | I27: Сведения о договоре. | J27: Сведения о договоре. | K27: Основание применения ставки налога, в том числе пониженной, или освобождения от исчисления и удержания налога. Принимает значение: 1 - НК РФ | 2 - СОИДН | 3 - СОИДН с учетом положений пп. 11 п. 2 и п. 3.1 ст. 310 НК РФ. | L27: Сведения о СОИДН. Элемент обязателен при <LegalBasis> = 2 | 3. | M27: Сведения о СОИДН. Элемент обязателен при <LegalBasis> = 2 | 3. | N27: Сведения о СОИДН. Элемент обязателен при <LegalBasis> = 2 | 3. | O27: Код вида дохода и применимой ставки налога. Принимает значение в соответствии со справочником "Виды доходов и применимые к ним налоговые ставки". Элемент обязателен при <LegalBasis> ≠ 2 | 3. | P27: Вид фактического получателя дохода. Элемент может быть заполнен при <LegalBasis> = 2 | 3. Принимает значение: 1 – организация, чьи обыкновенные акции и (или) депозитарные расписки, удостоверяющие права на акции, допущены к обращению на российском организованном рынке ценных бумаг или на одной или нескольких иностранных фондовых биржах, расположенных на территориях иностранных государств, являющихся членами Организации экономического сотрудничества и развития, и доля обыкновенных акций и (или) депозитарных расписок, удостоверяющих права на акции, допущенных к обращению в совокупности по всем таким иностранным фондовым биржам, превышает 25 процентов уставного капитала организации | 2 – организация, в которой прямо участвует российское и (или) иностранное государство (если такое государство (территория) не включено в установленный статьей 25.13-1 НК РФ перечень государств (территорий), не обеспечивающих обмен информацией для целей налогообложения с Российской Федерацией) и доля такого участия, определенная с учетом положений статьи 105.2 НК РФ, составляет не менее 50 процентов | 3 – государственный суверенный фонд | 4 – международная организация, созданная в соответствии с международным договором РФ | Q27: Сведения о документах. | R27: Сведения о документах. | S27: Сведения о документах. | T27: Сведения о документах.
A28: - | B28: - | C28: Признак обязательности элемента | D28: О | E28: О | F28: О | G28: О | H28: О | I28: О | J28: О | K28: ОК | L28: НУ | M28: НУ | N28: НУ | O28: НКУ | P28: НК | Q28: ОМ | R28: ОМ | S28: ОМ | T28: ОМ
A29: - | B29: - | C29: Размерность элемента | D29: (1-36) | F29: #N/A | G29: #N/A | H29: #N/A | I29: #N/A | J29: #N/A | K29: (=1) | L29: #N/A | M29: #N/A | N29: #N/A | O29: (=4) | P29: (=1)
A30: SREG05 | B30: VARNAME | C30: Элемент | D30: 0 | E30: 0 | F30: IncomeCode | G30: IncomeSequenceNumber | H30: UniqueNumber | I30: ContractNumber | J30: ContractDate | K30: 0 | L30: SOIDNName | M30: SOIDNDetails | N30: SOIDNIndicator | O30: 0 | P30: 0 | Q30: DocumentCode | R30: DocNumber | S30: DocDate | T30: DocumentId
A31: SREG05 | B31: SERVDESCR | C31: Описание | D31: #N/A | E31: #N/A | F31: Строка 020 "Код дохода" Подразделов 3.2, 3.4. Раздела 3 КНД 1151056. Заполняется в соответствии со справочником "Коды доходов, установленные в Приложение N 6 к Порядку заполнения налогового расчета сумм доходов, выплаченных иностранным организациям, и сумм удержанных налогов, утвержденному приказом ФНС России от 26.09.2023 N ЕД-7-3/675@". Принимает значение: 02 - Дивиденды из числа приравненных процентов по контролируемой задолженности | 11 - Процентный доход от долговых обязательств российских организаций любого вида, включая облигации с правом на участие в прибылях и конвертируемые облигации | G31: Строка 010 "Порядковый номер дохода" Подраздела 3.2 Раздела 3 КНД 1151056 | H31: Строка 001 "Уникальный номер" Раздела 3 КНД 1151056 | I31: Номер договора | J31: Дата договора. | K31: #N/A | L31: Наименование СОИДН, устанавливающего пониженную ставку налога или освобождение от исчисления и удержания налога. Пример: "Соглашение между Правительством Российской Федерации и Правительством Китайской Народной Республики об избежании двойного налогообложения и о предотвращении уклонения от налогообложения в отношении налогов на доходы от 13.10.2014" | M31: Реквизиты СОИДН, устанавливающего пониженную ставку налога или освобождение от исчисления и удержания налога. В формате: ХХХ/YYY/ZZZ, где последовательно проставляются через знак "/" (слэш) номер, пункт и подпункт статьи применимого СОИДН: ХХХ - номер статьи YYY - пункт ZZZ - подпункт. Для каждой из названных позиций отведено по 3 знакоместа. Если соответствующий реквизит имеет меньше трех знаков, свободные знако-места слева от значения заполняются нулями. Могут применяться цифровые и буквенные символы и знаки препинания при их наличии в номере Пример: 011/001/000 | N31: Признак нормы СОИДН. Принимает значение: 1 - устанавливает пониженную ставку налога | 2 - освобождает от исчисления и удержания налога. | O31: #N/A | P31: #N/A | Q31: Код вида документа. Принимает значение кода вида документа по справочнику СПВДОК | R31: Номер документа | S31: Дата формирования документа. | T31: Идентификатор документа. Передается уникальный идентификатор, присвоенный документу в системе НП
A32: - | B32: - | C32: Признак обязательности элемента | D32: #N/A | E32: #N/A | F32: ОК | G32: O | H32: О | I32: О | J32: О | K32: #N/A | L32: О | M32: О | N32: ОК | O32: #N/A | P32: #N/A | Q32: ОК | R32: О | S32: О | T32: О
A33: - | B33: - | C33: Размерность элемента | D33: #N/A | E33: #N/A | F33: (=2) | G33: (1-12) | H33: (1-12) | I33: (1-128) | K33: #N/A | L33: (1-255) | M33: (=11) | N33: (=1) | O33: #N/A | P33: #N/A | Q33: (=10) | R33: (1-255) | T33: (1-100)
A34: SREG05 | B34: VARNAME | C34: Элемент | D34: 0 | E34: 0 | F34: 0 | G34: 0 | H34: 0 | I34: 0 | J34: 0 | K34: 0 | L34: 0 | M34: 0 | N34: 0 | O34: 0 | P34: 0 | Q34: 0 | R34: 0 | S34: 0 | T34: 0
A35: SREG05 | B35: SERVDESCR | C35: Описание | D35: #N/A | E35: #N/A | F35: #N/A | G35: #N/A | H35: #N/A | I35: #N/A | J35: #N/A | K35: #N/A | L35: #N/A | M35: #N/A | N35: #N/A | O35: #N/A | P35: #N/A | Q35: #N/A | R35: #N/A | S35: #N/A | T35: #N/A
A36: - | B36: - | C36: Признак обязательности элемента | D36: #N/A | E36: #N/A | F36: #N/A | G36: #N/A | H36: #N/A | I36: #N/A | J36: #N/A | K36: #N/A | L36: #N/A | M36: #N/A | N36: #N/A | O36: #N/A | P36: #N/A | Q36: #N/A | R36: #N/A | S36: #N/A | T36: #N/A
A37: - | B37: - | C37: Размерность элемента | D37: #N/A | E37: #N/A | F37: #N/A | G37: #N/A | H37: #N/A | I37: #N/A | J37: #N/A | K37: #N/A | L37: #N/A | M37: #N/A | N37: #N/A | O37: #N/A | P37: #N/A | Q37: #N/A | R37: #N/A | S37: #N/A | T37: #N/A
A38: SREG05 | B38: VariableType | C38: Тип элемента
A39: Элементы справочника регистров
A40: SREG05 | B40: KODRR | C40: Раздел регистра (1 - заголовочная часть, 2 - табличная часть) | D40: 2 | E40: 2 | F40: 2 | G40: 2 | H40: 2 | I40: 2 | J40: 2 | K40: 2 | L40: 2 | O40: 2 | P40: 2
A41: SREG05 | B41: NAIMCR | C41: Наименование графы регистра | D41: Идентификатор записи | E41: Дата записи | F41: Строка 020 "Код дохода" Подразделов 3.2, 3.4 Раздела 3 КНД 1151056 | G41: Строка 010 "Порядковый номер дохода" Подразделов 3.2, 3.3, 3.4 Раздела 3 КНД 1151056 | H41: Строка 001 "Уникальный номер" Раздела 3 КНД 1151056 | I41: Номер договора | J41: Дата договора | K41: Основание применения ставки налога, в том числе пониженной, или освобождения от исчисления и удержания налога (1 - НК РФ; 2 - СОИДН; 3 - СОИДН с учетом положений пп. 11 п. 2 и п. 3.1 ст. 310 НК РФ) | L41: Наименование СОИДН, устанавливающего пониженную ставку налога или освобождение от исчисления и удержания налога | M41: Реквизиты СОИДН, устанавливающего пониженную ставку налога или освобождение от исчисления и удержания налога | N41: Признак нормы СОИДН (1 - устанавливает пониженную ставку налога; 2 - освобождает от исчисления и удержания налога) | O41: Код вида дохода и применимой ставки налога | P41: Вид фактического получателя дохода (1 - организация, чьи обыкновенные акции и (или) депозитарные расписки, удостоверяющие права на акции, допущены к обращению на российском организованном рынке ценных бумаг или на одной или нескольких иностранных фондовых биржах, расположенных на территориях иностранных государств, являющихся членами Организации экономического сотрудничества и развития, и доля обыкновенных акций и (или) депозитарных расписок, удостоверяющих права на акции, допущенных к обращению в совокупности по всем таким иностранным фондовым биржам, превышает 25 процентов уставного капитала организации, 2 - организация, в которой прямо участвует российское и (или) иностранное государство (если такое государство (территория) не включено в установленный статьей 25.13-1 НК РФ перечень государств (территорий), не обеспечивающих обмен информацией для целей налогообложения с Российской Федерацией) и доля такого участия, определенная с учетом положений статьи 105.2 НК РФ, составляет не менее 50 процентов, 3 - государственный суверенный фонд, 4 - международная организация, созданная в соответствии с международным договором РФ) | Q41: Код вида документа | R41: Номер документа | S41: Дата документа | T41: Идентификатор документа
A42: SREG05 | B42: NUMCC | C42: Номер графы регистра | D42: 01 | E42: 02 | F42: 03 | G42: 04 | H42: 05 | I42: 06 | J42: 07 | K42: 08 | L42: 09 | M42: 10 | N42: 11 | O42: 12 | P42: 13 | Q42: 14 | R42: 15 | S42: 16 | T42: 17
A43: SREG05 | B43: KODCR | C43: Код графы регистра | D43: 10106201 | E43: 10106202 | F43: 10106203 | G43: 10106204 | H43: 10106205 | I43: 10106206 | J43: 10106207 | K43: 10106208 | L43: 10106209 | M43: 10106210 | N43: 10106211 | O43: 10106212 | P43: 10106213 | Q43: 10106214 | R43: 10106215 | S43: 10106216 | T43: 10106217
A44: SREG05 | B44: TYPECR | C44: Тип графы | D44: строка | E44: дата (ДД.ММ.ГГГГ) | F44: справочник | G44: число (0) | H44: число (0) | I44: строка | J44: дата (ДД.ММ.ГГГГ) | K44: число (0) | L44: строка | M44: строка | N44: число (0) | O44: справочник | P44: число (0) | Q44: справочник | R44: строка | S44: дата (ДД.ММ.ГГГГ) | T44: строка
A45: SREG06 | B45: NAIMSPR | C45: Наименование справочника | F45: Коды доходов, установленные в Приложении N 6 к Порядку заполнения налогового расчета сумм доходов, выплаченных иностранным организациям, и сумм удержанных налогов, утвержденному приказом ФНС России от 26.09.2023 N ЕД-7-3/675@ | O45: Виды доходов и применимые к ним налоговые ставки | Q45: Ведомственный Справочник ФНС России – видов документов, возможных к истребованию у налогоплательщиков на основании статей 93.1, 105.29 Налогового кодекса Российской Федерации (СПВДОК), порядок ведения которого утвержден Приказом ФНС России от 24.03.2023 N ЕД-7-23/182@
A46: SREG06 | B46: KODSPR | C46: Код справочника | F46: 0000002 | O46: 0000020 | Q46: 0000007
A47: Графы регистров и статьи НК РФ
A48: SREG09 | B48: PNK, STNK | C48: текстовый формат (для пояснений) | F48: абз. 3 пп. 3 п. 1 ст. 309 НК РФ п. 6 ст. 269 НК РФ пп. 1 п. 1 ст. 309 НК РФ | I48: п. 1 ст. 328 НК РФ | J48: п. 1 ст. 328 НК РФ | K48: п. 3 ст. 310 НК РФ пп. 11 п.2 ст. 310 НК РФ п. 3.1 ст. 310 НК РФ абз. 4 п. 1 ст. 310 НК РФ | L48: п. 3 ст. 310 НК РФ п. 3.1 ст. 310 НК РФ | M48: п. 3 ст. 310 НК РФ п. 3.1 ст. 310 НК РФ | N48: пп. 4 п. 2 ст. 310 НК РФ п. 3 ст. 310 НК РФ п. 3.1 ст. 310 НК РФ | O48: пп. 1 п. 2 ст. 284 НК РФ пп. 4 п. 4 ст. 284 НК РФ | P48: п. 1.5 ст. 312 НК РФ п. 3 ст. 310 НК РФ абз. 3 п. 1 ст. 312 НК РФ | Q48: п. 1 ст. 328 НК РФ | R48: п. 1 ст. 328 НК РФ | S48: п. 1 ст. 328 НК РФ
A49: Алгоритмы граф регистров
A50: SREG10 | B50: ALG01 | C50: Формула условий переноса данных из других регистров
A51: SREG10 | B51: ALG02 | C51: Формула условий заполнения графы | L51: ="Заполняется если гр"&$K$43&" = 2, 3" -> Заполняется если гр10106208 = 2, 3 | M51: ="Заполняется если гр"&$K$43&" = 2, 3" -> Заполняется если гр10106208 = 2, 3 | N51: ="Заполняется если гр"&$K$43&" = 2, 3" -> Заполняется если гр10106208 = 2, 3 | O51: ="Заполняется если гр"&K$43&" ≠ 2, 3" -> Заполняется если гр10106208 ≠ 2, 3 | P51: ="Заполняется если гр"&$K$43&" = 2, 3. Не обязательно для заполнения" -> Заполняется если гр10106208 = 2, 3. Не обязательно для заполнения
A52: SREG10 | B52: ALG03 | C52: Формула контрольного соотношения | F52: ="гр"&F43&" = 02, 11" -> гр10106203 = 02, 11 | O52: ="гр"&O43&" = 0009, 0010, 0036, 0047, 0049" -> гр10106212 = 0009, 0010, 0036, 0047, 0049
A53: SREG10 | B53: ALG03T | C53: Описание контрольного соотношения | F53: Строка 020 "Код дохода" Подразделов 3.2, 3.4 Раздела 3 КНД 1151056 равна 02 или 11. | O53: Код вида дохода и применимой ставки налога равен 0009, 0010, 0036, 0047 или 0049.
A54: SREG10 | B54: KND | C54: Формула соответствия регистра и налоговой декларации

Sheet 10111
A1: содержание модели
A2: столбцы/строки с серой заливкой не трогать!
A3: Заголовочная часть регистра
A4: KODRR | B4: NUMCC | C4: KODCR | D4: NAIMCR | F4: TYPECR | G4: NAIMSPR | I4: ALG01
A5: Раздел регистра (1 - заголовочная часть, 2 - табличная часть) | B5: Номер графы регистра | C5: Код графы регистра | D5: Наименование графы регистра | E5: Пример | F5: Тип графы | G5: Наименование справочника | I5: Формула условий переноса данных из других регистров
A6: 1 | B6: 01 | C6: 10111101 | D6: ИНН / Регистрационный номер в стране регистрации организации | F6: типовой элемент <ИННЮЛТип> | I6: =""&C6&"= "&'10106'!C6&"" -> 10111101= 10106101
A7: 1 | B7: 02 | C7: 10111102 | D7: Наименование организации | F7: строка | I7: =""&C7&"= "&'10106'!C7&"" -> 10111102= 10106102
A8: 1 | B8: 03 | C8: 10111103 | D8: Код налога | E8: 012504 | F8: справочник | G8: Ведомственный Справочник ФНС России – перечень налогов, сборов, страховых взносов (Справочник СПНС), порядок ведения которого утвержден Приказом ФНС России от 18.04.2023 № ЕД-7-23/254@ | H8: 0000008
